Workbook
Name Amortization_LOAD_1: Амортизация!$AE$25:$BV$225
Name Amortization_LOAD_2: Амортизация!$BW$24:$BW$225
Name Amortization_pIns_comm: Амортизация!$AB$230
Name AUTHORIZED_PERSON_EMAIL: 'Общие сведения'!$AE$207
Name AUTHORIZED_PERSON_FIO: 'Общие сведения'!$AE$204
Name AUTHORIZED_PERSON_PHONE: 'Общие сведения'!$AE$206
Name AUTHORIZED_PERSON_POSITION: 'Общие сведения'!$AE$205
Name BalancePr_check_range1: 'Баланс Пр'!$AE$26:$BV$164
Name BalancePr_LOAD_VOTR: 'Баланс Пр'!$AE$164:$BV$164
Name BalancePr_LOAD_VOTR_COM: 'Баланс Пр'!$BW$164:$BW$164
Name BalancePr_LOAD_VS: 'Баланс Пр'!$AE$26:$BV$82
Name BalancePr_LOAD_VS_COM: 'Баланс Пр'!$BW$25:$BW$82
Name BalancePr_pIns_comm: 'Баланс Пр'!$AB$169
Name BaseLevelMSA_LOAD_1: 'Базовый уровень (МСА)'!$AE$25:$AF$75
Name BaseLevelMSA_LOAD_2: 'Базовый уровень (МСА)'!$AG$24:$AI$75
Name BaseLevelMSA_pIns_comm: 'Базовый уровень (МСА)'!$AC$80
Name Calculation46_LOAD_2: 'Калькуляция (4.6)'!$AM$24:$AO$161
Name Calculation46_pIns_comm: 'Калькуляция (4.6)'!$AB$166
Name Calculation59_LOAD_2: 'Калькуляция (5.9)'!$CR$24:$CT$139
Name Calculation59_pIns_comm: 'Калькуляция (5.9)'!$AB$144
Name CalculationMSA_LOAD_2: 'Калькуляция (МСА)'!$BS$24:$BU$81
Name CalculationMSA_pIns_comm: 'Калькуляция (МСА)'!$AB$86
Name code: Инструкция!$B$2
Name COLDVSNA_TRANSP_VTOV: TEHSHEET!$V$2:$V$4
Name COLDVSNA_VTARIFF: TEHSHEET!$W$2:$W$3
Name COLDVSNA_VTOV: TEHSHEET!$V$2:$V$3
Name CorrectionOnlyForRegPeriod: 'Общие сведения'!$AE$216
Name DOCUMENT_TYPES: TEHSHEET!$K$46:$K$52
Name DPR_ee_divide: ДПР!$AK$24
Name dpr_list: DICTIONARIES!$C$2
Name DPR_LOAD_1: ДПР!$AC$29:$AK$131
Name DPR_pIns_comm: ДПР!$AB$135
Name END_ROW_wsCalculation46: 'Калькуляция (4.6)'!$AE$161
Name END_ROW_wsCalculation59: 'Калькуляция (5.9)'!$AE$139
Name END_ROW_wsCalculationMSA: 'Калькуляция (МСА)'!$AE$81
Name END_ROW_wsGeneralInfo: 'Общие сведения'!$AB$217
Name END_ROW_wsTM: ТМ!$AD$120
Name EnergyResources_LOAD_1: ЭнергоРесурсы!$AF$25:$BW$112
Name EnergyResources_LOAD_2: ЭнергоРесурсы!$BX$24:$BX$112
Name EnergyResources_pIns_comm: ЭнергоРесурсы!$AC$117
Name fas_region_id: TEHSHEET!$D$6
Name FIRST_TIME_REG: 'Общие сведения'!$AE$165
Name first_year: 'Общие сведения'!$AE$25
Name flag_end_Amortization: Амортизация!$BX$231
Name flag_end_BalancePr: 'Баланс Пр'!$BX$170
Name flag_end_BalanceTr: 'Баланс Тр'!$BX$48
Name flag_end_BaseLevelMSA: 'Базовый уровень (МСА)'!$AJ$81
Name flag_end_Calculation46: 'Калькуляция (4.6)'!$AP$167
Name flag_end_Calculation59: 'Калькуляция (5.9)'!$CU$145
Name flag_end_CalculationMSA: 'Калькуляция (МСА)'!$BV$87
Name flag_end_Comments: Комментарии!$AC$36
Name flag_end_CorrFact: 'Корр Факт'!$AV$122
Name flag_end_DPR: ДПР!$AL$136
Name flag_end_EnergyResources: ЭнергоРесурсы!$BY$118
Name flag_end_Fuel: 'Топливо 4.4'!$FC$275
Name flag_end_GeneralInfo: 'Общие сведения'!$AF$217
Name flag_end_HVSTN: 'ХВС, ТН'!$BY$59
Name flag_end_IPSources: 'ИП источники'!$BX$96
Name flag_end_ObjectList: 'Список объектов'!$AI$35
Name flag_end_Operating51: 'Операционные (5.1)'!$AP$81

Sheet Инструкция
AA1: (требуется обновление)
B2: Код отчёта: EXPERT.TE.EIAS
B3: Версия отчёта: 2.0.1
B6: Условные обозначения
E8: A | F8: - предназначенные для заполнения | O8: A | P8: - ссылки и автозаполняемые поля
E9: A | F9: - с формулами и константами | O9: A | P9: - обязательные для заполнения
E10: A | F10: - выбор по даблклику (необязательные) | O10: A | P10: - выбор по даблклику (обязательные)
B12: Работа с реестрами
E13: Если в предложенном Вам списке необходимая организация, территория или объект отсутствуют, обратитесь к ответственному за поддержание реестра Вашего региона либо в службу поддержки пользователей ФГИС «ТАРИФ». В случае возникновения ошибок или вопросов, пожалуйста, также оставьте обращение на портале поддержки ФГИС «ТАРИФ» по адресу:
E14: https://support.tarif.gov.ru/
B15: Проверка отчёта
E16: • При сохранении отчётной формы осуществляется проверка корректности данных_x000D_ • Для каждого сообщения возможны 2 статуса: ошибка и предупреждение_x000D_ • При наличии сообщений со статусом «Ошибка» файл будет отклонён системой и не будет загружен в хранилище данных, сообщения со статусом «Предупреждение» носят информационный характер, и такой файл будет принят к обработке системой

Sheet Список листов
B2: vis
E5: size | AA5: 3 | AB5: 11 | AC5: 32 | AD5: 116 | AE5: 3
E21: 13
E22: 25 | AB22: Список листов
E23: 16 | AB23: * для перехода на лист дважды кликните по названию
B24: TRUE | E24: 35 | H24: 2 | AB24: скрыть | AC24: Общие сведения | AD24: Сведения о регулируемой организации_x000D_ Информация о рассмотрении дела об установлении тарифов
B25: TRUE | E25: 38 | H25: =IF(B24,H24+1,H24) -> 3 | AB25: скрыть | AC25: Список территорий | AD25: Перечень муниципальных образований, на территории которых организация оказывает услуги теплоснабжения
B26: TRUE | E26: 28 | H26: =IF(B25,H25+1,H25) -> 4 | AB26: скрыть | AC26: Список объектов | AD26: Перечень объектов организации, с помощью которых организация оказывает услуги теплоснабжения
B27: =AND(NOT(method_reg="Метод экономически обоснованных расходов"),NOT(method_reg="Метод сравнения аналогов")) -> 1 | E27: 28 | H27: =IF(B26,H26+1,H26) -> 5 | AB27: скрыть | AC27: Расчет УЕ | AD27: Расчет условных единиц
B28: =NOT(method_reg="Метод сравнения аналогов") -> 1 | E28: 28 | H28: =IF(B27,H27+1,H27) -> 6 | AB28: скрыть | AC28: Сценарии | AD28: Ключевые сценарные показатели
B29: =(method_reg="Метод сравнения аналогов") -> 0 | H29: =IF(B28,H28+1,H28) -> 7 | AB29: отобразить | AC29: Сценарии (МСА) | AD29: Ключевые сценарные показатели
B30: {='Баланс Пр'!$A$1} -> true | E30: 28 | H30: {=IF(B29,H29+1,H29)} -> 7 | AB30: скрыть | AC30: Баланс Пр | AD30: Расчет полезного отпуска тепловой энергии
B31: {='Баланс Тр'!$A$1} -> false | E31: 28 | H31: =IF(B30,H30+1,H30) -> 8 | AB31: отобразить | AC31: Баланс Тр | AD31: Баланс теплоснабжения (транспортировка)
B32: =NOT(method_reg="Метод сравнения аналогов") -> 1 | E32: 28 | H32: {=IF(B31,H31+1,H31)} -> 8 | AB32: скрыть | AC32: Топливо 4.4 | AD32: Расчет расхода топлива
B33: =NOT(method_reg="Метод сравнения аналогов") -> 1 | E33: 28 | H33: =IF(B32,H32+1,H32) -> 9 | AB33: скрыть | AC33: ЭнергоРесурсы | AD33: Расходы на прочие покупаемые энергетические ресурсы
B34: =NOT(method_reg="Метод сравнения аналогов") -> 1 | E34: 28 | H34: =IF(B33,H33+1,H33) -> 10 | AB34: скрыть | AC34: ХВС, ТН | AD34: Расходы на приобретение холодной воды и теплоносителя
B35: =NOT(method_reg="Метод сравнения аналогов") -> 1 | E35: 28 | H35: =IF(B34,H34+1,H34) -> 11 | AB35: скрыть | AC35: Амортизация | AD35: Амортизация основных средств и нематериальных активов, относимых к объектам централизованной системы теплоснабжения
B36: =NOT(method_reg="Метод сравнения аналогов") -> 1 | E36: 28 | H36: =IF(B35,H35+1,H35) -> 12 | AB36: скрыть | AC36: Аренда | AD36: Арендная и концессионная плата. Лизинговые платежи
B37: =NOT(method_reg="Метод сравнения аналогов") -> 1 | E37: 28 | H37: =IF(B36,H36+1,H36) -> 13 | AB37: скрыть | AC37: Покупка услуг | AD37: Расходы на оплату услуг, оказываемых организациями, осуществляющими регулируемые виды деятельности
B38: =NOT(method_reg="Метод сравнения аналогов") -> 1 | E38: 28 | H38: =IF(B37,H37+1,H37) -> 14 | AB38: скрыть | AC38: ФОТ | AD38: Расходы на оплату труда
B39: =NOT(method_reg="Метод сравнения аналогов") -> 1 | E39: 28 | H39: =IF(B38,H38+1,H38) -> 15 | AB39: скрыть | AC39: Налоги | AD39: Расшифровка по налогам и платежам
B40: =NOT(method_reg="Метод сравнения аналогов") -> 1 | E40: 29 | H40: =IF(B39,H39+1,H39) -> 16 | AB40: скрыть | AC40: Экономия_корр | AD40: Расчет экономии средств, достигнутой в результате снижения расходов предыдущего долгосрочного периода регулирования
B41: =OR(method_reg="Метод индексации",method_reg="Метод обеспечения доходности инвестированного капитала") -> 1 | E41: 28 | H41: =IF(B40,H40+1,H40) -> 17 | AB41: скрыть | AC41: Операционные (5.1) | AD41: Определение операционных (подконтрольных) расходов на первый год долгосрочного периода регулирования (базовый уровень операционных расходов)
B42: =OR(method_reg="Метод индексации",method_reg="Метод обеспечения доходности инвестированного капитала") -> 1 | E42: 28 | H42: =IF(B41,H41+1,H41) -> 18 | AB42: скрыть | AC42: Операционные (5.2) | AD42: Расчет операционных (подконтрольных) расходов на каждый год долгосрочного периода регулирования
B43: =OR(method_reg="Метод индексации",method_reg="Метод обеспечения доходности инвестированного капитала") -> 1 | E43: 28 | H43: =IF(B42,H42+1,H42) -> 19 | AB43: скрыть | AC43: Неподконтрольные (5.3) | AD43: Реестр неподконтрольных расходов
B44: =OR(method_reg="Метод индексации",method_reg="Метод обеспечения доходности инвестированного капитала") -> 1 | E44: 28 | H44: =IF(B43,H43+1,H43) -> 20 | AB44: скрыть | AC44: Ресурсы (5.4) | AD44: Реестр расходов на приобретение энергетических ресурсов, холодной воды и теплоносителя
B45: =OR(method_reg="Метод индексации",method_reg="Метод обеспечения доходности инвестированного капитала") -> 1 | E45: 28 | H45: =IF(B44,H44+1,H44) -> 21 | AB45: скрыть | AC45: Корр Факт | AD45: Размер корректировки необходимой валовой выручки, осуществляемой с целью учета отклонения фактических значений параметров расчета тарифов от значений, учтенных при установлении тарифов
B46: =method_reg="Метод экономически обоснованных расходов" -> 0 | E46: 28 | H46: =IF(B45,H45+1,H45) -> 22 | AB46: отобразить | AC46: Калькуляция (4.6) | AD46: Расчет необходимой валовой выручки методом экономически обоснованных расходов
B47: =OR(method_reg="Метод индексации",method_reg="Метод обеспечения доходности инвестированного капитала") -> 1 | E47: 28 | H47: {=IF(B46,H46+1,H46)} -> 22 | AB47: скрыть | AC47: Калькуляция (5.9) | AD47: Расчет необходимой валовой выручки методом индексации установленных тарифов
B48: =(method_reg="Метод сравнения аналогов") -> 0 | E48: 28 | H48: =IF(B47,H47+1,H47) -> 23 | AB48: отобразить | AC48: Удельные расходы (МСА) | AD48: Расчет средних значений удельных расходов организаций, осуществляющих аналогичный регулируемый вид деятельности в сопоставимых условиях функционирования
B49: =(method_reg="Метод сравнения аналогов") -> 0 | E49: 28 | H49: {=IF(B48,H48+1,H48)} -> 23 | AB49: отобразить | AC49: Базовый уровень (МСА) | AD49: Расчет значений удельных расходов и базового уровня расходов организации
B50: =(method_reg="Метод сравнения аналогов") -> 0 | E50: 28 | H50: {=IF(B48,H48+1,H48)} -> 23 | AB50: отобразить | AC50: Калькуляция (МСА) | AD50: Расчет необходимой валовой выручки методом сравнения аналогов
B51: =NOT(method_reg="Метод сравнения аналогов") -> 1 | E51: 28 | H51: =IF(B47,H47+1,H47) -> 23 | AB51: скрыть | AC51: ИП источники | AD51: План и факт по источникам финансирования инвестиционной программы
B52: =NOT(method_reg="Метод сравнения аналогов") -> 1 | E52: 28 | H52: =IF(B51,H51+1,H51) -> 24 | AB52: скрыть | AC52: ТМ | AD52: Тарифное меню
B53: =OR(method_reg="Метод индексации",method_reg="Метод обеспечения доходности инвестированного капитала") -> 1 | E53: 28 | H53: =IF(B52,H52+1,H52) -> 25 | AB53: скрыть | AC53: ДПР | AD53: Долгосрочные параметры регулирования тарифов
E54: 0

Sheet Информация JSON
A1: Расположение | B1: Тип | C1: Комментарий

Sheet Общие сведения
N1: tariffId | V1: vis_1 | W1: blok_1 | X1: blok_2 | Y1: ren_1 | Z1: ren_2 | AA1: del_2 | AD1: dyn_1 | AE1: dyn_2 | AF1: del_1 | BF1: ИД.ТАРИФ_NAME | BG1: uni_region_NAME | BH1: uni_method_NAME | BI1: uni_reg_period_base_NAME | BJ1: uni_org_info_NAME | BK1: uni_tax_system_NAME | BL1: uni_doc_info_NAME | BM1: uni_invest_concess_NAME | BN1: uni_tariff_decision_NAME | BO1: uni_doc_npa_type_NAME | BP1: uni_sphere_NAME | BQ1: uni_heat_energy_NAME | BR1: uni_info_species_NAME | BS1: uni_additional_differentiation_NAME | BT1: uni_tariff_bid_NAME | BU1: uni_year_NAME | BV1: uni_inform_section_NAME | BW1: user_dyn_block_NAME | BX1: G_UNIT | BY1: G_POK | BZ1: G_COMMENT
B2: vis
E5: size | AA5: 3 | AB5: 12 | AC5: 18 | AD5: 57 | AE5: 48 | AF5: 3
E21: 11
E22: 20 | AB22: Наименование субъекта Российской Федерации | AE22: Кемеровская область | AG22: =_xlfn.IFERROR(INDEX(TEHSHEET!B1:B90,MATCH(region_name,REGION,0)),"") -> RU42
E23: 19 | AD23: Метод регулирования | AE23: Метод индексации | AG23: =IF(AE23="Метод индексации","методом индексации установленных тарифов",IF(AE23="Метод экономически обоснованных расходов","методом экономически обоснованных расходов (затрат)",IF(AE23="Метод сравнения аналогов","методом сравнения аналогов",IF(AE23="Метод обеспечения доходности инвестированного капитала","методом обеспечения доходности инвестированного капитала","выберите метод регулирования")))) -> методом индексации установленных тарифов
E24: 20 | AB24: Период регулирования | AE24: 2027 | AG24: =_xlfn.IFERROR(region_name&" / "&god&" / "&org&" (ИНН:"&inn&", КПП:"&kpp&IF(method_reg="Метод экономически обоснованных расходов",")",") / ДПР: "&first_year&"-"&last_year),"") -> Кемеровская область / 2027 / ООО "КК-ИНВЕСТ" (ИНН:1901133713, КПП:190101001) / ДПР: 2025-2027
B25: =method_reg<>"Метод экономически обоснованных расходов" -> 1 | E25: 20 | AB25: Первый год долгосрочного периода регулирования | AE25: 2025 | AG25: {=IF(CorrectionOnlyForRegPeriod="да",god,last_year)} -> 2027
B26: =method_reg<>"Метод экономически обоснованных расходов" -> 1 | E26: 20 | AB26: Период долгосрочной индексации (количество лет) | AE26: 3 | AG26: =first_year+PERIOD_LENGTH-1 -> 2027
E27: 0 | AB27: Количество лет корректировки | AE27: =IF(OR(PERIOD_LENGTH-god+first_year<=0,PERIOD_LENGTH-god+first_year>10),"",PERIOD_LENGTH-god+first_year) -> 1
E28: 8
E29: 8
E30: 20 | AB30: Экспертное заключение
E31: 20 | AB31: РЕГИОНАЛЬНАЯ ЭНЕРГЕТИЧЕСКАЯ КОМИССИЯ КУЗБАССА
E32: 20 | AB32: по результатам экспертизы предложения
E33: 20 | AB33: ООО "КК-ИНВЕСТ" | AG33: 31656254
E34: 32 | AB34: ="об установлении тарифов на тепловую энергию (мощность) "&AG23&IF(AND(AE23="Метод индексации",god>first_year)," (при корректировке тарифов, начиная со второго года долгосрочного периода регулирования)","") -> об установлении тарифов на тепловую энергию (мощность) методом индексации установленных тарифов (при корректировке тарифов, начиная со второго года долгосрочного периода регулирования)
E35: 20 | AB35: ="на "&god&" год"&IF(AE23="Метод экономически обоснованных расходов",""," долгосрочного периода регулирования тарифов "&first_year&"-"&last_year&" гг.") -> на 2027 год долгосрочного периода регулирования тарифов 2025-2027 гг.
E36: 11
E37: 20 | AB37: 1. Сведения о регулируемой организации
E38: 25 | AB38: Полное наименование юридического лица (индивидуального предпринимателя) в соответствии с данными из ЕГРЮЛ/ЕГРИП | AE38: Общество с ограниченной ответственностью "КК-ИНВЕСТ"
E39: 25 | AB39: Сокращенное наименование юридического лица (индивидуального предпринимателя) в соответствии с данными из ЕГРЮЛ/ЕГРИП | AE39: ООО "КК-ИНВЕСТ"
E40: 20 | AB40: Наименование (описание) обособленного подразделения
E41: 20 | AB41: Основной государственный регистрационный номер (ОГРН) | AE41: 1174205005413
E42: 20 | AB42: Идентификационный номер налогоплательщика (ИНН) | AE42: 1901133713
E43: 20 | AB43: Код причины постановки на учет (КПП) | AE43: 190101001
E44: 20 | AB44: Код по общероссийскому классификатору предприятию и организаций (ОКПО) | AE44: 09809016
E45: 20 | AB45: Организационно-правовая форма | AE45: 1 23 00 | Общества с ограниченной ответственностью
E46: 20 | AB46: Юридический адрес | AE46: 655004, Республика Хакасия, г. Абакан, ул. Некрасова, д. 31, стр.1, 3Н помещение14
E47: 20 | AB47: Фактический адрес | AE47: 650066,г. Кемерово, пр. Ленина, д. 61
E48: 20 | AB48: Телефон организации | AE48: +78384272062
E49: 20 | AB49: Адрес электронной почты юридического лица (индивидуального предпринимателя) | AE49: kkioffice@kkinvest.ru
E50: 20 | AB50: Фамилия, имя, отчество руководителя | AE50: Бельков Вадим Витальевич
E51: 20 | AB51: Должность руководителя | AE51: Директор
E52: 20 | AB52: Официальный сайт в информационно-телекоммуникационной сети «Интернет» | AE52: kkinvest.ru
E53: 20 | AB53: Государственное и (или) муниципальное участие в юридическом лице | AD53: Наличие | AE53: нет
B54: =STATE_SHARE_EXISTENCE<>"нет" -> 0 | E54: 20 | AD54: Сведения о доле, % | AE54: 0%
B55: =STATE_SHARE_EXISTENCE<>"нет" -> 0 | E55: 20 | AD55: Преобладающий тип собственности в юридическом лице | AE55: частная
E56: 25 | AB56: Наличие раздельного учёта затрат по регулируемым видам деятельности в сфере теплоснабжения | AE56: нет
E57: 25 | AB57: Система налогообложения | AE57: ОСНО
E58: 20 | AB58: Является ли плательщиком налога на добавленную стоимость (далее - НДС) | AE58: да
E59: 25 | AB59: Является ли деятельность в сфере теплоснабжения профильным видом деятельности | AE59: да
E60: 20 | AB60: Наличие статуса единой теплоснабжающей организации (далее - ЕТО) | AE60: нет
B61: =STATUS_ETO="да" -> 0 | E61: 20 | AB61: Ссылка на загруженный в систему документ, подтверждающий статус ЕТО
E62: 0 | AA62: × | AB62: URL-ссылка на документ, подтверждающий статус ЕТО
E63: 0
E64: 20 | AB64: Наличие программы в области энергосбережения и повышения энергетической эффективности | AE64: нет
E65: 0
E66: 0
E67: 0
E68: 0
E69: 0
E70: 0
E71: 0
E72: 0
B73: =HAS_DOC3="да" -> 0 | E73: 20 | Z73: 0 | AB73: Реквизиты решения | AC73: Наименование | BJ73: 430.0.21. | BW73: {=$AE73} | BX73: СТР | BY73: M11754 | BZ73: Дополнительные сведения
B74: =HAS_DOC3="да" -> 0 | E74: 20 | AC74: Вид | BJ74: 430.0.21. | BW74: {=$BW73} | BX74: СТР | BY74: M11625 | BZ74: Дополнительные сведения
B75: =HAS_DOC3="да" -> 0 | E75: 20 | AC75: Номер (при наличии) | BJ75: 430.0.21. | BW75: {=$BW74} | BX75: СТР | BY75: M11626 | BZ75: Дополнительные сведения
B76: =HAS_DOC3="да" -> 0 | E76: 20 | AC76: Дата принятия | BJ76: 430.0.21. | BW76: {=$BW75} | BX76: СТР | BY76: M11627 | BZ76: Дополнительные сведения
B77: =HAS_DOC3="да" -> 0 | E77: 20 | AC77: URL-ссылка на документ | BJ77: 430.0.21. | BW77: {=$BW76} | BX77: СТР | BY77: M11066 | BZ77: Дополнительные сведения
B78: =HAS_DOC3="да" -> 0 | E78: 20 | V78: =ROW(X78)>ROW(X$78) -> 0 | X78: et_2 | Z78: 1 | AA78: × | AB78: Реквизиты решения | AC78: Наименование | BJ78: 430.0.21. | BW78: {=$AE78} | BX78: СТР | BY78: M11754 | BZ78: Дополнительные сведения
B79: =HAS_DOC3="да" -> 0 | E79: 20 | V79: {=V78} -> false | AC79: Вид | BJ79: 430.0.21. | BW79: {=$BW78} | BX79: СТР | BY79: M11625 | BZ79: Дополнительные сведения
B80: =HAS_DOC3="да" -> 0 | E80: 20 | V80: {=V79} -> false | AC80: Номер (при наличии) | BJ80: 430.0.21. | BW80: {=$BW79} | BX80: СТР | BY80: M11626 | BZ80: Дополнительные сведения
B81: =HAS_DOC3="да" -> 0 | E81: 20 | V81: {=V80} -> false | AC81: Дата принятия | BJ81: 430.0.21. | BW81: {=$BW80} | BX81: СТР | BY81: M11627 | BZ81: Дополнительные сведения
B82: =HAS_DOC3="да" -> 0 | E82: 20 | V82: {=V81} -> false | AC82: URL-ссылка на документ | BJ82: 430.0.21. | BW82: {=$BW81} | BX82: СТР | BY82: M11066 | BZ82: Дополнительные сведения
B83: =HAS_DOC3="да" -> 0 | E83: 15 | X83: { _x000D_ funcDyn: 'msgone',_x000D_ blok: '',_x000D_ wsCross: '',_x000D_ linkFormula: '',_x000D_ levelDyn: ''_x000D_ } | AE83: Добавить
E84: 20 | AB84: Наличие закона субъекта Российской Федерации по льготным тарифам | AE84: да
B85: =HAS_DOC4="да" -> 1 | E85: 20 | Z85: 0 | AB85: Реквизиты решения | AC85: Наименование | AE85: О ЛЬГОТНЫХ ЦЕНАХ (ТАРИФАХ) НА ТЕПЛОВУЮ ЭНЕРГИЮ (МОЩНОСТЬ),ТЕПЛОНОСИТЕЛЬ, ГОРЯЧЕЕ, ХОЛОДНОЕ ВОДОСНАБЖЕНИЕ, ВОДООТВЕДЕНИЕ, ТВЕРДОЕ ТОПЛИВО, СЖИЖЕННЫЙ ГАЗ НА ТЕРРИТОРИИ КЕМЕРОВСКОЙ ОБЛАСТИ - КУЗБАССА | BJ85: 430.0.25. | BW85: {=$AE85} -> О ЛЬГОТНЫХ ЦЕНАХ (ТАРИФАХ) НА ТЕПЛОВУЮ ЭНЕРГИЮ (МОЩНОСТЬ),ТЕПЛОНОСИТЕЛЬ, ГОРЯЧЕЕ, ХОЛОДНОЕ ВОДОСНАБЖЕНИЕ, ВОДООТВЕДЕНИЕ, ТВЕРДОЕ ТОПЛИВО, СЖИЖЕННЫЙ ГАЗ НА ТЕРРИТОРИИ КЕМЕРОВСКОЙ ОБЛАСТИ - КУЗБАССА | BX85: СТР | BY85: M11754 | BZ85: Наименование программы, дорожой карты, проекта и (или) плана
B86: =HAS_DOC4="да" -> 1 | E86: 20 | AC86: Вид | AE86: закон | BJ86: 430.0.25. | BW86: {=BW85} -> О ЛЬГОТНЫХ ЦЕНАХ (ТАРИФАХ) НА ТЕПЛОВУЮ ЭНЕРГИЮ (МОЩНОСТЬ),ТЕПЛОНОСИТЕЛЬ, ГОРЯЧЕЕ, ХОЛОДНОЕ ВОДОСНАБЖЕНИЕ, ВОДООТВЕДЕНИЕ, ТВЕРДОЕ ТОПЛИВО, СЖИЖЕННЫЙ ГАЗ НА ТЕРРИТОРИИ КЕМЕРОВСКОЙ ОБЛАСТИ - КУЗБАССА | BX86: СТР | BY86: M11625 | BZ86: Вид решения, которым утверждена программа, дорожая карта, проект и (или) план
B87: =HAS_DOC4="да" -> 1 | E87: 20 | AC87: Номер (при наличии) | AE87: 69-оз | BJ87: 430.0.25. | BW87: {=BW86} -> О ЛЬГОТНЫХ ЦЕНАХ (ТАРИФАХ) НА ТЕПЛОВУЮ ЭНЕРГИЮ (МОЩНОСТЬ),ТЕПЛОНОСИТЕЛЬ, ГОРЯЧЕЕ, ХОЛОДНОЕ ВОДОСНАБЖЕНИЕ, ВОДООТВЕДЕНИЕ, ТВЕРДОЕ ТОПЛИВО, СЖИЖЕННЫЙ ГАЗ НА ТЕРРИТОРИИ КЕМЕРОВСКОЙ ОБЛАСТИ - КУЗБАССА | BX87: СТР | BY87: M11626 | BZ87: Номер решения, которым утверждена программа, дорожая карта, проект и (или) план
B88: =HAS_DOC4="да" -> 1 | E88: 20 | AC88: Дата принятия | AE88: 44015.588 | BJ88: 430.0.25. | BW88: {=BW87} -> О ЛЬГОТНЫХ ЦЕНАХ (ТАРИФАХ) НА ТЕПЛОВУЮ ЭНЕРГИЮ (МОЩНОСТЬ),ТЕПЛОНОСИТЕЛЬ, ГОРЯЧЕЕ, ХОЛОДНОЕ ВОДОСНАБЖЕНИЕ, ВОДООТВЕДЕНИЕ, ТВЕРДОЕ ТОПЛИВО, СЖИЖЕННЫЙ ГАЗ НА ТЕРРИТОРИИ КЕМЕРОВСКОЙ ОБЛАСТИ - КУЗБАССА | BX88: СТР | BY88: M11627 | BZ88: Дата принятия решения, которым утверждена программа, дорожая карта, проект и (или) план
B89: =HAS_DOC4="да" -> 1 | E89: 20 | AC89: URL-ссылка на документ | AE89: https://portal.eias.ru/Portal/DownloadPage.aspx?type=12&guid=4c962a83-8b92-4503-9ba5-a0180547bc71 | BJ89: 430.0.25. | BW89: {=BW88} -> О ЛЬГОТНЫХ ЦЕНАХ (ТАРИФАХ) НА ТЕПЛОВУЮ ЭНЕРГИЮ (МОЩНОСТЬ),ТЕПЛОНОСИТЕЛЬ, ГОРЯЧЕЕ, ХОЛОДНОЕ ВОДОСНАБЖЕНИЕ, ВОДООТВЕДЕНИЕ, ТВЕРДОЕ ТОПЛИВО, СЖИЖЕННЫЙ ГАЗ НА ТЕРРИТОРИИ КЕМЕРОВСКОЙ ОБЛАСТИ - КУЗБАССА | BX89: СТР | BY89: M11066 | BZ89: URL-ссылка на документ
B90: =HAS_DOC4="да" -> 1 | E90: 20 | V90: =ROW(X90)>ROW(X$90) -> 0 | X90: et_2 | Z90: 1 | AA90: × | AB90: Реквизиты решения | AC90: Наименование | BJ90: 430.0.25. | BW90: {=$AE90} -> 0 | BX90: СТР | BY90: M11754 | BZ90: Наименование программы, дорожой карты, проекта и (или) плана
B91: =HAS_DOC4="да" -> 1 | E91: 20 | V91: {=V90} -> false | AC91: Вид | BJ91: 430.0.25. | BW91: {=BW90} -> 0 | BX91: СТР | BY91: M11625 | BZ91: Вид решения, которым утверждена программа, дорожая карта, проект и (или) план
B92: =HAS_DOC4="да" -> 1 | E92: 20 | V92: {=V91} -> false | AC92: Номер (при наличии) | BJ92: 430.0.25. | BW92: {=BW91} -> 0 | BX92: СТР | BY92: M11626 | BZ92: Номер решения, которым утверждена программа, дорожая карта, проект и (или) план
B93: =HAS_DOC4="да" -> 1 | E93: 20 | V93: {=V92} -> false | AC93: Дата принятия | BJ93: 430.0.25. | BW93: {=BW92} -> 0 | BX93: СТР | BY93: M11627 | BZ93: Дата принятия решения, которым утверждена программа, дорожая карта, проект и (или) план
B94: =HAS_DOC4="да" -> 1 | E94: 20 | V94: {=V93} -> false | AC94: URL-ссылка на документ | BJ94: 430.0.25. | BW94: {=BW93} -> 0 | BX94: СТР | BY94: M11066 | BZ94: URL-ссылка на документ
B95: =HAS_DOC4="да" -> 1 | E95: 15 | X95: { _x000D_ funcDyn: 'msgone',_x000D_ blok: '',_x000D_ wsCross: '',_x000D_ linkFormula: '',_x000D_ levelDyn: ''_x000D_ } | AE95: Добавить
E96: 25 | AB96: ="Наличие утверждённых ОИВ инвестиционных программ, действующих в течение "&god-2&" года, для организации, оказывающей услуги теплоснабжения" -> Наличие утверждённых ОИВ инвестиционных программ, действующих в течение 2025 года, для организации, оказывающей услуги теплоснабжения | AE96: нет | BM96: 290.0.11. | BU96: 389.0.14. | BX96: СТР | BY96: M11100 | BZ96: Статус (да / нет)
B97: =HAS_DOC5="да" -> 0 | E97: 20 | V97: FALSE | AB97: Реквизиты решения | AC97: Наименование | BM97: 290.0.11. | BU97: 389.0.14. | BW97: {=$AK97} -> 0 | BX97: СТР | BY97: M11754 | BZ97: Наименование программы, дорожой карты, проекта и (или) плана
B98: =HAS_DOC5="да" -> 0 | E98: 20 | V98: FALSE | AC98: Вид | BM98: 290.0.11. | BU98: 389.0.14. | BW98: {=BW97} -> 0 | BX98: СТР | BY98: M11625 | BZ98: Вид решения, которым утверждена программа, дорожая карта, проект и (или) план
B99: =HAS_DOC5="да" -> 0 | E99: 20 | V99: FALSE | AC99: Номер (при наличии) | BM99: 290.0.11. | BU99: 389.0.14. | BW99: {=BW98} -> 0 | BX99: СТР | BY99: M11626 | BZ99: Номер решения, которым утверждена программа, дорожая карта, проект и (или) план
B100: =HAS_DOC5="да" -> 0 | E100: 20 | V100: FALSE | AC100: Дата принятия | BM100: 290.0.11. | BU100: 389.0.14. | BW100: {=BW99} -> 0 | BX100: СТР | BY100: M11627 | BZ100: Дата принятия решения, которым утверждена программа, дорожая карта, проект и (или) план
B101: =HAS_DOC5="да" -> 0 | E101: 20 | V101: FALSE | AC101: Дата начала реализации / действия инвестиционной программы | BM101: 290.0.11. | BU101: 389.0.14. | BW101: {=BW100} -> 0 | BX101: СТР | BY101: M10990 | BZ101: Дата начала реализации / действия концессионного соглашения
B102: =HAS_DOC5="да" -> 0 | E102: 20 | V102: FALSE | AC102: Дата окончания реализации / действия инвестиционной программы | BM102: 290.0.11. | BU102: 389.0.14. | BW102: {=BW101} -> 0 | BX102: СТР | BY102: M10991 | BZ102: Дата окончания реализации / действия концессионного соглашения
B103: =HAS_DOC5="да" -> 0 | E103: 20 | V103: =ROW(X103)>ROW(X$103) -> 0 | X103: et_2 | Z103: 0 | AA103: × | AB103: Реквизиты решения | AC103: Наименование | BM103: 290.0.11. | BU103: 389.0.14. | BW103: {=$AE103} -> 0 | BX103: СТР | BY103: M11754 | BZ103: Наименование программы, дорожой карты, проекта и (или) плана
B104: =HAS_DOC5="да" -> 0 | E104: 20 | V104: {=V103} -> false | AC104: Вид | BM104: 290.0.11. | BU104: 389.0.14. | BW104: {=BW103} -> 0 | BX104: СТР | BY104: M11625 | BZ104: Вид решения, которым утверждена программа, дорожая карта, проект и (или) план
B105: =HAS_DOC5="да" -> 0 | E105: 20 | V105: {=V104} -> false | AC105: Номер (при наличии) | BM105: 290.0.11. | BU105: 389.0.14. | BW105: {=BW104} -> 0 | BX105: СТР | BY105: M11626 | BZ105: Номер решения, которым утверждена программа, дорожая карта, проект и (или) план
B106: =HAS_DOC5="да" -> 0 | E106: 20 | V106: {=V105} -> false | AC106: Дата принятия | BM106: 290.0.11. | BU106: 389.0.14. | BW106: {=BW105} -> 0 | BX106: СТР | BY106: M11627 | BZ106: Дата принятия решения, которым утверждена программа, дорожая карта, проект и (или) план
B107: =HAS_DOC5="да" -> 0 | E107: 20 | V107: {=V106} -> false | AC107: Дата начала реализации / действия инвестиционной программы | BM107: 290.0.11. | BU107: 389.0.14. | BW107: {=BW106} -> 0 | BX107: СТР | BY107: M10990 | BZ107: Дата начала реализации / действия концессионного соглашения
B108: =HAS_DOC5="да" -> 0 | E108: 20 | V108: {=V107} -> false | AC108: Дата окончания реализации / действия инвестиционной программы | BM108: 290.0.11. | BU108: 389.0.14. | BW108: {=BW107} -> 0 | BX108: СТР | BY108: M10991 | BZ108: Дата окончания реализации / действия концессионного соглашения
B109: =HAS_DOC5="да" -> 0 | E109: 15 | X109: {_x000D_ funcDyn: 'addIp',_x000D_ blok: '',_x000D_ wsCross: '',_x000D_ linkFormula: '',_x000D_ levelDyn: '',_x000D_ addedValue: 'GeneralInfo_pIns5'_x000D_ }_x000D_ | AE109: Добавить
E110: 25 | AB110: ="Наличие утверждённых ОИВ инвестиционных программ, действующих в течение "&god&" года, для организации, оказывающей услуги теплоснабжения" -> Наличие утверждённых ОИВ инвестиционных программ, действующих в течение 2027 года, для организации, оказывающей услуги теплоснабжения | AE110: нет | BM110: 290.0.11. | BU110: 389.0.16. | BX110: СТР | BY110: M11100 | BZ110: Статус (да / нет)
B111: =HAS_DOC6="да" -> 0 | E111: 20 | V111: FALSE | AB111: Реквизиты решения | AC111: Наименование | BM111: 290.0.11. | BU111: 389.0.16. | BW111: {=$AK111} -> 0 | BX111: СТР | BY111: M11754 | BZ111: Наименование программы, дорожой карты, проекта и (или) плана
B112: =HAS_DOC6="да" -> 0 | E112: 20 | V112: FALSE | AC112: Вид | BM112: 290.0.11. | BU112: 389.0.16. | BW112: {=BW111} -> 0 | BX112: СТР | BY112: M11625 | BZ112: Вид решения, которым утверждена программа, дорожая карта, проект и (или) план
B113: =HAS_DOC6="да" -> 0 | E113: 20 | V113: FALSE | AC113: Номер (при наличии) | BM113: 290.0.11. | BU113: 389.0.16. | BW113: {=BW112} -> 0 | BX113: СТР | BY113: M11626 | BZ113: Номер решения, которым утверждена программа, дорожая карта, проект и (или) план
B114: =HAS_DOC6="да" -> 0 | E114: 20 | V114: FALSE | AC114: Дата принятия | BM114: 290.0.11. | BU114: 389.0.16. | BW114: {=BW113} -> 0 | BX114: СТР | BY114: M11627 | BZ114: Дата принятия решения, которым утверждена программа, дорожая карта, проект и (или) план
B115: =HAS_DOC6="да" -> 0 | E115: 20 | V115: FALSE | AC115: Дата начала реализации / действия инвестиционной программы | BM115: 290.0.11. | BU115: 389.0.16. | BW115: {=BW114} -> 0 | BX115: СТР | BY115: M10990 | BZ115: Дата начала реализации / действия концессионного соглашения
B116: =HAS_DOC6="да" -> 0 | E116: 20 | V116: FALSE | AC116: Дата окончания реализации / действия инвестиционной программы | BM116: 290.0.11. | BU116: 389.0.16. | BW116: {=BW115} -> 0 | BX116: СТР | BY116: M10991 | BZ116: Дата окончания реализации / действия концессионного соглашения
B117: =HAS_DOC6="да" -> 0 | E117: 20 | V117: =ROW(X117)>ROW(X$117) -> 0 | X117: et_2 | Z117: 0 | AA117: × | AB117: Реквизиты решения | AC117: Наименование | BM117: 290.0.11. | BU117: 389.0.16. | BW117: {=$AE117} -> 0 | BX117: СТР | BY117: M11754 | BZ117: Наименование программы, дорожой карты, проекта и (или) плана
...

Sheet Список территорий
F1: tariffId | U1: vis_1 | V1: dyn_1 | W1: blok_1 | X1: blok_2 | Y1: ren_1 | Z1: del_1 | AA1: del_2 | AB1: ren_2 | AC1: dyn_2 | AJ1: pok_js | AK1: PJ_DYN | AL1: PJ_NAME | AM1: PJ_NAME_MO | AN1: PJ_NAME_OKTMO | AO1: dyn_add | AP1: dyn_fill | AQ1: uni_mo_NAME | AR1: uni_oktmo_NAME | AS1: uni_mr_NAME | AT1: ИД.ТАРИФ_NAME
B2: vis
E5: size | AA5: 3 | AB5: 6 | AC5: 28 | AD5: 28 | AE5: 15 | AF5: 22 | AG5: 32 | AH5: 3
AC6: MR_NAME | AD6: MO_NAME | AE6: OKTMO
A9: PJ_TERR | AF9: {=AF24} -> Тип муниципального образования | AG9: {=AG24} -> Дополнительные сведения
A10: dyn_names | AC10: PJ_NAME | AD10: PJ_NAME_MO | AE10: PJ_NAME_OKTMO
A14: V_UNIT | AF14: СТР | AG14: СТР
A15: V_POK | AF15: M10749 | AG15: M10462
E21: 15 | AC21: {=tpl_title} -> Кемеровская область / 2027 / ООО "КК-ИНВЕСТ" (ИНН:1901133713, КПП:190101001) / ДПР: 2025-2027
E22: 30 | AB22: Перечень муниципальных образований, на территории которых организация оказывает регулируемые виды деятельности, в отношении которых устанавливаются тарифы
E23: 11
E24: 28 | AB24: № п/п | AC24: Муниципальный район | AD24: Муниципальное образование | AE24: ОКТМО | AF24: Тип муниципального образования | AG24: Дополнительные сведения
E25: 0
E26: 11 | F26: {=Y26} -> 0 | U26: =Y26>0 -> 0 | W26: et_1 | Y26: 0 | AB26: {=INDEX('Общие сведения'!$AG$169:$AG$202,MATCH(Y26,'Общие сведения'!$Y$169:$Y$202,0))} -> Тариф 0 (Теплоснабжение) -
E27: 24 | F27: {=OFFSET(G27,-1,-1)} -> 0 | U27: =AND(OFFSET(V27,1,-1),AB27>1) -> 0 | X27: et_2 | AA27: × | AB27: 0 | AJ27: P_TERR_PROPS | AK27: DYN_MRMO | AL27: {=AC27} -> 0 | AM27: {=AD27} -> 0 | AN27: {=AE27} -> 0 | AP27: TRUE | AQ27: ="73.0.0."&"|"&$AC27 -> 73.0.0.| | AR27: ="78.0.0."&"|"&$AD27 -> 78.0.0.| | AS27: ="75.0.0."&"|"&$AE27 -> 75.0.0.| | AT27: {=INDEX('Общие сведения'!$N$170:$N$202,MATCH($F27,'Общие сведения'!$Y$170:$Y$202,0)+1)} -> 0
E28: 11 | F28: {=OFFSET(G28,-1,-1)} -> 0 | U28: {=U26} -> false | X28: { _x000D_ funcDyn: 'mrmo',_x000D_ blok: '',_x000D_ wsCross: '',_x000D_ linkFormula: '',_x000D_ levelDyn: ''_x000D_ } | AC28: Добавить территорию | AO28: DYN_MRMO
E29: 11 | F29: {=Y29} -> 1 | U29: =Y29>0 -> 1 | W29: {='Общие сведения'!$AG$186} -> Тариф 1 (Теплоснабжение) - Тариф на тепловую энергию (мощность), поставляемую потребителям (Доп. признак не требуется) | Y29: 1 | AB29: {=IF(ISBLANK('Общие сведения'!$AG$186),"",'Общие сведения'!$AG$186)} -> Тариф 1 (Теплоснабжение) - Тариф на тепловую энергию (мощность), поставляемую потребителям (Доп. признак не требуется)
E30: 24 | F30: {=OFFSET(G30,-1,-1)} -> 1 | U30: =AND(OFFSET(V30,1,-1),AB30>1) -> 0 | X30: et_2 | AA30: × | AB30: 0 | AJ30: P_TERR_PROPS | AK30: DYN_MRMO | AL30: {=AC30} -> 0 | AM30: {=AD30} -> 0 | AN30: {=AE30} -> 0 | AP30: TRUE | AQ30: ="73.0.0."&"|"&$AC30 -> 73.0.0.| | AR30: ="78.0.0."&"|"&$AD30 -> 78.0.0.| | AS30: ="75.0.0."&"|"&$AE30 -> 75.0.0.| | AT30: {=INDEX('Общие сведения'!$N$170:$N$202,MATCH($F30,'Общие сведения'!$Y$170:$Y$202,0)+1)} -> ТЭ.42.31656254.0001
E31: 24 | F31: {=OFFSET(G31,-1,-1)} -> 1 | U31: =AND(OFFSET(V31,1,-1),AB31>1) -> 1 | AA31: × | AB31: 1 | AC31: Кемеровский муниципальный округ | AD31: Кемеровский муниципальный округ | AE31: 32507000 | AJ31: P_TERR_PROPS | AK31: DYN_MRMO | AL31: {=AC31} -> Кемеровский муниципальный округ | AM31: {=AD31} -> Кемеровский муниципальный округ | AN31: {=AE31} -> 32507000 | AP31: TRUE | AQ31: ="73.0.0."&"|"&$AC31 -> 73.0.0.|Кемеровский муниципальный округ | AR31: ="78.0.0."&"|"&$AD31 -> 78.0.0.|Кемеровский муниципальный округ | AS31: ="75.0.0."&"|"&$AE31 -> 75.0.0.|32507000 | AT31: {=INDEX('Общие сведения'!$N$170:$N$202,MATCH($F31,'Общие сведения'!$Y$170:$Y$202,0)+1)} -> ТЭ.42.31656254.0001
E32: 11 | F32: {=OFFSET(G32,-1,-1)} -> 1 | U32: {=U29} -> true | X32: { _x000D_ funcDyn: 'mrmo',_x000D_ blok: '',_x000D_ wsCross: '',_x000D_ linkFormula: '',_x000D_ levelDyn: ''_x000D_ } | AC32: Добавить территорию | AO32: DYN_MRMO
E33: 11 | V33: Добавить | W33: { _x000D_ funcDyn: 'msg1',_x000D_ blok: 'blok_1',_x000D_ wsCross: 'Список объектов',_x000D_ linkFormula: 'AB-AB',_x000D_ levelDyn: ''_x000D_ }

Sheet Список объектов
F1: tariffId | U1: vis_1 | V1: dyn_1 | W1: blok_1 | X1: blok_2 | Y1: ren_1 | Z1: del_1 | AA1: del_2 | AB1: ren_2 | AC1: dyn_2 | AK1: pok_js | AL1: PJ_DYN | AM1: PJ_NAME | AN1: PJ_NAME_EXP | AO1: PJ_NAME_DOC_TYPE | AP1: PJ_NAME_DOC_NUM | AQ1: PJ_NAME_DOC_DATE | AR1: dyn_add | AS1: dyn_fill | AT1: ИД.ТАРИФ_NAME | AU1: uni_object_NAME | AV1: roi_guid_NAME
B2: vis
E5: size | AA5: 3 | AB5: 6 | AC5: 64 | AD5: 15 | AE5: 20 | AF5: 20 | AG5: 20 | AH5: 20 | AI5: 3
A9: PJ_OBJ | AH9: {=AH24} -> Срок действия
A10: dyn_names | AC10: PJ_NAME | AD10: PJ_NAME_EXP | AE10: PJ_NAME_DOC_TYPE | AF10: PJ_NAME_DOC_NUM | AG10: PJ_NAME_DOC_DATE
A14: V_UNIT | AD14: СТР | AE14: СТР | AF14: СТР | AG14: СТР | AH14: СТР
A15: V_POK | AD15: M11748 | AE15: M11592 | AF15: M11593 | AG15: M11594 | AH15: M11595
A16: V_COMMENT | AD16: Основание эксплуатации | AE16: Вид документа | AF16: Номер документа | AG16: Дата документа | AH16: Срок действия
E21: 15 | AC21: {=tpl_title} -> Кемеровская область / 2027 / ООО "КК-ИНВЕСТ" (ИНН:1901133713, КПП:190101001) / ДПР: 2025-2027
E22: 21 | AB22: Перечень объектов коммунальной инфраструктуры, эксплуатируемых организацией
E23: 9
E24: 32 | AB24: № п/п | AC24: Объект коммунальной инфраструктуры | AD24: Основание эксплуатации | AE24: Вид документа | AF24: Номер документа | AG24: Дата документа | AH24: Срок действия
E25: 0
E26: 17 | F26: {=Y26} -> 0 | U26: =Y26>0 -> 0 | W26: et_1 | Y26: 0 | AB26: {=INDEX('Общие сведения'!$AG$169:$AG$202,MATCH(Y26,'Общие сведения'!$Y$169:$Y$202,0))} -> Тариф 0 (Теплоснабжение) -
E27: 0 | F27: {=OFFSET(G27,-1,-1)} -> 0
E28: 17 | F28: {=OFFSET(G28,-1,-1)} -> 0 | I28: Наименование объекта | K28: адрес | U28: =AND(F28>0,AB28>0) -> 0 | X28: et_2 | AA28: × | AB28: 0 | AC28: =I28&" :: "&K28 -> Наименование объекта :: адрес | AK28: P_OBJ_PROPS | AL28: DYN_OBJ | AM28: {=AC28} -> Наименование объекта :: адрес | AN28: {=AD28} -> 0 | AO28: {=AE28} -> 0 | AP28: {=AF28} -> 0 | AQ28: {=AG28} -> 0 | AS28: TRUE | AT28: {=INDEX('Общие сведения'!$N$170:$N$202,MATCH($F28,'Общие сведения'!$Y$170:$Y$202,0)+1)} -> 0 | AU28: ="82.1.0."&"|"&$AC28 -> 82.1.0.|Наименование объекта :: адрес | AV28: =IF(J28="","0",J28) -> 0
E29: 17 | F29: {=OFFSET(G29,-1,-1)} -> 0 | U29: =F29>0 -> 0 | X29: { _x000D_ funcDyn: 'obj',_x000D_ blok: '',_x000D_ wsCross: '',_x000D_ linkFormula: '',_x000D_ levelDyn: ''_x000D_ } | AC29: Добавить объект | AR29: DYN_OBJ
E30: 17 | F30: {=Y30} -> 1 | U30: =Y30>0 -> 1 | W30: {='Список территорий'!$AB$29} -> Тариф 1 (Теплоснабжение) - Тариф на тепловую энергию (мощность), поставляемую потребителям (Доп. признак не требуется) | Y30: 1 | AB30: {=IF(ISBLANK('Список территорий'!$AB$29),"",'Список территорий'!$AB$29)} -> Тариф 1 (Теплоснабжение) - Тариф на тепловую энергию (мощность), поставляемую потребителям (Доп. признак не требуется)
E31: 0 | F31: {=OFFSET(G31,-1,-1)} -> 1
E32: 17 | F32: {=OFFSET(G32,-1,-1)} -> 1 | I32: Наименование объекта | K32: адрес | U32: =AND(F32>0,AB32>0) -> 0 | X32: et_2 | AA32: × | AB32: 0 | AC32: =I32&" :: "&K32 -> Наименование объекта :: адрес | AK32: P_OBJ_PROPS | AL32: DYN_OBJ | AM32: {=AC32} -> Наименование объекта :: адрес | AN32: {=AD32} -> 0 | AO32: {=AE32} -> 0 | AP32: {=AF32} -> 0 | AQ32: {=AG32} -> 0 | AS32: TRUE | AT32: {=INDEX('Общие сведения'!$N$170:$N$202,MATCH($F32,'Общие сведения'!$Y$170:$Y$202,0)+1)} -> ТЭ.42.31656254.0001 | AU32: ="82.1.0."&"|"&$AC32 -> 82.1.0.|Наименование объекта :: адрес | AV32: =IF(J32="","0",J32) -> 0
E33: 17 | F33: {=OFFSET(G33,-1,-1)} -> 1 | I33: Котельная ЦО "Притомье" | J33: 8f55f152-1963-42d0-a8a3-ce75838df31d | K33: с Березово, Кемеровская область - Кузбасс, Кемеровский муниципальный округ, с. Березово, территория Притомье, здание 3, Кемеровская область - Кузбасс, Кемеровский муниципальный округ, с. Березово, территория Притомье, здание 3 | U33: =AND(F33>0,AB33>0) -> 1 | AA33: × | AB33: 1 | AC33: =I33&" :: "&K33 -> Котельная ЦО "Притомье" :: с Березово, Кемеровская область - Кузбасс, Кемеровский муниципальный округ, с. Березово, территория Притомье, здание 3, Кемеровская область - Кузбасс, Кемеровский муниципальный округ, с. Березово, территория Притомье, здание 3 | AD33: Собственность | AE33: Выписка из ЕГРН | AF33: - | AK33: P_OBJ_PROPS | AL33: DYN_OBJ | AM33: {=AC33} -> Котельная ЦО "Притомье" :: с Березово, Кемеровская область - Кузбасс, Кемеровский муниципальный округ, с. Березово, территория Притомье, здание 3, Кемеровская область - Кузбасс, Кемеровский муниципальный округ, с. Березово, территория Притомье, здание 3 | AN33: {=AD33} -> Собственность | AO33: {=AE33} -> Выписка из ЕГРН | AP33: {=AF33} -> - | AQ33: {=AG33} -> 0 | AS33: TRUE | AT33: {=INDEX('Общие сведения'!$N$170:$N$202,MATCH($F33,'Общие сведения'!$Y$170:$Y$202,0)+1)} -> ТЭ.42.31656254.0001 | AU33: ="82.1.0."&"|"&$AC33 -> 82.1.0.|Котельная ЦО "Притомье" :: с Березово, Кемеровская область - Кузбасс, Кемеровский муниципальный округ, с. Березово, территория Притомье, здание 3, Кемеровская область - Кузбасс, Кемеровский муниципальный округ, с. Березово, территория Притомье, здание 3 | AV33: {=IF(J33="","0",J33)} -> 8f55f152-1963-42d0-a8a3-ce75838df31d
E34: 17 | F34: {=OFFSET(G34,-1,-1)} -> 1 | U34: =F34>0 -> 1 | X34: { _x000D_ funcDyn: 'obj',_x000D_ blok: '',_x000D_ wsCross: '',_x000D_ linkFormula: '',_x000D_ levelDyn: ''_x000D_ } | AC34: Добавить объект | AR34: DYN_OBJ
V35: Добавить | W35: { _x000D_ funcDyn: 'msg1',_x000D_ blok: 'blok_1',_x000D_ wsCross: 'Расчет УЕ',_x000D_ linkFormula: 'AB-AB',_x000D_ levelDyn: ''_x000D_ }

Sheet Расчет УЕ
F1: tariffId | U1: vis_1 | V1: dyn_1 | W1: blok_1 | Y1: ren_1 | Z1: del_1 | BW1: pok_js | BX1: ИД.ТАРИФ_NAME | BY1: uni_activity_type_NAME | BZ1: uni_heat_object_NAME | CA1: uni_length_calculating_method_NAME | CB1: uni_inform_section_NAME | CD1: G_UNIT | CE1: G_POK | CF1: G_COMMENT
B2: vis | AF2: =AND(AF9<=last_year_vis,isOrgDeclare) -> 1 | AG2: =AND(AG9<=last_year_vis,isOrgDeclare) -> 0 | AH2: =AND(AH9<=last_year_vis,isOrgDeclare) -> 0 | AI2: =AND(AI9<=last_year_vis,isOrgDeclare) -> 0 | AJ2: =AND(AJ9<=last_year_vis,isOrgDeclare) -> 0 | AK2: =AND(AK9<=last_year_vis,isOrgDeclare) -> 0 | AL2: =AND(AL9<=last_year_vis,isOrgDeclare) -> 0 | AM2: =AND(AM9<=last_year_vis,isOrgDeclare) -> 0 | ... AY2: =AND(AY9<=last_year_vis,isOrgDeclare) -> 0 | AZ2: =AZ9<=last_year_vis -> 1 | BA2: =BA9<=last_year_vis -> 0 | BB2: =BB9<=last_year_vis -> 0 | BC2: =BC9<=last_year_vis -> 0 | BD2: =BD9<=last_year_vis -> 0 | BE2: =BE9<=last_year_vis -> 0 | BF2: =BF9<=last_year_vis -> 0 | BG2: =BG9<=last_year_vis -> 0 | ... BS2: =BS9<=last_year_vis -> 0
E5: size | AA5: 3 | AB5: 6 | AC5: 64 | AD5: 15 | AE5: 20 | AF5: 20 | AG5: 20 | AH5: 20 | AI5: 20 | AJ5: 20 | AK5: 20 | AL5: 20 | AM5: 20 | AN5: 20 | AO5: 20 | AP5: 20 | AQ5: 20 | AR5: 20 | AS5: 20 | AT5: 20 | AU5: 20 | AV5: 20 | AW5: 20 | AX5: 20 | AY5: 20 | AZ5: 20 | BA5: 20 | BB5: 20 | BC5: 20 | BD5: 20 | BE5: 20 | BF5: 20 | BG5: 20 | BH5: 20 | BI5: 20 | BJ5: 20 | BK5: 20 | BL5: 20 | BM5: 20 | BN5: 20 | BO5: 20 | BP5: 20 | BQ5: 20 | BR5: 20 | BS5: 20 | BT5: 20 | BU5: 3
A9: PJ_YEAR | AE9: =god-1 -> 2026 | AF9: {=god} -> 2027 | AG9: =god+1 -> 2028 | AH9: =god+2 -> 2029 | AI9: =god+3 -> 2030 | AJ9: =god+4 -> 2031 | AK9: =god+5 -> 2032 | AL9: =god+6 -> 2033 | AM9: =god+7 -> 2034 | AN9: =god+8 -> 2035 | AO9: =god+9 -> 2036 | AP9: =god+10 -> 2037 | AQ9: =god+11 -> 2038 | AR9: =god+12 -> 2039 | AS9: =god+13 -> 2040 | AT9: =god+14 -> 2041 | AU9: =god+15 -> 2042 | AV9: =god+16 -> 2043 | AW9: =god+17 -> 2044 | AX9: =god+18 -> 2045 | AY9: =god+19 -> 2046 | AZ9: {=god} -> 2027 | BA9: =god+1 -> 2028 | BB9: =god+2 -> 2029 | BC9: =god+3 -> 2030 | BD9: =god+4 -> 2031 | BE9: =god+5 -> 2032 | BF9: =god+6 -> 2033 | BG9: =god+7 -> 2034 | BH9: =god+8 -> 2035 | BI9: =god+9 -> 2036 | BJ9: =god+10 -> 2037 | BK9: =god+11 -> 2038 | BL9: =god+12 -> 2039 | BM9: =god+13 -> 2040 | BN9: =god+14 -> 2041 | BO9: =god+15 -> 2042 | BP9: =god+16 -> 2043 | BQ9: =god+17 -> 2044 | BR9: =god+18 -> 2045 | BS9: =god+19 -> 2046
A10: PJ_PF | AE10: {=AE25} -> Принято органом регулирования | AF10: {=AF25} -> Предложение организации | AG10: {=AG25} -> Предложение организации | AH10: {=AH25} -> Предложение организации | AI10: {=AI25} -> Предложение организации | AJ10: {=AJ25} -> Предложение организации | AK10: {=AK25} -> Предложение организации | AL10: {=AL25} -> Предложение организации | ... BS10: {=BS25} -> Принято органом регулирования
A11: PJ_DOP | BT11: {=BT24} -> Комментарии
A14: uni_org_reg_NAME | AE14: 328.0.2. | AF14: 328.0.1. | AG14: 328.0.1. | AH14: 328.0.1. | AI14: 328.0.1. | AJ14: 328.0.1. | AK14: 328.0.1. | AL14: 328.0.1. | AM14: 328.0.1. | AN14: 328.0.1. | AO14: 328.0.1. | AP14: 328.0.1. | AQ14: 328.0.1. | AR14: 328.0.1. | AS14: 328.0.1. | AT14: 328.0.1. | AU14: 328.0.1. | AV14: 328.0.1. | AW14: 328.0.1. | AX14: 328.0.1. | AY14: 328.0.1. | AZ14: 328.0.2. | BA14: 328.0.2. | BB14: 328.0.2. | BC14: 328.0.2. | BD14: 328.0.2. | BE14: 328.0.2. | BF14: 328.0.2. | BG14: 328.0.2. | BH14: 328.0.2. | BI14: 328.0.2. | BJ14: 328.0.2. | BK14: 328.0.2. | BL14: 328.0.2. | BM14: 328.0.2. | BN14: 328.0.2. | BO14: 328.0.2. | BP14: 328.0.2. | BQ14: 328.0.2. | BR14: 328.0.2. | BS14: 328.0.2.
A15: uni_pf_NAME | AE15: 36.0.7. | AF15: 36.0.3. | AG15: 36.0.3. | AH15: 36.0.3. | AI15: 36.0.3. | AJ15: 36.0.3. | AK15: 36.0.3. | AL15: 36.0.3. | AM15: 36.0.3. | AN15: 36.0.3. | AO15: 36.0.3. | AP15: 36.0.3. | AQ15: 36.0.3. | AR15: 36.0.3. | AS15: 36.0.3. | AT15: 36.0.3. | AU15: 36.0.3. | AV15: 36.0.3. | AW15: 36.0.3. | AX15: 36.0.3. | AY15: 36.0.3. | AZ15: 36.0.7. | BA15: 36.0.7. | BB15: 36.0.7. | BC15: 36.0.7. | BD15: 36.0.7. | BE15: 36.0.7. | BF15: 36.0.7. | BG15: 36.0.7. | BH15: 36.0.7. | BI15: 36.0.7. | BJ15: 36.0.7. | BK15: 36.0.7. | BL15: 36.0.7. | BM15: 36.0.7. | BN15: 36.0.7. | BO15: 36.0.7. | BP15: 36.0.7. | BQ15: 36.0.7. | BR15: 36.0.7. | BS15: 36.0.7.
A16: uni_year_NAME | AE16: ="389.0."&AE9-2010&"." -> 389.0.16. | AF16: ="389.0."&AF9-2010&"." -> 389.0.17. | AG16: ="389.0."&AG9-2010&"." -> 389.0.18. | AH16: ="389.0."&AH9-2010&"." -> 389.0.19. | AI16: ="389.0."&AI9-2010&"." -> 389.0.20. | AJ16: ="389.0."&AJ9-2010&"." -> 389.0.21. | AK16: ="389.0."&AK9-2010&"." -> 389.0.22. | AL16: ="389.0."&AL9-2010&"." -> 389.0.23. | ... BS16: ="389.0."&BS9-2010&"." -> 389.0.36.
A17: V_UNIT | BT17: СТР
A18: V_POK | BT18: M10462
A19: V_COMMENT | BT19: Информация. Примечания. Комментарии
E21: 15 | AC21: {=tpl_title} -> Кемеровская область / 2027 / ООО "КК-ИНВЕСТ" (ИНН:1901133713, КПП:190101001) / ДПР: 2025-2027
E22: 21 | AB22: Расчет условных единиц
E23: 9
E24: 21 | AB24: № п/п | AC24: Наименование показателя | AD24: Единица измерения | AE24: =god-1&" год" -> 2026 год | AF24: =god&" год" -> 2027 год | AG24: =god+1&" год" -> 2028 год | AH24: =god+2&" год" -> 2029 год | AI24: =god+3&" год" -> 2030 год | AJ24: =god+4&" год" -> 2031 год | AK24: =god+5&" год" -> 2032 год | AL24: =god+6&" год" -> 2033 год | AM24: =god+7&" год" -> 2034 год | AN24: =god+8&" год" -> 2035 год | AO24: =god+9&" год" -> 2036 год | AP24: =god+10&" год" -> 2037 год | AQ24: =god+11&" год" -> 2038 год | AR24: =god+12&" год" -> 2039 год | AS24: =god+13&" год" -> 2040 год | AT24: =god+14&" год" -> 2041 год | AU24: =god+15&" год" -> 2042 год | AV24: =god+16&" год" -> 2043 год | AW24: =god+17&" год" -> 2044 год | AX24: =god+18&" год" -> 2045 год | AY24: =god+19&" год" -> 2046 год | AZ24: =god&" год" -> 2027 год | BA24: =god+1&" год" -> 2028 год | BB24: =god+2&" год" -> 2029 год | BC24: =god+3&" год" -> 2030 год | BD24: =god+4&" год" -> 2031 год | BE24: =god+5&" год" -> 2032 год | BF24: =god+6&" год" -> 2033 год | BG24: =god+7&" год" -> 2034 год | BH24: =god+8&" год" -> 2035 год | BI24: =god+9&" год" -> 2036 год | BJ24: =god+10&" год" -> 2037 год | BK24: =god+11&" год" -> 2038 год | BL24: =god+12&" год" -> 2039 год | BM24: =god+13&" год" -> 2040 год | BN24: =god+14&" год" -> 2041 год | BO24: =god+15&" год" -> 2042 год | BP24: =god+16&" год" -> 2043 год | BQ24: =god+17&" год" -> 2044 год | BR24: =god+18&" год" -> 2045 год | BS24: =god+19&" год" -> 2046 год | BT24: Комментарии
E25: 36 | AE25: Принято органом регулирования | AF25: Предложение организации | AG25: Предложение организации | AH25: Предложение организации | AI25: Предложение организации | AJ25: Предложение организации | AK25: Предложение организации | AL25: Предложение организации | AM25: Предложение организации | AN25: Предложение организации | AO25: Предложение организации | AP25: Предложение организации | AQ25: Предложение организации | AR25: Предложение организации | AS25: Предложение организации | AT25: Предложение организации | AU25: Предложение организации | AV25: Предложение организации | AW25: Предложение организации | AX25: Предложение организации | AY25: Предложение организации | AZ25: Принято органом регулирования | BA25: Принято органом регулирования | BB25: Принято органом регулирования | BC25: Принято органом регулирования | BD25: Принято органом регулирования | BE25: Принято органом регулирования | BF25: Принято органом регулирования | BG25: Принято органом регулирования | BH25: Принято органом регулирования | BI25: Принято органом регулирования | BJ25: Принято органом регулирования | BK25: Принято органом регулирования | BL25: Принято органом регулирования | BM25: Принято органом регулирования | BN25: Принято органом регулирования | BO25: Принято органом регулирования | BP25: Принято органом регулирования | BQ25: Принято органом регулирования | BR25: Принято органом регулирования | BS25: Принято органом регулирования
E26: 0
E27: 11 | F27: {=Y27} -> 0 | U27: =Y27>0 -> 0 | W27: et_1 | Y27: 0 | AB27: {=INDEX('Общие сведения'!$AG$169:$AG$202,MATCH($F27,'Общие сведения'!$Y$169:$Y$202,0))} -> Тариф 0 (Теплоснабжение) -
E28: 17 | F28: {=OFFSET(G28,-1,-1)} -> 0 | G28: YE | H28: L3 | I28: =AC28&"::"&AD28 -> Количество условных единиц для производства::УЕ | U28: {=U27} -> false | AB28: 1 | AC28: Количество условных единиц для производства | AD28: УЕ | AE28: {=AE29} -> 0 | AF28: {=AF29} -> 0 | AG28: {=AG29} -> 0 | AH28: {=AH29} -> 0 | AI28: {=AI29} -> 0 | AJ28: {=AJ29} -> 0 | AK28: {=AK29} -> 0 | AL28: {=AL29} -> 0 | ... BS28: {=BS29} -> 0 | BW28: P_PROD_UE_COUNT | BX28: {=INDEX('Общие сведения'!$N$170:$N$202,MATCH($F28,'Общие сведения'!$Y$170:$Y$202,0)+1)} -> 0 | BY28: 83.0.1. | CB28: 360.0.1. | CD28: ЧСЛ | CE28: M10865 | CF28: Количество, ед.
E29: 17 | F29: {=OFFSET(G29,-1,-1)} -> 0 | G29: M | H29: L3 | I29: =AC29&"::"&AD29 -> Установленная тепловая мощность::Гкал/час | U29: {=U28} -> false | AB29: 1.1 | AC29: Установленная тепловая мощность | AD29: Гкал/час | BW29: P_HEAT_POWER | BX29: {=BX28} -> 0 | BY29: 83.0.1. | CB29: 360.0.2. | CD29: ЧСЛ | CE29: M10496 | CF29: Установленная тепловая мощность, Гкал/час
E30: 17 | F30: {=OFFSET(G30,-1,-1)} -> 0 | G30: Yeп | U30: {=U29} -> false | AB30: 2 | AC30: Количество условных единиц для передачи | AD30: УЕ | AE30: =AE31+5*AE44+25*AE45+0.5*AE46 -> 0 | AF30: =AF31+5*AF44+25*AF45+0.5*AF46 -> 0 | AG30: =AG31+5*AG44+25*AG45+0.5*AG46 -> 0 | AH30: =AH31+5*AH44+25*AH45+0.5*AH46 -> 0 | AI30: =AI31+5*AI44+25*AI45+0.5*AI46 -> 0 | AJ30: =AJ31+5*AJ44+25*AJ45+0.5*AJ46 -> 0 | AK30: =AK31+5*AK44+25*AK45+0.5*AK46 -> 0 | AL30: =AL31+5*AL44+25*AL45+0.5*AL46 -> 0 | ... BS30: =BS31+5*BS44+25*BS45+0.5*BS46 -> 0 | BW30: P_TRANSF_UE_COUNT | BX30: {=BX29} -> 0 | BY30: 83.0.2. | CB30: 360.0.1. | CD30: ЧСЛ | CE30: M10865 | CF30: Количество, ед.
E31: 17 | F31: {=OFFSET(G31,-1,-1)} -> 0 | U31: {=U30} -> false | AB31: 2.1 | AC31: Тепломагистраль | AD31: УЕ | AE31: =AE32+AE35+AE38+AE41 -> 0 | AF31: =AF32+AF35+AF38+AF41 -> 0 | AG31: =AG32+AG35+AG38+AG41 -> 0 | AH31: =AH32+AH35+AH38+AH41 -> 0 | AI31: =AI32+AI35+AI38+AI41 -> 0 | AJ31: =AJ32+AJ35+AJ38+AJ41 -> 0 | AK31: =AK32+AK35+AK38+AK41 -> 0 | AL31: =AL32+AL35+AL38+AL41 -> 0 | ... BS31: =BS32+BS35+BS38+BS41 -> 0 | BW31: P_HEAT_MAIN | BX31: {=BX30} -> 0 | BY31: 83.0.2. | BZ31: 314.0.3. | CD31: ЧСЛ | CE31: M10865 | CF31: Количество, ед.
E32: 17 | F32: {=OFFSET(G32,-1,-1)} -> 0 | U32: {=U31} -> false | AB32: 2.1.1 | AC32: Однотрубные | AD32: УЕ | AE32: =0.75*(11*AE34+MAX(0.06*AE34*(AE33-100),0)) -> 0 | AF32: =0.75*(11*AF34+MAX(0.06*AF34*(AF33-100),0)) -> 0 | AG32: =0.75*(11*AG34+MAX(0.06*AG34*(AG33-100),0)) -> 0 | AH32: =0.75*(11*AH34+MAX(0.06*AH34*(AH33-100),0)) -> 0 | AI32: =0.75*(11*AI34+MAX(0.06*AI34*(AI33-100),0)) -> 0 | AJ32: =0.75*(11*AJ34+MAX(0.06*AJ34*(AJ33-100),0)) -> 0 | AK32: =0.75*(11*AK34+MAX(0.06*AK34*(AK33-100),0)) -> 0 | AL32: =0.75*(11*AL34+MAX(0.06*AL34*(AL33-100),0)) -> 0 | ... BS32: =0.75*(11*BS34+MAX(0.06*BS34*(BS33-100),0)) -> 0 | BW32: P_SP | BX32: {=BX31} -> 0 | BY32: 83.0.2. | BZ32: 314.0.3. | CA32: 238.0.1. | CB32: 360.0.1. | CD32: ЧСЛ | CE32: M10865 | CF32: Количество, ед.
E33: 17 | F33: {=OFFSET(G33,-1,-1)} -> 0 | U33: {=U32} -> false | AB33: =AB32&".1" -> 2.1.1.1 | AC33: Средний диаметр | AD33: мм | BW33: P_SP_AVER_DIAM | BX33: {=BX32} -> 0 | BY33: 83.0.2. | BZ33: 314.0.3. | CA33: 238.0.1. | CB33: 360.0.2. | CD33: ЧСЛ | CE33: M11829 | CF33: Средний диаметр трубопровода, мм
E34: 17 | F34: {=OFFSET(G34,-1,-1)} -> 0 | U34: {=U33} -> false | AB34: =AB32&".2" -> 2.1.1.2 | AC34: Протяженность | AD34: км | BW34: P_SP_LENGTH | BX34: {=BX33} -> 0 | BY34: 83.0.2. | BZ34: 314.0.3. | CA34: 238.0.1. | CB34: 360.0.3. | CD34: ЧСЛ | CE34: M11181 | CF34: Протяжённость сетей в однотрубном исчислении, км.
E35: 17 | F35: {=OFFSET(G35,-1,-1)} -> 0 | U35: {=U34} -> false | AB35: 2.1.2 | AC35: Двухтрубные | AD35: УЕ | AE35: =(11*AE37+MAX(0.06*AE37*(AE36-100),0)) -> 0 | AF35: =(11*AF37+MAX(0.06*AF37*(AF36-100),0)) -> 0 | AG35: =(11*AG37+MAX(0.06*AG37*(AG36-100),0)) -> 0 | AH35: =(11*AH37+MAX(0.06*AH37*(AH36-100),0)) -> 0 | AI35: =(11*AI37+MAX(0.06*AI37*(AI36-100),0)) -> 0 | AJ35: =(11*AJ37+MAX(0.06*AJ37*(AJ36-100),0)) -> 0 | AK35: =(11*AK37+MAX(0.06*AK37*(AK36-100),0)) -> 0 | AL35: =(11*AL37+MAX(0.06*AL37*(AL36-100),0)) -> 0 | ... BS35: =(11*BS37+MAX(0.06*BS37*(BS36-100),0)) -> 0 | BW35: P_DP | BX35: {=BX34} -> 0 | BY35: 83.0.2. | BZ35: 314.0.3. | CA35: 238.0.2. | CB35: 360.0.1. | CD35: ЧСЛ | CE35: M10865 | CF35: Количество, ед.
E36: 17 | F36: {=OFFSET(G36,-1,-1)} -> 0 | U36: {=U35} -> false | AB36: =AB35&".1" -> 2.1.2.1 | AC36: Средний диаметр | AD36: мм | BW36: P_DP_AVER_DIAM | BX36: {=BX35} -> 0 | BY36: 83.0.2. | BZ36: 314.0.3. | CA36: 238.0.2. | CB36: 360.0.2. | CD36: ЧСЛ | CE36: M11829 | CF36: Средний диаметр трубопровода, мм
E37: 17 | F37: {=OFFSET(G37,-1,-1)} -> 0 | U37: {=U36} -> false | AB37: =AB35&".2" -> 2.1.2.2 | AC37: Протяженность | AD37: км | BW37: P_DP_LENGTH | BX37: {=BX36} -> 0 | BY37: 83.0.2. | BZ37: 314.0.3. | CA37: 238.0.2. | CB37: 360.0.3. | CD37: ЧСЛ | CE37: M10762 | CF37: протяжённость сетей (в двухтрубном исчислении), км.
E38: 17 | F38: {=OFFSET(G38,-1,-1)} -> 0 | U38: {=U37} -> false | AB38: 2.1.3 | AC38: Трехтрубные | AD38: УЕ | AE38: =1.25*(11*AE40+MAX(0.06*AE40*(AE39-100),0)) -> 0 | AF38: =1.25*(11*AF40+MAX(0.06*AF40*(AF39-100),0)) -> 0 | AG38: =1.25*(11*AG40+MAX(0.06*AG40*(AG39-100),0)) -> 0 | AH38: =1.25*(11*AH40+MAX(0.06*AH40*(AH39-100),0)) -> 0 | AI38: =1.25*(11*AI40+MAX(0.06*AI40*(AI39-100),0)) -> 0 | AJ38: =1.25*(11*AJ40+MAX(0.06*AJ40*(AJ39-100),0)) -> 0 | AK38: =1.25*(11*AK40+MAX(0.06*AK40*(AK39-100),0)) -> 0 | AL38: =1.25*(11*AL40+MAX(0.06*AL40*(AL39-100),0)) -> 0 | ... BS38: =1.25*(11*BS40+MAX(0.06*BS40*(BS39-100),0)) -> 0 | BW38: P_TP | BX38: {=BX37} -> 0 | BY38: 83.0.2. | BZ38: 314.0.3. | CA38: 238.0.3. | CB38: 360.0.1. | CD38: ЧСЛ | CE38: M10865 | CF38: Количество, ед.
E39: 17 | F39: {=OFFSET(G39,-1,-1)} -> 0 | U39: {=U38} -> false | AB39: =AB38&".1" -> 2.1.3.1 | AC39: Средний диаметр | AD39: мм | BW39: P_TP_AVER_DIAM | BX39: {=BX38} -> 0 | BY39: 83.0.2. | BZ39: 314.0.3. | CA39: 238.0.3. | CB39: 360.0.2. | CD39: ЧСЛ | CE39: M11829 | CF39: Средний диаметр трубопровода, мм
E40: 17 | F40: {=OFFSET(G40,-1,-1)} -> 0 | U40: {=U39} -> false | AB40: =AB38&".2" -> 2.1.3.2 | AC40: Протяженность | AD40: км | BW40: P_TP_LENGTH | BX40: {=BX39} -> 0 | BY40: 83.0.2. | BZ40: 314.0.3. | CA40: 238.0.3. | CB40: 360.0.3. | CD40: ЧСЛ | CE40: M10682 | CF40: Протяжённость сетей, км
E41: 17 | F41: {=OFFSET(G41,-1,-1)} -> 0 | H41: L3 | I41: =AC41&"::"&AD41 -> Четырехтрубные::УЕ | U41: {=U40} -> false | AB41: 2.1.4 | AC41: Четырехтрубные | AD41: УЕ | AE41: =1.5*(11*AE43+MAX(0.06*AE43*(AE42-100),0)) -> 0 | AF41: =1.5*(11*AF43+MAX(0.06*AF43*(AF42-100),0)) -> 0 | AG41: =1.5*(11*AG43+MAX(0.06*AG43*(AG42-100),0)) -> 0 | AH41: =1.5*(11*AH43+MAX(0.06*AH43*(AH42-100),0)) -> 0 | AI41: =1.5*(11*AI43+MAX(0.06*AI43*(AI42-100),0)) -> 0 | AJ41: =1.5*(11*AJ43+MAX(0.06*AJ43*(AJ42-100),0)) -> 0 | AK41: =1.5*(11*AK43+MAX(0.06*AK43*(AK42-100),0)) -> 0 | AL41: =1.5*(11*AL43+MAX(0.06*AL43*(AL42-100),0)) -> 0 | ... BS41: =1.5*(11*BS43+MAX(0.06*BS43*(BS42-100),0)) -> 0 | BW41: P_FP | BX41: {=BX40} -> 0 | BY41: 83.0.2. | BZ41: 314.0.3. | CA41: 238.0.4. | CB41: 360.0.1. | CD41: ЧСЛ | CE41: M10865 | CF41: Количество, ед.
E42: 17 | F42: {=OFFSET(G42,-1,-1)} -> 0 | U42: {=U41} -> false | AB42: =AB41&".1" -> 2.1.4.1 | AC42: Средний диаметр | AD42: мм | BW42: P_FP_AVER_DIAM | BX42: {=BX41} -> 0 | BY42: 83.0.2. | BZ42: 314.0.3. | CA42: 238.0.4. | CB42: 360.0.2. | CD42: ЧСЛ | CE42: M11829 | CF42: Средний диаметр трубопровода, мм
E43: 17 | F43: {=OFFSET(G43,-1,-1)} -> 0 | U43: {=U42} -> false | AB43: =AB41&".2" -> 2.1.4.2 | AC43: Протяженность | AD43: км | BW43: P_FP_LENGTH | BX43: {=BX42} -> 0 | BY43: 83.0.2. | BZ43: 314.0.3. | CA43: 238.0.4. | CB43: 360.0.3. | CD43: ЧСЛ | CE43: M10682 | CF43: Протяжённость сетей, км
E44: 31 | F44: {=OFFSET(G44,-1,-1)} -> 0 | U44: {=U43} -> false | AB44: 2.2 | AC44: Тепловой узел на балансе организации, осуществляющей деятельность по передаче тепловой энергии, теплоносителя | AD44: 1 узел | BW44: P_HEAT_UNIT | BX44: {=BX43} -> 0 | BY44: 83.0.2. | BZ44: 314.0.4. | CD44: ЧСЛ | CE44: M10865 | CF44: Количество, ед.
E45: 40 | F45: {=OFFSET(G45,-1,-1)} -> 0 | U45: {=U44} -> false | AB45: 2.3 | AC45: Подкачивающая насосная станция на балансе организации, осуществляющей деятельность по передаче тепловой энергии, теплоносителя | AD45: 1 станция | BW45: P_PUMP_STATION | BX45: {=BX44} -> 0 | BY45: 83.0.2. | BZ45: 314.0.5. | CD45: ЧСЛ | CE45: M10865 | CF45: Количество, ед.
E46: 50 | F46: {=OFFSET(G46,-1,-1)} -> 0 | H46: L3 | I46: =AC46&"::"&AD46 -> Расчетная присоединительная тепловая мощность по трубопроводам на балансе организации, осуществляющей деятельность по передаче тепловой энергии, теплоносителя::Гкал/час | U46: {=U45} -> false | AB46: 2.4 | AC46: Расчетная присоединительная тепловая мощность по трубопроводам на балансе организации, осуществляющей деятельность по передаче тепловой энергии, теплоносителя | AD46: Гкал/час | BW46: P_CALC_HEAT_POWER | BX46: {=BX45} -> 0 | BY46: 83.0.2. | CB46: 360.0.2. | CD46: ЧСЛ | CE46: M11813 | CF46: Расчетная присоединительная тепловая мощность, Гкал/час
E47: 11 | F47: {=Y47} -> 1 | U47: =Y47>0 -> 1 | W47: {='Список объектов'!$AB$30} -> Тариф 1 (Теплоснабжение) - Тариф на тепловую энергию (мощность), поставляемую потребителям (Доп. признак не требуется) | Y47: 1 | AB47: {=IF(ISBLANK('Список объектов'!$AB$30),"",'Список объектов'!$AB$30)} -> Тариф 1 (Теплоснабжение) - Тариф на тепловую энергию (мощность), поставляемую потребителям (Доп. признак не требуется)
E48: 17 | F48: {=OFFSET(G48,-1,-1)} -> 1 | G48: YE | H48: L3 | I48: =AC48&"::"&AD48 -> Количество условных единиц для производства::УЕ | U48: {=U47} -> true | AB48: 1 | AC48: Количество условных единиц для производства | AD48: УЕ | AE48: {=AE49} -> 4.32 | AF48: {=AF49} -> 4.32 | AG48: {=AG49} -> 0 | AH48: {=AH49} -> 0 | AI48: {=AI49} -> 0 | AJ48: {=AJ49} -> 0 | AK48: {=AK49} -> 0 | AL48: {=AL49} -> 0 | ... BS48: {=BS49} -> 0 | BW48: P_PROD_UE_COUNT | BX48: {=INDEX('Общие сведения'!$N$170:$N$202,MATCH($F48,'Общие сведения'!$Y$170:$Y$202,0)+1)} -> ТЭ.42.31656254.0001 | BY48: 83.0.1. | CB48: 360.0.1. | CD48: ЧСЛ | CE48: M10865 | CF48: Количество, ед.
E49: 17 | F49: {=OFFSET(G49,-1,-1)} -> 1 | G49: M | H49: L3 | I49: =AC49&"::"&AD49 -> Установленная тепловая мощность::Гкал/час | U49: {=U48} -> true | AB49: 1.1 | AC49: Установленная тепловая мощность | AD49: Гкал/час | AE49: 4.32 | AF49: 4.32 | AZ49: 4.32 | BW49: P_HEAT_POWER | BX49: {=BX48} -> ТЭ.42.31656254.0001 | BY49: 83.0.1. | CB49: 360.0.2. | CD49: ЧСЛ | CE49: M10496 | CF49: Установленная тепловая мощность, Гкал/час
E50: 17 | F50: {=OFFSET(G50,-1,-1)} -> 1 | G50: Yeп | U50: {=U49} -> true | AB50: 2 | AC50: Количество условных единиц для передачи | AD50: УЕ | AE50: =AE51+5*AE64+25*AE65+0.5*AE66 -> 7.6 | AF50: =AF51+5*AF64+25*AF65+0.5*AF66 -> 7.6 | AG50: =AG51+5*AG64+25*AG65+0.5*AG66 -> 0 | AH50: =AH51+5*AH64+25*AH65+0.5*AH66 -> 0 | AI50: =AI51+5*AI64+25*AI65+0.5*AI66 -> 0 | AJ50: =AJ51+5*AJ64+25*AJ65+0.5*AJ66 -> 0 | AK50: =AK51+5*AK64+25*AK65+0.5*AK66 -> 0 | AL50: =AL51+5*AL64+25*AL65+0.5*AL66 -> 0 | ... BS50: =BS51+5*BS64+25*BS65+0.5*BS66 -> 0 | BW50: P_TRANSF_UE_COUNT | BX50: {=BX49} -> ТЭ.42.31656254.0001 | BY50: 83.0.2. | CB50: 360.0.1. | CD50: ЧСЛ | CE50: M10865 | CF50: Количество, ед.
E51: 17 | F51: {=OFFSET(G51,-1,-1)} -> 1 | U51: {=U50} -> true | AB51: 2.1 | AC51: Тепломагистраль | AD51: УЕ | AE51: =AE52+AE55+AE58+AE61 -> 7.6 | AF51: =AF52+AF55+AF58+AF61 -> 7.6 | AG51: =AG52+AG55+AG58+AG61 -> 0 | AH51: =AH52+AH55+AH58+AH61 -> 0 | AI51: =AI52+AI55+AI58+AI61 -> 0 | AJ51: =AJ52+AJ55+AJ58+AJ61 -> 0 | AK51: =AK52+AK55+AK58+AK61 -> 0 | AL51: =AL52+AL55+AL58+AL61 -> 0 | ... BS51: =BS52+BS55+BS58+BS61 -> 0 | BW51: P_HEAT_MAIN | BX51: {=BX50} -> ТЭ.42.31656254.0001 | BY51: 83.0.2. | BZ51: 314.0.3. | CD51: ЧСЛ | CE51: M10865 | CF51: Количество, ед.
E52: 17 | F52: {=OFFSET(G52,-1,-1)} -> 1 | U52: {=U51} -> true | AB52: 2.1.1 | AC52: Однотрубные | AD52: УЕ | AE52: =0.75*(11*AE54+MAX(0.06*AE54*(AE53-100),0)) -> 0 | AF52: =0.75*(11*AF54+MAX(0.06*AF54*(AF53-100),0)) -> 0 | AG52: =0.75*(11*AG54+MAX(0.06*AG54*(AG53-100),0)) -> 0 | AH52: =0.75*(11*AH54+MAX(0.06*AH54*(AH53-100),0)) -> 0 | AI52: =0.75*(11*AI54+MAX(0.06*AI54*(AI53-100),0)) -> 0 | AJ52: =0.75*(11*AJ54+MAX(0.06*AJ54*(AJ53-100),0)) -> 0 | AK52: =0.75*(11*AK54+MAX(0.06*AK54*(AK53-100),0)) -> 0 | AL52: =0.75*(11*AL54+MAX(0.06*AL54*(AL53-100),0)) -> 0 | ... BS52: =0.75*(11*BS54+MAX(0.06*BS54*(BS53-100),0)) -> 0 | BW52: P_SP | BX52: {=BX51} -> ТЭ.42.31656254.0001 | BY52: 83.0.2. | BZ52: 314.0.3. | CA52: 238.0.1. | CB52: 360.0.1. | CD52: ЧСЛ | CE52: M10865 | CF52: Количество, ед.
E53: 17 | F53: {=OFFSET(G53,-1,-1)} -> 1 | U53: {=U52} -> true | AB53: =AB52&".1" -> 2.1.1.1 | AC53: Средний диаметр | AD53: мм | BW53: P_SP_AVER_DIAM | BX53: {=BX52} -> ТЭ.42.31656254.0001 | BY53: 83.0.2. | BZ53: 314.0.3. | CA53: 238.0.1. | CB53: 360.0.2. | CD53: ЧСЛ | CE53: M11829 | CF53: Средний диаметр трубопровода, мм
E54: 17 | F54: {=OFFSET(G54,-1,-1)} -> 1 | U54: {=U53} -> true | AB54: =AB52&".2" -> 2.1.1.2 | AC54: Протяженность | AD54: км | BW54: P_SP_LENGTH | BX54: {=BX53} -> ТЭ.42.31656254.0001 | BY54: 83.0.2. | BZ54: 314.0.3. | CA54: 238.0.1. | CB54: 360.0.3. | CD54: ЧСЛ | CE54: M11181 | CF54: Протяжённость сетей в однотрубном исчислении, км.
E55: 17 | F55: {=OFFSET(G55,-1,-1)} -> 1 | U55: {=U54} -> true | AB55: 2.1.2 | AC55: Двухтрубные | AD55: УЕ | AE55: =(11*AE57+MAX(0.06*AE57*(AE56-100),0)) -> 7.6 | AF55: =(11*AF57+MAX(0.06*AF57*(AF56-100),0)) -> 7.6 | AG55: =(11*AG57+MAX(0.06*AG57*(AG56-100),0)) -> 0 | AH55: =(11*AH57+MAX(0.06*AH57*(AH56-100),0)) -> 0 | AI55: =(11*AI57+MAX(0.06*AI57*(AI56-100),0)) -> 0 | AJ55: =(11*AJ57+MAX(0.06*AJ57*(AJ56-100),0)) -> 0 | AK55: =(11*AK57+MAX(0.06*AK57*(AK56-100),0)) -> 0 | AL55: =(11*AL57+MAX(0.06*AL57*(AL56-100),0)) -> 0 | ... BS55: =(11*BS57+MAX(0.06*BS57*(BS56-100),0)) -> 0 | BW55: P_DP | BX55: {=BX54} -> ТЭ.42.31656254.0001 | BY55: 83.0.2. | BZ55: 314.0.3. | CA55: 238.0.2. | CB55: 360.0.1. | CD55: ЧСЛ | CE55: M10865 | CF55: Количество, ед.
E56: 17 | F56: {=OFFSET(G56,-1,-1)} -> 1 | U56: {=U55} -> true | AB56: =AB55&".1" -> 2.1.2.1 | AC56: Средний диаметр | AD56: мм | AE56: 250 | AF56: 250 | AZ56: 250 | BW56: P_DP_AVER_DIAM | BX56: {=BX55} -> ТЭ.42.31656254.0001 | BY56: 83.0.2. | BZ56: 314.0.3. | CA56: 238.0.2. | CB56: 360.0.2. | CD56: ЧСЛ | CE56: M11829 | CF56: Средний диаметр трубопровода, мм
E57: 17 | F57: {=OFFSET(G57,-1,-1)} -> 1 | U57: {=U56} -> true | AB57: =AB55&".2" -> 2.1.2.2 | AC57: Протяженность | AD57: км | AE57: 0.38 | AF57: 0.38 | AZ57: 0.38 | BW57: P_DP_LENGTH | BX57: {=BX56} -> ТЭ.42.31656254.0001 | BY57: 83.0.2. | BZ57: 314.0.3. | CA57: 238.0.2. | CB57: 360.0.3. | CD57: ЧСЛ | CE57: M10762 | CF57: протяжённость сетей (в двухтрубном исчислении), км.
E58: 17 | F58: {=OFFSET(G58,-1,-1)} -> 1 | U58: {=U57} -> true | AB58: 2.1.3 | AC58: Трехтрубные | AD58: УЕ | AE58: =1.25*(11*AE60+MAX(0.06*AE60*(AE59-100),0)) -> 0 | AF58: =1.25*(11*AF60+MAX(0.06*AF60*(AF59-100),0)) -> 0 | AG58: =1.25*(11*AG60+MAX(0.06*AG60*(AG59-100),0)) -> 0 | AH58: =1.25*(11*AH60+MAX(0.06*AH60*(AH59-100),0)) -> 0 | AI58: =1.25*(11*AI60+MAX(0.06*AI60*(AI59-100),0)) -> 0 | AJ58: =1.25*(11*AJ60+MAX(0.06*AJ60*(AJ59-100),0)) -> 0 | AK58: =1.25*(11*AK60+MAX(0.06*AK60*(AK59-100),0)) -> 0 | AL58: =1.25*(11*AL60+MAX(0.06*AL60*(AL59-100),0)) -> 0 | ... BS58: =1.25*(11*BS60+MAX(0.06*BS60*(BS59-100),0)) -> 0 | BW58: P_TP | BX58: {=BX57} -> ТЭ.42.31656254.0001 | BY58: 83.0.2. | BZ58: 314.0.3. | CA58: 238.0.3. | CB58: 360.0.1. | CD58: ЧСЛ | CE58: M10865 | CF58: Количество, ед.
E59: 17 | F59: {=OFFSET(G59,-1,-1)} -> 1 | U59: {=U58} -> true | AB59: =AB58&".1" -> 2.1.3.1 | AC59: Средний диаметр | AD59: мм | BW59: P_TP_AVER_DIAM | BX59: {=BX58} -> ТЭ.42.31656254.0001 | BY59: 83.0.2. | BZ59: 314.0.3. | CA59: 238.0.3. | CB59: 360.0.2. | CD59: ЧСЛ | CE59: M11829 | CF59: Средний диаметр трубопровода, мм
E60: 17 | F60: {=OFFSET(G60,-1,-1)} -> 1 | U60: {=U59} -> true | AB60: =AB58&".2" -> 2.1.3.2 | AC60: Протяженность | AD60: км | BW60: P_TP_LENGTH | BX60: {=BX59} -> ТЭ.42.31656254.0001 | BY60: 83.0.2. | BZ60: 314.0.3. | CA60: 238.0.3. | CB60: 360.0.3. | CD60: ЧСЛ | CE60: M10682 | CF60: Протяжённость сетей, км
E61: 17 | F61: {=OFFSET(G61,-1,-1)} -> 1 | H61: L3 | I61: =AC61&"::"&AD61 -> Четырехтрубные::УЕ | U61: {=U60} -> true | AB61: 2.1.4 | AC61: Четырехтрубные | AD61: УЕ | AE61: =1.5*(11*AE63+MAX(0.06*AE63*(AE62-100),0)) -> 0 | AF61: =1.5*(11*AF63+MAX(0.06*AF63*(AF62-100),0)) -> 0 | AG61: =1.5*(11*AG63+MAX(0.06*AG63*(AG62-100),0)) -> 0 | AH61: =1.5*(11*AH63+MAX(0.06*AH63*(AH62-100),0)) -> 0 | AI61: =1.5*(11*AI63+MAX(0.06*AI63*(AI62-100),0)) -> 0 | AJ61: =1.5*(11*AJ63+MAX(0.06*AJ63*(AJ62-100),0)) -> 0 | AK61: =1.5*(11*AK63+MAX(0.06*AK63*(AK62-100),0)) -> 0 | AL61: =1.5*(11*AL63+MAX(0.06*AL63*(AL62-100),0)) -> 0 | ... BS61: =1.5*(11*BS63+MAX(0.06*BS63*(BS62-100),0)) -> 0 | BW61: P_FP | BX61: {=BX60} -> ТЭ.42.31656254.0001 | BY61: 83.0.2. | BZ61: 314.0.3. | CA61: 238.0.4. | CB61: 360.0.1. | CD61: ЧСЛ | CE61: M10865 | CF61: Количество, ед.
E62: 17 | F62: {=OFFSET(G62,-1,-1)} -> 1 | U62: {=U61} -> true | AB62: =AB61&".1" -> 2.1.4.1 | AC62: Средний диаметр | AD62: мм | BW62: P_FP_AVER_DIAM | BX62: {=BX61} -> ТЭ.42.31656254.0001 | BY62: 83.0.2. | BZ62: 314.0.3. | CA62: 238.0.4. | CB62: 360.0.2. | CD62: ЧСЛ | CE62: M11829 | CF62: Средний диаметр трубопровода, мм
E63: 17 | F63: {=OFFSET(G63,-1,-1)} -> 1 | U63: {=U62} -> true | AB63: =AB61&".2" -> 2.1.4.2 | AC63: Протяженность | AD63: км | BW63: P_FP_LENGTH | BX63: {=BX62} -> ТЭ.42.31656254.0001 | BY63: 83.0.2. | BZ63: 314.0.3. | CA63: 238.0.4. | CB63: 360.0.3. | CD63: ЧСЛ | CE63: M10682 | CF63: Протяжённость сетей, км
E64: 31 | F64: {=OFFSET(G64,-1,-1)} -> 1 | U64: {=U63} -> true | AB64: 2.2 | AC64: Тепловой узел на балансе организации, осуществляющей деятельность по передаче тепловой энергии, теплоносителя | AD64: 1 узел | BW64: P_HEAT_UNIT | BX64: {=BX63} -> ТЭ.42.31656254.0001 | BY64: 83.0.2. | BZ64: 314.0.4. | CD64: ЧСЛ | CE64: M10865 | CF64: Количество, ед.
E65: 40 | F65: {=OFFSET(G65,-1,-1)} -> 1 | U65: {=U64} -> true | AB65: 2.3 | AC65: Подкачивающая насосная станция на балансе организации, осуществляющей деятельность по передаче тепловой энергии, теплоносителя | AD65: 1 станция | BW65: P_PUMP_STATION | BX65: {=BX64} -> ТЭ.42.31656254.0001 | BY65: 83.0.2. | BZ65: 314.0.5. | CD65: ЧСЛ | CE65: M10865 | CF65: Количество, ед.
E66: 50 | F66: {=OFFSET(G66,-1,-1)} -> 1 | H66: L3 | I66: =AC66&"::"&AD66 -> Расчетная присоединительная тепловая мощность по трубопроводам на балансе организации, осуществляющей деятельность по передаче тепловой энергии, теплоносителя::Гкал/час | U66: {=U65} -> true | AB66: 2.4 | AC66: Расчетная присоединительная тепловая мощность по трубопроводам на балансе организации, осуществляющей деятельность по передаче тепловой энергии, теплоносителя | AD66: Гкал/час | BW66: P_CALC_HEAT_POWER | BX66: {=BX65} -> ТЭ.42.31656254.0001 | BY66: 83.0.2. | CB66: 360.0.2. | CD66: ЧСЛ | CE66: M11813 | CF66: Расчетная присоединительная тепловая мощность, Гкал/час
E67: 11 | V67: Добавить | W67: { _x000D_ funcDyn: 'msg1',_x000D_ blok: 'blok_1',_x000D_ wsCross: 'Сценарии',_x000D_ linkFormula: 'AB-AB',_x000D_ levelDyn: ''_x000D_ }

Sheet Сценарии
F1: tariffId | T1: vis_1 | U1: dyn_1 | V1: blok_1 | W1: blok_2 | X1: ren_1 | Y1: ren_2 | Z1: del_1 | AA1: del_2 | AC1: dyn_2 | BU1: pok_js | BV1: PJ_DYN | BW1: PJ_NAME | BX1: dyn_add | BY1: dyn_fill | BZ1: ИД.ТАРИФ_NAME | CA1: uni_inform_section_NAME | CB1: uni_energy_source_water_NAME | CC1: uni_activity_type_NAME | CD1: uni_gas_supply_NAME | CE1: uni_tariff_class_NAME | CF1: uni_fuel_transportation_account_NAME | CG1: uni_fuel_type_NAME | CH1: user_dyn_block_NAME | CI1: G_UNIT | CJ1: G_POK | CK1: G_COMMENT
B2: vis | AE2: {=isOrgDeclare} -> true | AF2: =AND(AF9<=last_year_vis,isOrgDeclare) -> 0 | AG2: =AND(AG9<=last_year_vis,isOrgDeclare) -> 0 | AH2: =AND(AH9<=last_year_vis,isOrgDeclare) -> 0 | AI2: =AND(AI9<=last_year_vis,isOrgDeclare) -> 0 | AJ2: =AND(AJ9<=last_year_vis,isOrgDeclare) -> 0 | AK2: =AND(AK9<=last_year_vis,isOrgDeclare) -> 0 | AL2: =AND(AL9<=last_year_vis,isOrgDeclare) -> 0 | AM2: =AND(AM9<=last_year_vis,isOrgDeclare) -> 0 | ... AX2: =AND(AX9<=last_year_vis,isOrgDeclare) -> 0 | AY2: =AY9<=last_year_vis -> 1 | AZ2: =AZ9<=last_year_vis -> 0 | BA2: =BA9<=last_year_vis -> 0 | BB2: =BB9<=last_year_vis -> 0 | BC2: =BC9<=last_year_vis -> 0 | BD2: =BD9<=last_year_vis -> 0 | BE2: =BE9<=last_year_vis -> 0 | BF2: =BF9<=last_year_vis -> 0 | ... BR2: =BR9<=last_year_vis -> 0
E5: size | AA5: 3 | AB5: 6 | AC5: 52 | AD5: 14 | AE5: 15 | AF5: 15 | AG5: 15 | AH5: 15 | AI5: 15 | AJ5: 15 | AK5: 15 | AL5: 15 | AM5: 15 | AN5: 15 | AO5: 15 | AP5: 15 | AQ5: 15 | AR5: 15 | AS5: 15 | AT5: 15 | AU5: 15 | AV5: 15 | AW5: 15 | AX5: 15 | AY5: 15 | AZ5: 15 | BA5: 15 | BB5: 15 | BC5: 15 | BD5: 15 | BE5: 15 | BF5: 15 | BG5: 15 | BH5: 15 | BI5: 15 | BJ5: 15 | BK5: 15 | BL5: 15 | BM5: 15 | BN5: 15 | BO5: 15 | BP5: 15 | BQ5: 15 | BR5: 15 | BS5: 3
A9: PJ_YEAR | AE9: {=god} -> 2027 | AF9: =god+1 -> 2028 | AG9: =god+2 -> 2029 | AH9: =god+3 -> 2030 | AI9: =god+4 -> 2031 | AJ9: =god+5 -> 2032 | AK9: =god+6 -> 2033 | AL9: =god+7 -> 2034 | AM9: =god+8 -> 2035 | AN9: =god+9 -> 2036 | AO9: =god+10 -> 2037 | AP9: =god+11 -> 2038 | AQ9: =god+12 -> 2039 | AR9: =god+13 -> 2040 | AS9: =god+14 -> 2041 | AT9: =god+15 -> 2042 | AU9: =god+16 -> 2043 | AV9: =god+17 -> 2044 | AW9: =god+18 -> 2045 | AX9: =god+19 -> 2046 | AY9: {=god} -> 2027 | AZ9: =god+1 -> 2028 | BA9: =god+2 -> 2029 | BB9: =god+3 -> 2030 | BC9: =god+4 -> 2031 | BD9: =god+5 -> 2032 | BE9: =god+6 -> 2033 | BF9: =god+7 -> 2034 | BG9: =god+8 -> 2035 | BH9: =god+9 -> 2036 | BI9: =god+10 -> 2037 | BJ9: =god+11 -> 2038 | BK9: =god+12 -> 2039 | BL9: =god+13 -> 2040 | BM9: =god+14 -> 2041 | BN9: =god+15 -> 2042 | BO9: =god+16 -> 2043 | BP9: =god+17 -> 2044 | BQ9: =god+18 -> 2045 | BR9: =god+19 -> 2046
A10: PJ_PF | AE10: {=AE25} -> Предложение организации | AF10: {=AF25} -> Предложение организации | AG10: {=AG25} -> Предложение организации | AH10: {=AH25} -> Предложение организации | AI10: {=AI25} -> Предложение организации | AJ10: {=AJ25} -> Предложение организации | AK10: {=AK25} -> Предложение организации | AL10: {=AL25} -> Предложение организации | ... BR10: {=BR25} -> Принято органом регулирования
A11: dyn_names | AC11: PJ_NAME
A12: checkUnique | AC12: Наименование параметра
A14: uni_org_reg_NAME | AE14: 328.0.1. | AF14: 328.0.1. | AG14: 328.0.1. | AH14: 328.0.1. | AI14: 328.0.1. | AJ14: 328.0.1. | AK14: 328.0.1. | AL14: 328.0.1. | AM14: 328.0.1. | AN14: 328.0.1. | AO14: 328.0.1. | AP14: 328.0.1. | AQ14: 328.0.1. | AR14: 328.0.1. | AS14: 328.0.1. | AT14: 328.0.1. | AU14: 328.0.1. | AV14: 328.0.1. | AW14: 328.0.1. | AX14: 328.0.1. | AY14: 328.0.2. | AZ14: 328.0.2. | BA14: 328.0.2. | BB14: 328.0.2. | BC14: 328.0.2. | BD14: 328.0.2. | BE14: 328.0.2. | BF14: 328.0.2. | BG14: 328.0.2. | BH14: 328.0.2. | BI14: 328.0.2. | BJ14: 328.0.2. | BK14: 328.0.2. | BL14: 328.0.2. | BM14: 328.0.2. | BN14: 328.0.2. | BO14: 328.0.2. | BP14: 328.0.2. | BQ14: 328.0.2. | BR14: 328.0.2.
A15: uni_pf_NAME | AE15: 36.0.3. | AF15: 36.0.3. | AG15: 36.0.3. | AH15: 36.0.3. | AI15: 36.0.3. | AJ15: 36.0.3. | AK15: 36.0.3. | AL15: 36.0.3. | AM15: 36.0.3. | AN15: 36.0.3. | AO15: 36.0.3. | AP15: 36.0.3. | AQ15: 36.0.3. | AR15: 36.0.3. | AS15: 36.0.3. | AT15: 36.0.3. | AU15: 36.0.3. | AV15: 36.0.3. | AW15: 36.0.3. | AX15: 36.0.3. | AY15: 36.0.7. | AZ15: 36.0.7. | BA15: 36.0.7. | BB15: 36.0.7. | BC15: 36.0.7. | BD15: 36.0.7. | BE15: 36.0.7. | BF15: 36.0.7. | BG15: 36.0.7. | BH15: 36.0.7. | BI15: 36.0.7. | BJ15: 36.0.7. | BK15: 36.0.7. | BL15: 36.0.7. | BM15: 36.0.7. | BN15: 36.0.7. | BO15: 36.0.7. | BP15: 36.0.7. | BQ15: 36.0.7. | BR15: 36.0.7.
A16: uni_year_NAME | AE16: ="389.0."&AE9-2010&"." -> 389.0.17. | AF16: ="389.0."&AF9-2010&"." -> 389.0.18. | AG16: ="389.0."&AG9-2010&"." -> 389.0.19. | AH16: ="389.0."&AH9-2010&"." -> 389.0.20. | AI16: ="389.0."&AI9-2010&"." -> 389.0.21. | AJ16: ="389.0."&AJ9-2010&"." -> 389.0.22. | AK16: ="389.0."&AK9-2010&"." -> 389.0.23. | AL16: ="389.0."&AL9-2010&"." -> 389.0.24. | ... BR16: ="389.0."&BR9-2010&"." -> 389.0.36.
A17: V_UNIT
A18: V_POK
A19: V_COMMENT
E21: 15 | AC21: {=tpl_title} -> Кемеровская область / 2027 / ООО "КК-ИНВЕСТ" (ИНН:1901133713, КПП:190101001) / ДПР: 2025-2027
E22: 22 | AB22: Ключевые сценарные показатели
E23: 11
E24: 15 | AB24: № п/п | AC24: Наименование параметра | AD24: Единица измерения | AE24: =god&" год" -> 2027 год | AF24: =god+1&" год" -> 2028 год | AG24: =god+2&" год" -> 2029 год | AH24: =god+3&" год" -> 2030 год | AI24: =god+4&" год" -> 2031 год | AJ24: =god+5&" год" -> 2032 год | AK24: =god+6&" год" -> 2033 год | AL24: =god+7&" год" -> 2034 год | AM24: =god+8&" год" -> 2035 год | AN24: =god+9&" год" -> 2036 год | AO24: =god+10&" год" -> 2037 год | AP24: =god+11&" год" -> 2038 год | AQ24: =god+12&" год" -> 2039 год | AR24: =god+13&" год" -> 2040 год | AS24: =god+14&" год" -> 2041 год | AT24: =god+15&" год" -> 2042 год | AU24: =god+16&" год" -> 2043 год | AV24: =god+17&" год" -> 2044 год | AW24: =god+18&" год" -> 2045 год | AX24: =god+19&" год" -> 2046 год | AY24: =god&" год" -> 2027 год | AZ24: =god+1&" год" -> 2028 год | BA24: =god+2&" год" -> 2029 год | BB24: =god+3&" год" -> 2030 год | BC24: =god+4&" год" -> 2031 год | BD24: =god+5&" год" -> 2032 год | BE24: =god+6&" год" -> 2033 год | BF24: =god+7&" год" -> 2034 год | BG24: =god+8&" год" -> 2035 год | BH24: =god+9&" год" -> 2036 год | BI24: =god+10&" год" -> 2037 год | BJ24: =god+11&" год" -> 2038 год | BK24: =god+12&" год" -> 2039 год | BL24: =god+13&" год" -> 2040 год | BM24: =god+14&" год" -> 2041 год | BN24: =god+15&" год" -> 2042 год | BO24: =god+16&" год" -> 2043 год | BP24: =god+17&" год" -> 2044 год | BQ24: =god+18&" год" -> 2045 год | BR24: =god+19&" год" -> 2046 год
E25: 69 | AE25: Предложение организации | AF25: Предложение организации | AG25: Предложение организации | AH25: Предложение организации | AI25: Предложение организации | AJ25: Предложение организации | AK25: Предложение организации | AL25: Предложение организации | AM25: Предложение организации | AN25: Предложение организации | AO25: Предложение организации | AP25: Предложение организации | AQ25: Предложение организации | AR25: Предложение организации | AS25: Предложение организации | AT25: Предложение организации | AU25: Предложение организации | AV25: Предложение организации | AW25: Предложение организации | AX25: Предложение организации | AY25: Принято органом регулирования | AZ25: Принято органом регулирования | BA25: Принято органом регулирования | BB25: Принято органом регулирования | BC25: Принято органом регулирования | BD25: Принято органом регулирования | BE25: Принято органом регулирования | BF25: Принято органом регулирования | BG25: Принято органом регулирования | BH25: Принято органом регулирования | BI25: Принято органом регулирования | BJ25: Принято органом регулирования | BK25: Принято органом регулирования | BL25: Принято органом регулирования | BM25: Принято органом регулирования | BN25: Принято органом регулирования | BO25: Принято органом регулирования | BP25: Принято органом регулирования | BQ25: Принято органом регулирования | BR25: Принято органом регулирования
E26: 24 | AC26: Ставка НДС | AD26: % | AE26: 22 | AY26: 22 | BU26: P_NDS_COMMON | CI26: ЧСЛ | CJ26: M11247 | CK26: Ставка НДС, %
E27: 0
E28: 11 | F28: {=X28} -> 0 | T28: =F28>0 -> 0 | V28: et_1 | X28: 0 | AB28: {=INDEX('Общие сведения'!$AG$169:$AG$202,MATCH($F28,'Общие сведения'!$Y$169:$Y$202,0))} -> Тариф 0 (Теплоснабжение) -
E29: 11 | F29: {=OFFSET(G29,-1,-1)} -> 0 | T29: =F29>0 -> 0 | AC29: Индексы
E30: 17 | F30: {=OFFSET(G30,-1,-1)} -> 0 | G30: ИОР | T30: =AND(F30>0,method_reg<>"Метод экономически обоснованных расходов") -> 0 | AB30: 1 | AC30: Индекс эффективности операционных расходов | AD30: % | AE30: 1 | AF30: 1 | AG30: 1 | AH30: 1 | AI30: 1 | AJ30: 1 | AK30: 1 | AL30: 1 | AM30: 1 | AN30: 1 | AO30: 1 | AP30: 1 | AQ30: 1 | AR30: 1 | AS30: 1 | AT30: 1 | AU30: 1 | AV30: 1 | AW30: 1 | AX30: 1 | AY30: 1 | AZ30: 1 | BA30: 1 | BB30: 1 | BC30: 1 | BD30: 1 | BE30: 1 | BF30: 1 | BG30: 1 | BH30: 1 | BI30: 1 | BJ30: 1 | BK30: 1 | BL30: 1 | BM30: 1 | BN30: 1 | BO30: 1 | BP30: 1 | BQ30: 1 | BR30: 1 | BU30: P_IND_1 | BZ30: {=INDEX('Общие сведения'!$N$170:$N$202,MATCH($F30,'Общие сведения'!$Y$170:$Y$202,0)+1)} -> 0 | CA30: 110.0.1. | CI30: ЧСЛ | CJ30: M11758 | CK30: Индекс эффективности операционных расходов, %
E31: 30 | F31: {=OFFSET(G31,-1,-1)} -> 0 | T31: =AND(F31>0,method_reg<>"Метод экономически обоснованных расходов") -> 0 | AB31: 2 | AC31: Индекс эффективности операционных расходов для концессий (при наличии) | BZ31: {=OFFSET(BY31,-1,1)} -> 0
E32: 0 | F32: {=OFFSET(G32,-1,-1)} -> 0 | T32: =AND(F32>0,method_reg<>"Метод экономически обоснованных расходов") -> 0 | BZ32: {=OFFSET(BY32,-1,1)} -> 0
E33: 17 | F33: {=OFFSET(G33,-1,-1)} -> 0 | T33: =AND(F33>0,Y33>0,method_reg<>"Метод экономически обоснованных расходов") -> 0 | W33: et_2 | Y33: 0 | AA33: × | AB33: ="2."&Y33 -> 2.0 | AD33: % | BU33: P_IND_2 | BV33: DYN_INDEX | BW33: {=AC33} -> 0 | BY33: TRUE | BZ33: {=OFFSET(BY33,-1,1)} -> 0 | CA33: 110.0.11. | CH33: {=$AC33} -> 0 | CI33: ЧСЛ | CJ33: M11758 | CK33: Индекс эффективности операционных расходов, %
E34: 17 | F34: {=OFFSET(G34,-1,-1)} -> 0 | T34: =AND(F34>0,method_reg<>"Метод экономически обоснованных расходов") -> 0 | W34: { _x000D_ funcDyn: 'msg',_x000D_ blok: '',_x000D_ wsCross: '',_x000D_ linkFormula: '',_x000D_ levelDyn: '1'_x000D_ } | AC34: Добавить | BX34: DYN_INDEX | BZ34: {=OFFSET(BY34,-1,1)} -> 0
E35: 17 | F35: {=OFFSET(G35,-1,-1)} -> 0 | G35: ИПЦ | T35: =F35>0 -> 0 | AB35: 3 | AC35: Индекс потребительских цен | AD35: % | BU35: P_IND_CONS_PRICE | BZ35: {=OFFSET(BY35,-1,1)} -> 0 | CI35: ЧСЛ | CJ35: M10621 | CK35: Индекс потребительских цен, %
E36: 17 | F36: {=OFFSET(G36,-1,-1)} -> 0 | T36: =F36>0 -> 0 | AB36: 4 | AC36: Индекс изменения цен на электроэнергию | AD36: % | BU36: P_IND_PRICE_CNANGE | BZ36: {=OFFSET(BY36,-1,1)} -> 0 | CB36: 129.0.1. | CI36: ЧСЛ | CJ36: M11245 | CK36: Индекс роста цен, %
E37: 30 | F37: {=OFFSET(G37,-1,-1)} -> 0 | T37: =F37>0 -> 0 | AB37: 5 | AC37: Индекс изменения размера платы граждан за коммунальные услуги | AD37: % | BU37: P_IND_PAYMENT | BZ37: {=OFFSET(BY37,-1,1)} -> 0 | CI37: ЧСЛ | CJ37: M10312 | CK37: Индекс изменения размера вносимой гражданами платы за коммунальные услуги в среднем по субъекту РФ, %
E38: 17 | F38: {=OFFSET(G38,-1,-1)} -> 0 | T38: =F38>0 -> 0 | AB38: 6 | AC38: Индекс изменения цен на природный газ | AD38: % | BU38: P_IND_GAS | BZ38: {=OFFSET(BY38,-1,1)} -> 0 | CD38: 268.0.3. | CI38: ЧСЛ | CJ38: M11245 | CK38: Индекс роста цен, %
E39: 17 | F39: {=OFFSET(G39,-1,-1)} -> 0 | T39: =F39>0 -> 0 | AB39: 7 | AC39: Индекс изменения цен на снабженческо-сбытовую надбавку | AD39: % | BU39: P_IND_SUPPLY | BZ39: {=OFFSET(BY39,-1,1)} -> 0 | CE39: 352.0.46. | CI39: ЧСЛ | CJ39: M11245 | CK39: Индекс роста цен, %
E40: 17 | F40: {=OFFSET(G40,-1,-1)} -> 0 | T40: =F40>0 -> 0 | AB40: 8 | AC40: Индекс изменения цен на транспортировку газа | AD40: % | BU40: P_IND_GAS_TRANSP | BZ40: {=OFFSET(BY40,-1,1)} -> 0 | CC40: 83.0.17. | CD40: 268.0.3. | CI40: ЧСЛ | CJ40: M11245 | CK40: Индекс роста цен, %
E41: 17 | F41: {=OFFSET(G41,-1,-1)} -> 0 | T41: =F41>0 -> 0 | AB41: 9 | AC41: Расчетная теплота сгорания 1 куб.м. природного газа | AD41: Ккал/м3 | AE41: =7900 -> 7900 | AF41: =7900 -> 7900 | AG41: =7900 -> 7900 | AH41: =7900 -> 7900 | AI41: =7900 -> 7900 | AJ41: =7900 -> 7900 | AK41: =7900 -> 7900 | AL41: =7900 -> 7900 | ... BR41: =7900 -> 7900 | BU41: P_IND_BURN_GAS | BZ41: {=OFFSET(BY41,-1,1)} -> 0 | CD41: 268.0.3. | CI41: ЧСЛ | CJ41: M11814 | CK41: Расчетная теплота сгорания природного газа
E42: 17 | F42: {=OFFSET(G42,-1,-1)} -> 0 | T42: =F42>0 -> 0 | AB42: 10 | AC42: Оптовая цена на природный газ | AD42: руб./тыс.м3 | BU42: P_IND_WHOLESALE | BZ42: {=OFFSET(BY42,-1,1)} -> 0 | CD42: 268.0.3. | CI42: ЧСЛ | CJ42: M10449 | CK42: Регулируемая (расчётная) оптовая цена, без НДС, руб./тыс.куб.м.
E43: 17 | F43: {=OFFSET(G43,-1,-1)} -> 0 | T43: =F43>0 -> 0 | AB43: 11 | AC43: Теплота сгорания 1 кг условного топлива | AD43: Ккал/кг | AE43: =7000 -> 7000 | AF43: =7000 -> 7000 | AG43: =7000 -> 7000 | AH43: =7000 -> 7000 | AI43: =7000 -> 7000 | AJ43: =7000 -> 7000 | AK43: =7000 -> 7000 | AL43: =7000 -> 7000 | ... BR43: =7000 -> 7000 | BU43: P_IND_BURN_OTHER | BZ43: {=OFFSET(BY43,-1,1)} -> 0 | CF43: 167.0.6. | CI43: ЧСЛ | CJ43: M11815 | CK43: Теплота сгорания условного топлива
E44: 17 | F44: {=OFFSET(G44,-1,-1)} -> 0 | T44: =F44>0 -> 0 | AB44: 12 | AC44: Индекс изменения цен на уголь | AD44: % | BU44: P_IND_COAL_PRICE | BZ44: {=OFFSET(BY44,-1,1)} -> 0 | CG44: 101.0.5. | CI44: ЧСЛ | CJ44: M11245 | CK44: Индекс роста цен, %
E45: 17 | F45: {=OFFSET(G45,-1,-1)} -> 0 | T45: =F45>0 -> 0 | AB45: 13 | AC45: Индекс изменения цен на мазут | AD45: % | BU45: P_IND_MAZUT_PRICE | BZ45: {=OFFSET(BY45,-1,1)} -> 0 | CG45: 101.0.3. | CI45: ЧСЛ | CJ45: M11245 | CK45: Индекс роста цен, %
E46: 17 | F46: {=OFFSET(G46,-1,-1)} -> 0 | T46: =F46>0 -> 0 | AB46: 14 | AC46: Индекс изменения цен на дизельное топливо | AD46: % | BU46: P_IND_DIESEL_PRICE | BZ46: {=OFFSET(BY46,-1,1)} -> 0 | CG46: 101.0.2. | CI46: ЧСЛ | CJ46: M11245 | CK46: Индекс роста цен, %
E47: 17 | F47: {=OFFSET(G47,-1,-1)} -> 0 | T47: =F47>0 -> 0 | AB47: 15 | AC47: Индекс изменения цен на прочее топливо | AD47: % | BU47: P_IND_OTHER_PRICE | BZ47: {=OFFSET(BY47,-1,1)} -> 0 | CG47: 101.0.12. | CI47: ЧСЛ | CJ47: M11245 | CK47: Индекс роста цен, %
E48: 17 | F48: {=OFFSET(G48,-1,-1)} -> 0 | G48: ИКА | T48: =AND(F48>0,method_reg<>"Метод экономически обоснованных расходов") -> 0 | AB48: 16 | AC48: Индекс изменения количества активов | BU48: P_IND_ACTIVE | BZ48: {=OFFSET(BY48,-1,1)} -> 0 | CI48: ЧСЛ | CJ48: M11597 | CK48: Индекс изменения количества активов, %
E49: 30 | F49: {=OFFSET(G49,-1,-1)} -> 0 | G49: КЭ | T49: =AND(F49>0,method_reg<>"Метод экономически обоснованных расходов") -> 0 | AB49: 17 | AC49: Коэффициент эластичности затрат по росту _x000D_ активов | AE49: =0.75 -> 0.75 | AF49: =0.75 -> 0.75 | AG49: =0.75 -> 0.75 | AH49: =0.75 -> 0.75 | AI49: =0.75 -> 0.75 | AJ49: =0.75 -> 0.75 | AK49: =0.75 -> 0.75 | AL49: =0.75 -> 0.75 | ... BR49: =0.75 -> 0.75 | BU49: P_KOEF_ACTIVE | BZ49: {=OFFSET(BY49,-1,1)} -> 0 | CI49: ЧСЛ | CJ49: M11816 | CK49: Коэффициент эластичности затрат по росту активов
E50: 17 | F50: {=OFFSET(G50,-1,-1)} -> 0 | T50: =AND(F50>0,Y50>0,method_reg<>"Метод экономически обоснованных расходов") -> 0 | W50: et_2 | Y50: 0 | AA50: × | AD50: % | BU50: P_IND_3 | BV50: DYN_INDEX_2 | BW50: {=AC50} -> 0 | BY50: TRUE | BZ50: {=OFFSET(BY50,-1,1)} -> 0 | CH50: {=AC50} -> 0 | CI50: ЧСЛ | CJ50: M11816 | CK50: Коэффициент эластичности затрат по росту активов
E51: 17 | F51: {=OFFSET(G51,-1,-1)} -> 0 | T51: =AND(F51>0,method_reg<>"Метод экономически обоснованных расходов") -> 0 | W51: { _x000D_ funcDyn: 'msg',_x000D_ blok: '',_x000D_ wsCross: '',_x000D_ linkFormula: '',_x000D_ levelDyn: '1'_x000D_ } | AC51: Добавить индекс | BX51: DYN_INDEX_2 | BZ51: {=OFFSET(BY51,-1,1)} -> 0
E52: 17 | F52: {=OFFSET(G52,-1,-1)} -> 0 | T52: =F52>0 -> 0 | AB52: 18 | AC52: Налоговые ставки | BZ52: {=OFFSET(BY52,-1,1)} -> 0
E53: 17 | F53: {=OFFSET(G53,-1,-1)} -> 0 | G53: СВФОТ | T53: =F53>0 -> 0 | AB53: 18.1 | AC53: Ставка страховых взносов с ФОТ | AD53: % | BU53: P_TAX_FOT | BZ53: {=OFFSET(BY53,-1,1)} -> 0 | CI53: ЧСЛ | CJ53: M11246 | CK53: Ставка страховых взносов с ФОТ, %
E54: 17 | F54: {=OFFSET(G54,-1,-1)} -> 0 | T54: =F54>0 -> 0 | AB54: 18.2 | AC54: Ставки налога на имущество | AD54: % | BU54: P_TAX_PROPERTY | BZ54: {=OFFSET(BY54,-1,1)} -> 0 | CI54: ЧСЛ | CJ54: M11253 | CK54: Ставки налога на имущество, %
E55: 17 | F55: {=OFFSET(G55,-1,-1)} -> 0 | T55: =F55>0 -> 0 | AB55: 18.3 | AC55: Ставка налога при УСН | AD55: % | BU55: P_TAX_USN | BZ55: {=OFFSET(BY55,-1,1)} -> 0 | CI55: ЧСЛ | CJ55: M11254 | CK55: Ставка налога при УСН, %
E56: 17 | F56: {=OFFSET(G56,-1,-1)} -> 0 | T56: =F56>0 -> 0 | AB56: 18.4 | AC56: Ставка налога на прибыль | AD56: % | BU56: P_TAX_INCOME | BZ56: {=OFFSET(BY56,-1,1)} -> 0 | CI56: ЧСЛ | CJ56: M10611 | CK56: Ставка налога на прибыль, %
E57: 11 | F57: {=X57} -> 1 | T57: =F57>0 -> 1 | V57: {='Расчет УЕ'!$AB$47} -> Тариф 1 (Теплоснабжение) - Тариф на тепловую энергию (мощность), поставляемую потребителям (Доп. признак не требуется) | X57: 1 | AB57: {=IF(ISBLANK('Расчет УЕ'!$AB$47),"",'Расчет УЕ'!$AB$47)} -> Тариф 1 (Теплоснабжение) - Тариф на тепловую энергию (мощность), поставляемую потребителям (Доп. признак не требуется)
E58: 11 | F58: {=OFFSET(G58,-1,-1)} -> 1 | T58: =F58>0 -> 1 | AC58: Индексы
E59: 17 | F59: {=OFFSET(G59,-1,-1)} -> 1 | G59: ИОР | T59: =AND(F59>0,method_reg<>"Метод экономически обоснованных расходов") -> 1 | AB59: 1 | AC59: Индекс эффективности операционных расходов | AD59: % | AE59: 1 | AF59: 1 | AG59: 1 | AH59: 1 | AI59: 1 | AJ59: 1 | AK59: 1 | AL59: 1 | AM59: 1 | AN59: 1 | AO59: 1 | AP59: 1 | AQ59: 1 | AR59: 1 | AS59: 1 | AT59: 1 | AU59: 1 | AV59: 1 | AW59: 1 | AX59: 1 | AY59: 1 | AZ59: 1 | BA59: 1 | BB59: 1 | BC59: 1 | BD59: 1 | BE59: 1 | BF59: 1 | BG59: 1 | BH59: 1 | BI59: 1 | BJ59: 1 | BK59: 1 | BL59: 1 | BM59: 1 | BN59: 1 | BO59: 1 | BP59: 1 | BQ59: 1 | BR59: 1 | BU59: P_IND_1 | BZ59: {=INDEX('Общие сведения'!$N$170:$N$202,MATCH($F59,'Общие сведения'!$Y$170:$Y$202,0)+1)} -> ТЭ.42.31656254.0001 | CA59: 110.0.1. | CI59: ЧСЛ | CJ59: M11758 | CK59: Индекс эффективности операционных расходов, %
E60: 30 | F60: {=OFFSET(G60,-1,-1)} -> 1 | T60: =AND(F60>0,method_reg<>"Метод экономически обоснованных расходов") -> 1 | AB60: 2 | AC60: Индекс эффективности операционных расходов для концессий (при наличии) | BZ60: {=OFFSET(BY60,-1,1)} -> ТЭ.42.31656254.0001
E61: 0 | F61: {=OFFSET(G61,-1,-1)} -> 1 | T61: =AND(F61>0,method_reg<>"Метод экономически обоснованных расходов") -> 1 | BZ61: {=OFFSET(BY61,-1,1)} -> ТЭ.42.31656254.0001
E62: 17 | F62: {=OFFSET(G62,-1,-1)} -> 1 | T62: =AND(F62>0,Y62>0,method_reg<>"Метод экономически обоснованных расходов") -> 0 | W62: et_2 | Y62: 0 | AA62: × | AB62: ="2."&Y62 -> 2.0 | AD62: % | BU62: P_IND_2 | BV62: DYN_INDEX | BW62: {=AC62} -> 0 | BY62: TRUE | BZ62: {=OFFSET(BY62,-1,1)} -> ТЭ.42.31656254.0001 | CA62: 110.0.11. | CH62: {=$AC62} -> 0 | CI62: ЧСЛ | CJ62: M11758 | CK62: Индекс эффективности операционных расходов, %
E63: 17 | F63: {=OFFSET(G63,-1,-1)} -> 1 | T63: =AND(F63>0,method_reg<>"Метод экономически обоснованных расходов") -> 1 | W63: { _x000D_ funcDyn: 'msg',_x000D_ blok: '',_x000D_ wsCross: '',_x000D_ linkFormula: '',_x000D_ levelDyn: '1'_x000D_ } | AC63: Добавить | BX63: DYN_INDEX | BZ63: {=OFFSET(BY63,-1,1)} -> ТЭ.42.31656254.0001
E64: 17 | F64: {=OFFSET(G64,-1,-1)} -> 1 | G64: ИПЦ | T64: =F64>0 -> 1 | AB64: 3 | AC64: Индекс потребительских цен | AD64: % | AE64: 5 | AY64: 5 | BU64: P_IND_CONS_PRICE | BZ64: {=OFFSET(BY64,-1,1)} -> ТЭ.42.31656254.0001 | CI64: ЧСЛ | CJ64: M10621 | CK64: Индекс потребительских цен, %
E65: 17 | F65: {=OFFSET(G65,-1,-1)} -> 1 | T65: =F65>0 -> 1 | AB65: 4 | AC65: Индекс изменения цен на электроэнергию | AD65: % | AY65: 12.8 | BU65: P_IND_PRICE_CNANGE | BZ65: {=OFFSET(BY65,-1,1)} -> ТЭ.42.31656254.0001 | CB65: 129.0.1. | CI65: ЧСЛ | CJ65: M11245 | CK65: Индекс роста цен, %
E66: 30 | F66: {=OFFSET(G66,-1,-1)} -> 1 | T66: =F66>0 -> 1 | AB66: 5 | AC66: Индекс изменения размера платы граждан за коммунальные услуги | AD66: % | BU66: P_IND_PAYMENT | BZ66: {=OFFSET(BY66,-1,1)} -> ТЭ.42.31656254.0001 | CI66: ЧСЛ | CJ66: M10312 | CK66: Индекс изменения размера вносимой гражданами платы за коммунальные услуги в среднем по субъекту РФ, %
E67: 17 | F67: {=OFFSET(G67,-1,-1)} -> 1 | T67: =F67>0 -> 1 | AB67: 6 | AC67: Индекс изменения цен на природный газ | AD67: % | BU67: P_IND_GAS | BZ67: {=OFFSET(BY67,-1,1)} -> ТЭ.42.31656254.0001 | CD67: 268.0.3. | CI67: ЧСЛ | CJ67: M11245 | CK67: Индекс роста цен, %
E68: 17 | F68: {=OFFSET(G68,-1,-1)} -> 1 | T68: =F68>0 -> 1 | AB68: 7 | AC68: Индекс изменения цен на снабженческо-сбытовую надбавку | AD68: % | BU68: P_IND_SUPPLY | BZ68: {=OFFSET(BY68,-1,1)} -> ТЭ.42.31656254.0001 | CE68: 352.0.46. | CI68: ЧСЛ | CJ68: M11245 | CK68: Индекс роста цен, %
E69: 17 | F69: {=OFFSET(G69,-1,-1)} -> 1 | T69: =F69>0 -> 1 | AB69: 8 | AC69: Индекс изменения цен на транспортировку газа | AD69: % | BU69: P_IND_GAS_TRANSP | BZ69: {=OFFSET(BY69,-1,1)} -> ТЭ.42.31656254.0001 | CC69: 83.0.17. | CD69: 268.0.3. | CI69: ЧСЛ | CJ69: M11245 | CK69: Индекс роста цен, %
E70: 17 | F70: {=OFFSET(G70,-1,-1)} -> 1 | T70: =F70>0 -> 1 | AB70: 9 | AC70: Расчетная теплота сгорания 1 куб.м. природного газа | AD70: Ккал/м3 | AE70: =7900 -> 7900 | AF70: =7900 -> 7900 | AG70: =7900 -> 7900 | AH70: =7900 -> 7900 | AI70: =7900 -> 7900 | AJ70: =7900 -> 7900 | AK70: =7900 -> 7900 | AL70: =7900 -> 7900 | ... BR70: =7900 -> 7900 | BU70: P_IND_BURN_GAS | BZ70: {=OFFSET(BY70,-1,1)} -> ТЭ.42.31656254.0001 | CD70: 268.0.3. | CI70: ЧСЛ | CJ70: M11814 | CK70: Расчетная теплота сгорания природного газа
E71: 17 | F71: {=OFFSET(G71,-1,-1)} -> 1 | T71: =F71>0 -> 1 | AB71: 10 | AC71: Оптовая цена на природный газ | AD71: руб./тыс.м3 | BU71: P_IND_WHOLESALE | BZ71: {=OFFSET(BY71,-1,1)} -> ТЭ.42.31656254.0001 | CD71: 268.0.3. | CI71: ЧСЛ | CJ71: M10449 | CK71: Регулируемая (расчётная) оптовая цена, без НДС, руб./тыс.куб.м.
E72: 17 | F72: {=OFFSET(G72,-1,-1)} -> 1 | T72: =F72>0 -> 1 | AB72: 11 | AC72: Теплота сгорания 1 кг условного топлива | AD72: Ккал/кг | AE72: =7000 -> 7000 | AF72: =7000 -> 7000 | AG72: =7000 -> 7000 | AH72: =7000 -> 7000 | AI72: =7000 -> 7000 | AJ72: =7000 -> 7000 | AK72: =7000 -> 7000 | AL72: =7000 -> 7000 | ... BR72: =7000 -> 7000 | BU72: P_IND_BURN_OTHER | BZ72: {=OFFSET(BY72,-1,1)} -> ТЭ.42.31656254.0001 | CF72: 167.0.6. | CI72: ЧСЛ | CJ72: M11815 | CK72: Теплота сгорания условного топлива
E73: 17 | F73: {=OFFSET(G73,-1,-1)} -> 1 | T73: =F73>0 -> 1 | AB73: 12 | AC73: Индекс изменения цен на уголь | AD73: % | BU73: P_IND_COAL_PRICE | BZ73: {=OFFSET(BY73,-1,1)} -> ТЭ.42.31656254.0001 | CG73: 101.0.5. | CI73: ЧСЛ | CJ73: M11245 | CK73: Индекс роста цен, %
E74: 17 | F74: {=OFFSET(G74,-1,-1)} -> 1 | T74: =F74>0 -> 1 | AB74: 13 | AC74: Индекс изменения цен на мазут | AD74: % | BU74: P_IND_MAZUT_PRICE | BZ74: {=OFFSET(BY74,-1,1)} -> ТЭ.42.31656254.0001 | CG74: 101.0.3. | CI74: ЧСЛ | CJ74: M11245 | CK74: Индекс роста цен, %
E75: 17 | F75: {=OFFSET(G75,-1,-1)} -> 1 | T75: =F75>0 -> 1 | AB75: 14 | AC75: Индекс изменения цен на дизельное топливо | AD75: % | BU75: P_IND_DIESEL_PRICE | BZ75: {=OFFSET(BY75,-1,1)} -> ТЭ.42.31656254.0001 | CG75: 101.0.2. | CI75: ЧСЛ | CJ75: M11245 | CK75: Индекс роста цен, %
E76: 17 | F76: {=OFFSET(G76,-1,-1)} -> 1 | T76: =F76>0 -> 1 | AB76: 15 | AC76: Индекс изменения цен на прочее топливо | AD76: % | BU76: P_IND_OTHER_PRICE | BZ76: {=OFFSET(BY76,-1,1)} -> ТЭ.42.31656254.0001 | CG76: 101.0.12. | CI76: ЧСЛ | CJ76: M11245 | CK76: Индекс роста цен, %
E77: 17 | F77: {=OFFSET(G77,-1,-1)} -> 1 | G77: ИКА | T77: =AND(F77>0,method_reg<>"Метод экономически обоснованных расходов") -> 1 | AB77: 16 | AC77: Индекс изменения количества активов | BU77: P_IND_ACTIVE | BZ77: {=OFFSET(BY77,-1,1)} -> ТЭ.42.31656254.0001 | CI77: ЧСЛ | CJ77: M11597 | CK77: Индекс изменения количества активов, %
E78: 30 | F78: {=OFFSET(G78,-1,-1)} -> 1 | G78: КЭ | T78: =AND(F78>0,method_reg<>"Метод экономически обоснованных расходов") -> 1 | AB78: 17 | AC78: Коэффициент эластичности затрат по росту _x000D_ активов | AE78: =0.75 -> 0.75 | AF78: =0.75 -> 0.75 | AG78: =0.75 -> 0.75 | AH78: =0.75 -> 0.75 | AI78: =0.75 -> 0.75 | AJ78: =0.75 -> 0.75 | AK78: =0.75 -> 0.75 | AL78: =0.75 -> 0.75 | ... BR78: =0.75 -> 0.75 | BU78: P_KOEF_ACTIVE | BZ78: {=OFFSET(BY78,-1,1)} -> ТЭ.42.31656254.0001 | CI78: ЧСЛ | CJ78: M11816 | CK78: Коэффициент эластичности затрат по росту активов
E79: 17 | F79: {=OFFSET(G79,-1,-1)} -> 1 | T79: =AND(F79>0,Y79>0,method_reg<>"Метод экономически обоснованных расходов") -> 0 | W79: et_2 | Y79: 0 | AA79: × | AD79: % | BU79: P_IND_3 | BV79: DYN_INDEX_2 | BW79: {=AC79} -> 0 | BY79: TRUE | BZ79: {=OFFSET(BY79,-1,1)} -> ТЭ.42.31656254.0001 | CH79: {=AC79} -> 0 | CI79: ЧСЛ | CJ79: M11816 | CK79: Коэффициент эластичности затрат по росту активов
E80: 17 | F80: {=OFFSET(G80,-1,-1)} -> 1 | T80: =AND(F80>0,method_reg<>"Метод экономически обоснованных расходов") -> 1 | W80: { _x000D_ funcDyn: 'msg',_x000D_ blok: '',_x000D_ wsCross: '',_x000D_ linkFormula: '',_x000D_ levelDyn: '1'_x000D_ } | AC80: Добавить индекс | BX80: DYN_INDEX_2 | BZ80: {=OFFSET(BY80,-1,1)} -> ТЭ.42.31656254.0001
E81: 17 | F81: {=OFFSET(G81,-1,-1)} -> 1 | T81: =F81>0 -> 1 | AB81: 18 | AC81: Налоговые ставки | BZ81: {=OFFSET(BY81,-1,1)} -> ТЭ.42.31656254.0001
E82: 17 | F82: {=OFFSET(G82,-1,-1)} -> 1 | G82: СВФОТ | T82: =F82>0 -> 1 | AB82: 18.1 | AC82: Ставка страховых взносов с ФОТ | AD82: % | AE82: 30.5 | AY82: 30.2 | BU82: P_TAX_FOT | BZ82: {=OFFSET(BY82,-1,1)} -> ТЭ.42.31656254.0001 | CI82: ЧСЛ | CJ82: M11246 | CK82: Ставка страховых взносов с ФОТ, %
E83: 17 | F83: {=OFFSET(G83,-1,-1)} -> 1 | T83: =F83>0 -> 1 | AB83: 18.2 | AC83: Ставки налога на имущество | AD83: % | BU83: P_TAX_PROPERTY | BZ83: {=OFFSET(BY83,-1,1)} -> ТЭ.42.31656254.0001 | CI83: ЧСЛ | CJ83: M11253 | CK83: Ставки налога на имущество, %
E84: 17 | F84: {=OFFSET(G84,-1,-1)} -> 1 | T84: =F84>0 -> 1 | AB84: 18.3 | AC84: Ставка налога при УСН | AD84: % | BU84: P_TAX_USN | BZ84: {=OFFSET(BY84,-1,1)} -> ТЭ.42.31656254.0001 | CI84: ЧСЛ | CJ84: M11254 | CK84: Ставка налога при УСН, %
E85: 17 | F85: {=OFFSET(G85,-1,-1)} -> 1 | T85: =F85>0 -> 1 | AB85: 18.4 | AC85: Ставка налога на прибыль | AD85: % | BU85: P_TAX_INCOME | BZ85: {=OFFSET(BY85,-1,1)} -> ТЭ.42.31656254.0001 | CI85: ЧСЛ | CJ85: M10611 | CK85: Ставка налога на прибыль, %
E86: 11 | U86: Добавить | V86: { _x000D_ funcDyn: 'msg1',_x000D_ blok: 'blok_1',_x000D_ wsCross: 'Сценарии (МСА)',_x000D_ linkFormula: 'AB-AB',_x000D_ levelDyn: ''_x000D_ }
E87: 11

Sheet Сценарии (МСА)
F1: tariffId | U1: vis_1 | V1: dyn_1 | W1: blok_1 | Y1: ren_1 | Z1: del_1 | BV1: pok_js | BW1: ИД.ТАРИФ_NAME | BX1: uni_plan_delta_NAME | BY1: uni_pf_NAME | BZ1: uni_period_grow_NAME | CA1: uni_reg_period_base_NAME | CB1: G_UNIT | CC1: G_POK | CD1: G_COMMENT
B2: vis | AF2: {=isOrgDeclare} -> true | AG2: =AND(AG9<=last_year_vis,isOrgDeclare) -> 1 | AH2: =AND(AH9<=last_year_vis,isOrgDeclare) -> 1 | AI2: =AND(AI9<=last_year_vis,isOrgDeclare) -> 0 | AJ2: =AND(AJ9<=last_year_vis,isOrgDeclare) -> 0 | AK2: =AND(AK9<=last_year_vis,isOrgDeclare) -> 0 | AL2: =AND(AL9<=last_year_vis,isOrgDeclare) -> 0 | AM2: =AND(AM9<=last_year_vis,isOrgDeclare) -> 0 | AN2: =AND(AN9<=last_year_vis,isOrgDeclare) -> 0 | ... AY2: =AND(AY9<=last_year_vis,isOrgDeclare) -> 0 | AZ2: =AZ9<=last_year_vis -> 1 | BA2: =BA9<=last_year_vis -> 1 | BB2: =BB9<=last_year_vis -> 1 | BC2: =BC9<=last_year_vis -> 0 | BD2: =BD9<=last_year_vis -> 0 | BE2: =BE9<=last_year_vis -> 0 | BF2: =BF9<=last_year_vis -> 0 | BG2: =BG9<=last_year_vis -> 0 | ... BS2: =BS9<=last_year_vis -> 0
E5: size | AA5: 3 | AB5: 6 | AC5: 52 | AD5: 28 | AE5: 14 | AF5: 15 | AG5: 15 | AH5: 15 | AI5: 15 | AJ5: 15 | AK5: 15 | AL5: 15 | AM5: 15 | AN5: 15 | AO5: 15 | AP5: 15 | AQ5: 15 | AR5: 15 | AS5: 15 | AT5: 15 | AU5: 15 | AV5: 15 | AW5: 15 | AX5: 15 | AY5: 15 | AZ5: 15 | BA5: 15 | BB5: 15 | BC5: 15 | BD5: 15 | BE5: 15 | BF5: 15 | BG5: 15 | BH5: 15 | BI5: 15 | BJ5: 15 | BK5: 15 | BL5: 15 | BM5: 15 | BN5: 15 | BO5: 15 | BP5: 15 | BQ5: 15 | BR5: 15 | BS5: 15 | BT5: 3
A9: PJ_YEAR | AF9: {=first_year} -> 2025 | AG9: =first_year+1 -> 2026 | AH9: =first_year+2 -> 2027 | AI9: =first_year+3 -> 2028 | AJ9: =first_year+4 -> 2029 | AK9: =first_year+5 -> 2030 | AL9: =first_year+6 -> 2031 | AM9: =first_year+7 -> 2032 | AN9: =first_year+8 -> 2033 | AO9: =first_year+9 -> 2034 | AP9: =first_year+10 -> 2035 | AQ9: =first_year+11 -> 2036 | AR9: =first_year+12 -> 2037 | AS9: =first_year+13 -> 2038 | AT9: =first_year+14 -> 2039 | AU9: =first_year+15 -> 2040 | AV9: =first_year+16 -> 2041 | AW9: =first_year+17 -> 2042 | AX9: =first_year+18 -> 2043 | AY9: =first_year+19 -> 2044 | AZ9: {=first_year} -> 2025 | BA9: =first_year+1 -> 2026 | BB9: =first_year+2 -> 2027 | BC9: =first_year+3 -> 2028 | BD9: =first_year+4 -> 2029 | BE9: =first_year+5 -> 2030 | BF9: =first_year+6 -> 2031 | BG9: =first_year+7 -> 2032 | BH9: =first_year+8 -> 2033 | BI9: =first_year+9 -> 2034 | BJ9: =first_year+10 -> 2035 | BK9: =first_year+11 -> 2036 | BL9: =first_year+12 -> 2037 | BM9: =first_year+13 -> 2038 | BN9: =first_year+14 -> 2039 | BO9: =first_year+15 -> 2040 | BP9: =first_year+16 -> 2041 | BQ9: =first_year+17 -> 2042 | BR9: =first_year+18 -> 2043 | BS9: =first_year+19 -> 2044
A10: PJ_PF | AF10: {=AF25} -> Предложение организации | AG10: {=AG25} -> Предложение организации | AH10: {=AH25} -> Предложение организации | AI10: {=AI25} -> Предложение организации | AJ10: {=AJ25} -> Предложение организации | AK10: {=AK25} -> Предложение организации | AL10: {=AL25} -> Предложение организации | AM10: {=AM25} -> Предложение организации | ... BS10: {=BS25} -> Принято органом регулирования
A14: uni_org_reg_NAME | AF14: 328.0.1. | AG14: 328.0.1. | AH14: 328.0.1. | AI14: 328.0.1. | AJ14: 328.0.1. | AK14: 328.0.1. | AL14: 328.0.1. | AM14: 328.0.1. | AN14: 328.0.1. | AO14: 328.0.1. | AP14: 328.0.1. | AQ14: 328.0.1. | AR14: 328.0.1. | AS14: 328.0.1. | AT14: 328.0.1. | AU14: 328.0.1. | AV14: 328.0.1. | AW14: 328.0.1. | AX14: 328.0.1. | AY14: 328.0.1. | AZ14: 328.0.2. | BA14: 328.0.2. | BB14: 328.0.2. | BC14: 328.0.2. | BD14: 328.0.2. | BE14: 328.0.2. | BF14: 328.0.2. | BG14: 328.0.2. | BH14: 328.0.2. | BI14: 328.0.2. | BJ14: 328.0.2. | BK14: 328.0.2. | BL14: 328.0.2. | BM14: 328.0.2. | BN14: 328.0.2. | BO14: 328.0.2. | BP14: 328.0.2. | BQ14: 328.0.2. | BR14: 328.0.2. | BS14: 328.0.2.
A15: uni_year_NAME | AF15: ="389.0."&AF9-2010&"." -> 389.0.15. | AG15: ="389.0."&AG9-2010&"." -> 389.0.16. | AH15: ="389.0."&AH9-2010&"." -> 389.0.17. | AI15: ="389.0."&AI9-2010&"." -> 389.0.18. | AJ15: ="389.0."&AJ9-2010&"." -> 389.0.19. | AK15: ="389.0."&AK9-2010&"." -> 389.0.20. | AL15: ="389.0."&AL9-2010&"." -> 389.0.21. | AM15: ="389.0."&AM9-2010&"." -> 389.0.22. | ... BS15: ="389.0."&BS9-2010&"." -> 389.0.34.
A16: V_UNIT
A17: V_POK
A18: V_COMMENT
E21: 15 | AC21: {=tpl_title} -> Кемеровская область / 2027 / ООО "КК-ИНВЕСТ" (ИНН:1901133713, КПП:190101001) / ДПР: 2025-2027
E22: 22 | AB22: Ключевые сценарные показатели
E23: 11
E24: 15 | AB24: № п/п | AC24: Наименование параметра | AD24: Пояснение | AE24: Единица измерения | AF24: =first_year&" год" -> 2025 год | AG24: =first_year+1&" год" -> 2026 год | AH24: =first_year+2&" год" -> 2027 год | AI24: =first_year+3&" год" -> 2028 год | AJ24: =first_year+4&" год" -> 2029 год | AK24: =first_year+5&" год" -> 2030 год | AL24: =first_year+6&" год" -> 2031 год | AM24: =first_year+7&" год" -> 2032 год | AN24: =first_year+8&" год" -> 2033 год | AO24: =first_year+9&" год" -> 2034 год | AP24: =first_year+10&" год" -> 2035 год | AQ24: =first_year+11&" год" -> 2036 год | AR24: =first_year+12&" год" -> 2037 год | AS24: =first_year+13&" год" -> 2038 год | AT24: =first_year+14&" год" -> 2039 год | AU24: =first_year+15&" год" -> 2040 год | AV24: =first_year+16&" год" -> 2041 год | AW24: =first_year+17&" год" -> 2042 год | AX24: =first_year+18&" год" -> 2043 год | AY24: =first_year+19&" год" -> 2044 год | AZ24: =first_year&" год" -> 2025 год | BA24: =first_year+1&" год" -> 2026 год | BB24: =first_year+2&" год" -> 2027 год | BC24: =first_year+3&" год" -> 2028 год | BD24: =first_year+4&" год" -> 2029 год | BE24: =first_year+5&" год" -> 2030 год | BF24: =first_year+6&" год" -> 2031 год | BG24: =first_year+7&" год" -> 2032 год | BH24: =first_year+8&" год" -> 2033 год | BI24: =first_year+9&" год" -> 2034 год | BJ24: =first_year+10&" год" -> 2035 год | BK24: =first_year+11&" год" -> 2036 год | BL24: =first_year+12&" год" -> 2037 год | BM24: =first_year+13&" год" -> 2038 год | BN24: =first_year+14&" год" -> 2039 год | BO24: =first_year+15&" год" -> 2040 год | BP24: =first_year+16&" год" -> 2041 год | BQ24: =first_year+17&" год" -> 2042 год | BR24: =first_year+18&" год" -> 2043 год | BS24: =first_year+19&" год" -> 2044 год
E25: 69 | AF25: Предложение организации | AG25: Предложение организации | AH25: Предложение организации | AI25: Предложение организации | AJ25: Предложение организации | AK25: Предложение организации | AL25: Предложение организации | AM25: Предложение организации | AN25: Предложение организации | AO25: Предложение организации | AP25: Предложение организации | AQ25: Предложение организации | AR25: Предложение организации | AS25: Предложение организации | AT25: Предложение организации | AU25: Предложение организации | AV25: Предложение организации | AW25: Предложение организации | AX25: Предложение организации | AY25: Предложение организации | AZ25: Принято органом регулирования | BA25: Принято органом регулирования | BB25: Принято органом регулирования | BC25: Принято органом регулирования | BD25: Принято органом регулирования | BE25: Принято органом регулирования | BF25: Принято органом регулирования | BG25: Принято органом регулирования | BH25: Принято органом регулирования | BI25: Принято органом регулирования | BJ25: Принято органом регулирования | BK25: Принято органом регулирования | BL25: Принято органом регулирования | BM25: Принято органом регулирования | BN25: Принято органом регулирования | BO25: Принято органом регулирования | BP25: Принято органом регулирования | BQ25: Принято органом регулирования | BR25: Принято органом регулирования | BS25: Принято органом регулирования
E26: 24 | AC26: Ставка НДС | AE26: %
E27: 0
E28: 11 | F28: {=Y28} -> 0 | U28: =F28>0 -> 0 | W28: et_1 | Y28: 0 | AB28: {=INDEX('Общие сведения'!$AG$169:$AG$202,MATCH($F28,'Общие сведения'!$Y$169:$Y$202,0))} -> Тариф 0 (Теплоснабжение) -
E29: 11 | F29: {=OFFSET(G29,-1,-1)} -> 0 | U29: =F29>0 -> 0 | AC29: Индексы
E30: 17 | F30: {=OFFSET(G30,-1,-1)} -> 0 | U30: =F30>0 -> 0 | AB30: 1 | AC30: Индексы потребительских цен, определенные до начала долгосрочного периода и учтенные в расчете НВВД | AD30: к предыдущему году | AE30: % | BV30: P_IND_PRICE_LAST_YEAR | BW30: {=INDEX('Общие сведения'!$N$170:$N$202,MATCH($F30,'Общие сведения'!$Y$170:$Y$202,0)+1)} -> 0 | BX30: 366.0.4. | CA30: 22.0.10. | CB30: ЧСЛ | CC30: M10621 | CD30: Индекс потребительских цен, %
E31: 17 | F31: {=OFFSET(G31,-1,-1)} -> 0 | U31: =F31>0 -> 0 | AB31: 2 | AD31: нарастающим итогом | AE31: % | AG31: {=AG30} -> 0 | AH31: =(1+AG31)*(1+AH30)-1 -> 0 | AI31: =(1+AH31)*(1+AI30)-1 -> 0 | AJ31: =(1+AI31)*(1+AJ30)-1 -> 0 | AK31: =(1+AJ31)*(1+AK30)-1 -> 0 | AL31: =(1+AK31)*(1+AL30)-1 -> 0 | AM31: =(1+AL31)*(1+AM30)-1 -> 0 | AN31: =(1+AM31)*(1+AN30)-1 -> 0 | AO31: =(1+AN31)*(1+AO30)-1 -> 0 | ... AY31: =(1+AX31)*(1+AY30)-1 -> 0 | BA31: {=BA30} -> 0 | BB31: =(1+BA31)*(1+BB30)-1 -> 0 | BC31: =(1+BB31)*(1+BC30)-1 -> 0 | BD31: =(1+BC31)*(1+BD30)-1 -> 0 | BE31: =(1+BD31)*(1+BE30)-1 -> 0 | BF31: =(1+BE31)*(1+BF30)-1 -> 0 | BG31: =(1+BF31)*(1+BG30)-1 -> 0 | BH31: =(1+BG31)*(1+BH30)-1 -> 0 | BI31: =(1+BH31)*(1+BI30)-1 -> 0 | ... BS31: =(1+BR31)*(1+BS30)-1 -> 0 | BV31: P_IND_PRICE_TOTAL | BW31: {=BW30} -> 0 | BX31: 366.0.4. | BZ31: 35.0.1. | CB31: ЧСЛ | CC31: M10621 | CD31: Индекс потребительских цен, %
E32: 17 | F32: {=OFFSET(G32,-1,-1)} -> 0 | U32: =F32>0 -> 0 | AB32: 3 | AC32: Уточненные индексы потребительских цен факт (прогноз) | AD32: к предыдущему году | AE32: % | BV32: P_IND_PRICE_EXACT_LAST_YEAR | BW32: {=BW31} -> 0 | BY32: 36.0.4. | CA32: 22.0.10. | CB32: ЧСЛ | CC32: M10621 | CD32: Индекс потребительских цен, %
E33: 17 | F33: {=OFFSET(G33,-1,-1)} -> 0 | U33: =F33>0 -> 0 | AB33: 4 | AD33: нарастающим итогом | AE33: % | AG33: {=AG32} -> 0 | AH33: =(1+AG33)*(1+AH32)-1 -> 0 | AI33: =(1+AH33)*(1+AI32)-1 -> 0 | AJ33: =(1+AI33)*(1+AJ32)-1 -> 0 | AK33: =(1+AJ33)*(1+AK32)-1 -> 0 | AL33: =(1+AK33)*(1+AL32)-1 -> 0 | AM33: =(1+AL33)*(1+AM32)-1 -> 0 | AN33: =(1+AM33)*(1+AN32)-1 -> 0 | AO33: =(1+AN33)*(1+AO32)-1 -> 0 | ... AY33: =(1+AX33)*(1+AY32)-1 -> 0 | BA33: {=BA32} -> 0 | BB33: =(1+BA33)*(1+BB32)-1 -> 0 | BC33: =(1+BB33)*(1+BC32)-1 -> 0 | BD33: =(1+BC33)*(1+BD32)-1 -> 0 | BE33: =(1+BD33)*(1+BE32)-1 -> 0 | BF33: =(1+BE33)*(1+BF32)-1 -> 0 | BG33: =(1+BF33)*(1+BG32)-1 -> 0 | BH33: =(1+BG33)*(1+BH32)-1 -> 0 | BI33: =(1+BH33)*(1+BI32)-1 -> 0 | ... BS33: =(1+BR33)*(1+BS32)-1 -> 0 | BV33: P_IND_PRICE_EXACT_TOTAL | BW33: {=BW32} -> 0 | BY33: 36.0.4. | BZ33: 35.0.1. | CB33: ЧСЛ | CC33: M10621 | CD33: Индекс потребительских цен, %
E34: 17 | F34: {=OFFSET(G34,-1,-1)} -> 0 | U34: =F34>0 -> 0 | AB34: 5 | AC34: Индекс эффективности расходов | AE34: % | BV34: P_IND_EXPENSES | BW34: {=BW33} -> 0 | CB34: ЧСЛ | CC34: M10620 | CD34: Индекс эффективности расходов, %
E35: 11 | F35: {=Y35} -> 1 | U35: =F35>0 -> 1 | W35: {=Сценарии!$AB$57} -> Тариф 1 (Теплоснабжение) - Тариф на тепловую энергию (мощность), поставляемую потребителям (Доп. признак не требуется) | Y35: 1 | AB35: {=IF(ISBLANK(Сценарии!$AB$57),"",Сценарии!$AB$57)} -> Тариф 1 (Теплоснабжение) - Тариф на тепловую энергию (мощность), поставляемую потребителям (Доп. признак не требуется)
E36: 11 | F36: {=OFFSET(G36,-1,-1)} -> 1 | U36: =F36>0 -> 1 | AC36: Индексы
E37: 17 | F37: {=OFFSET(G37,-1,-1)} -> 1 | U37: =F37>0 -> 1 | AB37: 1 | AC37: Индексы потребительских цен, определенные до начала долгосрочного периода и учтенные в расчете НВВД | AD37: к предыдущему году | AE37: % | BV37: P_IND_PRICE_LAST_YEAR | BW37: {=INDEX('Общие сведения'!$N$170:$N$202,MATCH($F37,'Общие сведения'!$Y$170:$Y$202,0)+1)} -> ТЭ.42.31656254.0001 | BX37: 366.0.4. | CA37: 22.0.10. | CB37: ЧСЛ | CC37: M10621 | CD37: Индекс потребительских цен, %
E38: 17 | F38: {=OFFSET(G38,-1,-1)} -> 1 | U38: =F38>0 -> 1 | AB38: 2 | AD38: нарастающим итогом | AE38: % | AG38: {=AG37} -> 0 | AH38: =(1+AG38)*(1+AH37)-1 -> 0 | AI38: =(1+AH38)*(1+AI37)-1 -> 0 | AJ38: =(1+AI38)*(1+AJ37)-1 -> 0 | AK38: =(1+AJ38)*(1+AK37)-1 -> 0 | AL38: =(1+AK38)*(1+AL37)-1 -> 0 | AM38: =(1+AL38)*(1+AM37)-1 -> 0 | AN38: =(1+AM38)*(1+AN37)-1 -> 0 | AO38: =(1+AN38)*(1+AO37)-1 -> 0 | ... AY38: =(1+AX38)*(1+AY37)-1 -> 0 | BA38: {=BA37} -> 0 | BB38: =(1+BA38)*(1+BB37)-1 -> 0 | BC38: =(1+BB38)*(1+BC37)-1 -> 0 | BD38: =(1+BC38)*(1+BD37)-1 -> 0 | BE38: =(1+BD38)*(1+BE37)-1 -> 0 | BF38: =(1+BE38)*(1+BF37)-1 -> 0 | BG38: =(1+BF38)*(1+BG37)-1 -> 0 | BH38: =(1+BG38)*(1+BH37)-1 -> 0 | BI38: =(1+BH38)*(1+BI37)-1 -> 0 | ... BS38: =(1+BR38)*(1+BS37)-1 -> 0 | BV38: P_IND_PRICE_TOTAL | BW38: {=BW37} -> ТЭ.42.31656254.0001 | BX38: 366.0.4. | BZ38: 35.0.1. | CB38: ЧСЛ | CC38: M10621 | CD38: Индекс потребительских цен, %
E39: 17 | F39: {=OFFSET(G39,-1,-1)} -> 1 | U39: =F39>0 -> 1 | AB39: 3 | AC39: Уточненные индексы потребительских цен факт (прогноз) | AD39: к предыдущему году | AE39: % | BV39: P_IND_PRICE_EXACT_LAST_YEAR | BW39: {=BW38} -> ТЭ.42.31656254.0001 | BY39: 36.0.4. | CA39: 22.0.10. | CB39: ЧСЛ | CC39: M10621 | CD39: Индекс потребительских цен, %
E40: 17 | F40: {=OFFSET(G40,-1,-1)} -> 1 | U40: =F40>0 -> 1 | AB40: 4 | AD40: нарастающим итогом | AE40: % | AG40: {=AG39} -> 0 | AH40: =(1+AG40)*(1+AH39)-1 -> 0 | AI40: =(1+AH40)*(1+AI39)-1 -> 0 | AJ40: =(1+AI40)*(1+AJ39)-1 -> 0 | AK40: =(1+AJ40)*(1+AK39)-1 -> 0 | AL40: =(1+AK40)*(1+AL39)-1 -> 0 | AM40: =(1+AL40)*(1+AM39)-1 -> 0 | AN40: =(1+AM40)*(1+AN39)-1 -> 0 | AO40: =(1+AN40)*(1+AO39)-1 -> 0 | ... AY40: =(1+AX40)*(1+AY39)-1 -> 0 | BA40: {=BA39} -> 0 | BB40: =(1+BA40)*(1+BB39)-1 -> 0 | BC40: =(1+BB40)*(1+BC39)-1 -> 0 | BD40: =(1+BC40)*(1+BD39)-1 -> 0 | BE40: =(1+BD40)*(1+BE39)-1 -> 0 | BF40: =(1+BE40)*(1+BF39)-1 -> 0 | BG40: =(1+BF40)*(1+BG39)-1 -> 0 | BH40: =(1+BG40)*(1+BH39)-1 -> 0 | BI40: =(1+BH40)*(1+BI39)-1 -> 0 | ... BS40: =(1+BR40)*(1+BS39)-1 -> 0 | BV40: P_IND_PRICE_EXACT_TOTAL | BW40: {=BW39} -> ТЭ.42.31656254.0001 | BY40: 36.0.4. | BZ40: 35.0.1. | CB40: ЧСЛ | CC40: M10621 | CD40: Индекс потребительских цен, %
E41: 17 | F41: {=OFFSET(G41,-1,-1)} -> 1 | U41: =F41>0 -> 1 | AB41: 5 | AC41: Индекс эффективности расходов | AE41: % | BV41: P_IND_EXPENSES | BW41: {=BW40} -> ТЭ.42.31656254.0001 | CB41: ЧСЛ | CC41: M10620 | CD41: Индекс эффективности расходов, %
E42: 11 | V42: Добавить | W42: { _x000D_ funcDyn: 'msg1',_x000D_ blok: 'blok_1',_x000D_ wsCross: 'Баланс Пр',_x000D_ linkFormula: 'AB-AB',_x000D_ levelDyn: ''_x000D_ }
E43: 11

Sheet Баланс Пр
A1: =OR(T27:T164) -> 1 | F1: tariffId | T1: vis_1 | U1: dyn_1 | V1: blok_1 | W1: blok_2 | X1: ren_1 | Y1: ren_2 | Z1: del_1 | AA1: del_2 | AB1: dyn_2 | BZ1: pok_js | CA1: ИД.ТАРИФ_NAME | CB1: uni_fuel_for_NAME | CC1: uni_heat_source_NAME | CD1: uni_heat_carrier_NAME | CE1: uni_heat_energy_output_NAME | CF1: uni_consumer_type_NAME | CG1: uni_user_destination_heat_energy_NAME | CH1: uni_heat_energy_NAME | CI1: uni_inform_section_NAME | CJ1: G_UNIT | CK1: G_POK | CL1: G_COMMENT
B2: vis | AF2: {=isOrgDeclare} -> true | AI2: =AND(AI9<=last_year_vis,isOrgDeclare) -> 1 | AJ2: =AND(AJ9<=last_year_vis,isOrgDeclare) -> 0 | AK2: =AND(AK9<=last_year_vis,isOrgDeclare) -> 0 | AL2: =AND(AL9<=last_year_vis,isOrgDeclare) -> 0 | AM2: =AND(AM9<=last_year_vis,isOrgDeclare) -> 0 | AN2: =AND(AN9<=last_year_vis,isOrgDeclare) -> 0 | AO2: =AND(AO9<=last_year_vis,isOrgDeclare) -> 0 | AP2: =AND(AP9<=last_year_vis,isOrgDeclare) -> 0 | ... BB2: =AND(BB9<=last_year_vis,isOrgDeclare) -> 0 | BC2: =BC9<=last_year_vis -> 1 | BD2: =BD9<=last_year_vis -> 0 | BE2: =BE9<=last_year_vis -> 0 | BF2: =BF9<=last_year_vis -> 0 | BG2: =BG9<=last_year_vis -> 0 | BH2: =BH9<=last_year_vis -> 0 | BI2: =BI9<=last_year_vis -> 0 | BJ2: =BJ9<=last_year_vis -> 0 | ... BV2: =BV9<=last_year_vis -> 0
E5: size | AA5: 3 | AB5: 9 | AC5: 61 | AD5: 10 | AE5: 13 | AF5: 13 | AG5: 13 | AH5: 13 | AI5: 13 | AJ5: 13 | AK5: 13 | AL5: 13 | AM5: 13 | AN5: 13 | AO5: 13 | AP5: 13 | AQ5: 13 | AR5: 13 | AS5: 13 | AT5: 13 | AU5: 13 | AV5: 13 | AW5: 13 | AX5: 13 | AY5: 13 | AZ5: 13 | BA5: 13 | BB5: 13 | BC5: 13 | BD5: 13 | BE5: 13 | BF5: 13 | BG5: 13 | BH5: 13 | BI5: 13 | BJ5: 13 | BK5: 13 | BL5: 13 | BM5: 13 | BN5: 13 | BO5: 13 | BP5: 13 | BQ5: 13 | BR5: 13 | BS5: 13 | BT5: 13 | BU5: 13 | BV5: 13 | BW5: 20 | BX5: 3
A9: PJ_YEAR | AE9: =god-2 -> 2025 | AF9: =god-2 -> 2025 | AG9: =god-2 -> 2025 | AH9: =god-1 -> 2026 | AI9: {=god} -> 2027 | AJ9: =god+1 -> 2028 | AK9: =god+2 -> 2029 | AL9: =god+3 -> 2030 | AM9: =god+4 -> 2031 | AN9: =god+5 -> 2032 | AO9: =god+6 -> 2033 | AP9: =god+7 -> 2034 | AQ9: =god+8 -> 2035 | AR9: =god+9 -> 2036 | AS9: =god+10 -> 2037 | AT9: =god+11 -> 2038 | AU9: =god+12 -> 2039 | AV9: =god+13 -> 2040 | AW9: =god+14 -> 2041 | AX9: =god+15 -> 2042 | AY9: =god+16 -> 2043 | AZ9: =god+17 -> 2044 | BA9: =god+18 -> 2045 | BB9: =god+19 -> 2046 | BC9: {=god} -> 2027 | BD9: =god+1 -> 2028 | BE9: =god+2 -> 2029 | BF9: =god+3 -> 2030 | BG9: =god+4 -> 2031 | BH9: =god+5 -> 2032 | BI9: =god+6 -> 2033 | BJ9: =god+7 -> 2034 | BK9: =god+8 -> 2035 | BL9: =god+9 -> 2036 | BM9: =god+10 -> 2037 | BN9: =god+11 -> 2038 | BO9: =god+12 -> 2039 | BP9: =god+13 -> 2040 | BQ9: =god+14 -> 2041 | BR9: =god+15 -> 2042 | BS9: =god+16 -> 2043 | BT9: =god+17 -> 2044 | BU9: =god+18 -> 2045 | BV9: =god+19 -> 2046
A10: PJ_PF | AE10: {=AE26} -> Принято органом регулирования | AF10: {=AF26} -> Факт по данным организации | AG10: {=AG26} -> Факт, принятый органом регулирования | AH10: {=AH26} -> Принято органом регулирования | AI10: {=AI26} -> Предложение организации | AJ10: {=AJ26} -> Предложение организации | AK10: {=AK26} -> Предложение организации | AL10: {=AL26} -> Предложение организации | ... BV10: {=BV26} -> Принято органом регулирования
A11: PJ_DOP | BW11: {=BW25} -> Ссылка на правовую норму (основание для принятия показателя в расчет тарифа)
A14: uni_org_reg_NAME | AE14: 328.0.2. | AF14: 328.0.1. | AG14: 328.0.2. | AH14: 328.0.2. | AI14: 328.0.1. | AJ14: 328.0.1. | AK14: 328.0.1. | AL14: 328.0.1. | AM14: 328.0.1. | AN14: 328.0.1. | AO14: 328.0.1. | AP14: 328.0.1. | AQ14: 328.0.1. | AR14: 328.0.1. | AS14: 328.0.1. | AT14: 328.0.1. | AU14: 328.0.1. | AV14: 328.0.1. | AW14: 328.0.1. | AX14: 328.0.1. | AY14: 328.0.1. | AZ14: 328.0.1. | BA14: 328.0.1. | BB14: 328.0.1. | BC14: 328.0.2. | BD14: 328.0.2. | BE14: 328.0.2. | BF14: 328.0.2. | BG14: 328.0.2. | BH14: 328.0.2. | BI14: 328.0.2. | BJ14: 328.0.2. | BK14: 328.0.2. | BL14: 328.0.2. | BM14: 328.0.2. | BN14: 328.0.2. | BO14: 328.0.2. | BP14: 328.0.2. | BQ14: 328.0.2. | BR14: 328.0.2. | BS14: 328.0.2. | BT14: 328.0.2. | BU14: 328.0.2. | BV14: 328.0.2.
A15: uni_pf_NAME | AE15: 36.0.7. | AF15: 36.0.1. | AG15: 36.0.1. | AH15: 36.0.7. | AI15: 36.0.3. | AJ15: 36.0.3. | AK15: 36.0.3. | AL15: 36.0.3. | AM15: 36.0.3. | AN15: 36.0.3. | AO15: 36.0.3. | AP15: 36.0.3. | AQ15: 36.0.3. | AR15: 36.0.3. | AS15: 36.0.3. | AT15: 36.0.3. | AU15: 36.0.3. | AV15: 36.0.3. | AW15: 36.0.3. | AX15: 36.0.3. | AY15: 36.0.3. | AZ15: 36.0.3. | BA15: 36.0.3. | BB15: 36.0.3. | BC15: 36.0.7. | BD15: 36.0.7. | BE15: 36.0.7. | BF15: 36.0.7. | BG15: 36.0.7. | BH15: 36.0.7. | BI15: 36.0.7. | BJ15: 36.0.7. | BK15: 36.0.7. | BL15: 36.0.7. | BM15: 36.0.7. | BN15: 36.0.7. | BO15: 36.0.7. | BP15: 36.0.7. | BQ15: 36.0.7. | BR15: 36.0.7. | BS15: 36.0.7. | BT15: 36.0.7. | BU15: 36.0.7. | BV15: 36.0.7.
A16: uni_year_NAME | AE16: ="389.0."&AE9-2010&"." -> 389.0.15. | AF16: ="389.0."&AF9-2010&"." -> 389.0.15. | AG16: ="389.0."&AG9-2010&"." -> 389.0.15. | AH16: ="389.0."&AH9-2010&"." -> 389.0.16. | AI16: ="389.0."&AI9-2010&"." -> 389.0.17. | AJ16: ="389.0."&AJ9-2010&"." -> 389.0.18. | AK16: ="389.0."&AK9-2010&"." -> 389.0.19. | AL16: ="389.0."&AL9-2010&"." -> 389.0.20. | ... BV16: ="389.0."&BV9-2010&"." -> 389.0.36.
A17: V_UNIT | BW17: СТР
A18: V_POK | BW18: M11578
A19: V_COMMENT | BW19: URL-ссылка на обосновывающие материалы
E21: 15 | AC21: {=tpl_title} -> Кемеровская область / 2027 / ООО "КК-ИНВЕСТ" (ИНН:1901133713, КПП:190101001) / ДПР: 2025-2027
E22: 20 | AB22: Расчет полезного отпуска тепловой энергии
E23: 11
E24: 15 | AB24: Баланс теплоснабжения
E25: 15 | AB25: № п/п | AC25: Наименование показателя | AD25: Единица измерения | AE25: =god-2&" год" -> 2025 год | AF25: =god-2&" год" -> 2025 год | AG25: =god-2&" год" -> 2025 год | AH25: =god-1&" год" -> 2026 год | AI25: =god&" год" -> 2027 год | AJ25: =god+1&" год" -> 2028 год | AK25: =god+2&" год" -> 2029 год | AL25: =god+3&" год" -> 2030 год | AM25: =god+4&" год" -> 2031 год | AN25: =god+5&" год" -> 2032 год | AO25: =god+6&" год" -> 2033 год | AP25: =god+7&" год" -> 2034 год | AQ25: =god+8&" год" -> 2035 год | AR25: =god+9&" год" -> 2036 год | AS25: =god+10&" год" -> 2037 год | AT25: =god+11&" год" -> 2038 год | AU25: =god+12&" год" -> 2039 год | AV25: =god+13&" год" -> 2040 год | AW25: =god+14&" год" -> 2041 год | AX25: =god+15&" год" -> 2042 год | AY25: =god+16&" год" -> 2043 год | AZ25: =god+17&" год" -> 2044 год | BA25: =god+18&" год" -> 2045 год | BB25: =god+19&" год" -> 2046 год | BC25: =god&" год" -> 2027 год | BD25: =god+1&" год" -> 2028 год | BE25: =god+2&" год" -> 2029 год | BF25: =god+3&" год" -> 2030 год | BG25: =god+4&" год" -> 2031 год | BH25: =god+5&" год" -> 2032 год | BI25: =god+6&" год" -> 2033 год | BJ25: =god+7&" год" -> 2034 год | BK25: =god+8&" год" -> 2035 год | BL25: =god+9&" год" -> 2036 год | BM25: =god+10&" год" -> 2037 год | BN25: =god+11&" год" -> 2038 год | BO25: =god+12&" год" -> 2039 год | BP25: =god+13&" год" -> 2040 год | BQ25: =god+14&" год" -> 2041 год | BR25: =god+15&" год" -> 2042 год | BS25: =god+16&" год" -> 2043 год | BT25: =god+17&" год" -> 2044 год | BU25: =god+18&" год" -> 2045 год | BV25: =god+19&" год" -> 2046 год | BW25: Ссылка на правовую норму (основание для принятия показателя в расчет тарифа)
E26: 70 | AE26: Принято органом регулирования | AF26: Факт по данным организации | AG26: Факт, принятый органом регулирования | AH26: Принято органом регулирования | AI26: Предложение организации | AJ26: Предложение организации | AK26: Предложение организации | AL26: Предложение организации | AM26: Предложение организации | AN26: Предложение организации | AO26: Предложение организации | AP26: Предложение организации | AQ26: Предложение организации | AR26: Предложение организации | AS26: Предложение организации | AT26: Предложение организации | AU26: Предложение организации | AV26: Предложение организации | AW26: Предложение организации | AX26: Предложение организации | AY26: Предложение организации | AZ26: Предложение организации | BA26: Предложение организации | BB26: Предложение организации | BC26: Принято органом регулирования | BD26: Принято органом регулирования | BE26: Принято органом регулирования | BF26: Принято органом регулирования | BG26: Принято органом регулирования | BH26: Принято органом регулирования | BI26: Принято органом регулирования | BJ26: Принято органом регулирования | BK26: Принято органом регулирования | BL26: Принято органом регулирования | BM26: Принято органом регулирования | BN26: Принято органом регулирования | BO26: Принято органом регулирования | BP26: Принято органом регулирования | BQ26: Принято органом регулирования | BR26: Принято органом регулирования | BS26: Принято органом регулирования | BT26: Принято органом регулирования | BU26: Принято органом регулирования | BV26: Принято органом регулирования
E27: 0
E28: 11 | F28: {=X28} -> 0 | G28: {=INDEX('Общие сведения'!$AL$169:$AL$202,MATCH($F28,'Общие сведения'!$Y$169:$Y$202,0))} -> 0 | H28: {=INDEX('Общие сведения'!$AK$169:$AK$202,MATCH($F28,'Общие сведения'!$Y$169:$Y$202,0))} -> 0 | T28: =AND(X28>0,G28<>"передача тепловой энергии") -> 0 | V28: et_1 | X28: 0 | AB28: {=INDEX('Общие сведения'!$AG$169:$AG$202,MATCH($F28,'Общие сведения'!$Y$169:$Y$202,0))} -> Тариф 0 (Теплоснабжение) -
E29: 17 | F29: {=OFFSET(G29,-1,-1)} -> 0 | T29: {=T28} -> false | AB29: 1 | AC29: Выработка тепловой энергии на источниках (Qвыр), всего | AD29: Гкал | AE29: =AE30+AE33+AE36 -> 0 | AF29: =AF30+AF33+AF36 -> 0 | AG29: =AG30+AG33+AG36 -> 0 | AH29: =AH30+AH33+AH36 -> 0 | AI29: =AI30+AI33+AI36 -> 0 | AJ29: =AJ30+AJ33+AJ36 -> 0 | AK29: =AK30+AK33+AK36 -> 0 | AL29: =AL30+AL33+AL36 -> 0 | ... BV29: =BV30+BV33+BV36 -> 0 | BZ29: P_TOTAL | CA29: {=INDEX('Общие сведения'!$N$170:$N$202,MATCH($F29,'Общие сведения'!$Y$170:$Y$202,0)+1)} -> 0 | CB29: 266.0.1. | CJ29: ЧСЛ | CK29: M10498 | CL29: Выработка, Гкал
E30: 17 | F30: {=OFFSET(G30,-1,-1)} -> 0 | T30: {=T29} -> false | AB30: =AB29&".1" -> 1.1 | AC30: ТЭЦ | AD30: Гкал | AE30: =AE31+AE32 -> 0 | AF30: =AF31+AF32 -> 0 | AG30: =AG31+AG32 -> 0 | AH30: =AH31+AH32 -> 0 | AI30: =AI31+AI32 -> 0 | AJ30: =AJ31+AJ32 -> 0 | AK30: =AK31+AK32 -> 0 | AL30: =AL31+AL32 -> 0 | ... BV30: =BV31+BV32 -> 0 | BZ30: P_TOTAL_TEC | CA30: {=CA29} -> 0 | CB30: 266.0.1. | CC30: 297.0.5. | CJ30: ЧСЛ | CK30: M10498 | CL30: Выработка, Гкал
E31: 17 | F31: {=OFFSET(G31,-1,-1)} -> 0 | T31: {=T30} -> false | AB31: =AB30&".1" -> 1.1.1 | AC31: теплоноситель - вода | AD31: Гкал | BZ31: P_TOTAL_TEC_WATER | CA31: {=CA30} -> 0 | CB31: 266.0.1. | CC31: 297.0.5. | CD31: 148.0.1. | CJ31: ЧСЛ | CK31: M10498 | CL31: Выработка, Гкал
E32: 17 | F32: {=OFFSET(G32,-1,-1)} -> 0 | T32: {=T31} -> false | AB32: =AB30&".2" -> 1.1.2 | AC32: теплоноситель - пар | AD32: Гкал | BZ32: P_TOTAL_TEC_STEAM | CA32: {=CA31} -> 0 | CB32: 266.0.1. | CC32: 297.0.5. | CD32: 148.0.8. | CJ32: ЧСЛ | CK32: M10498 | CL32: Выработка, Гкал
E33: 17 | F33: {=OFFSET(G33,-1,-1)} -> 0 | T33: {=T32} -> false | AB33: =AB29&".2" -> 1.2 | AC33: котельные | AD33: Гкал | AE33: =AE34+AE35 -> 0 | AF33: =AF34+AF35 -> 0 | AG33: =AG34+AG35 -> 0 | AH33: =AH34+AH35 -> 0 | AI33: =AI34+AI35 -> 0 | AJ33: =AJ34+AJ35 -> 0 | AK33: =AK34+AK35 -> 0 | AL33: =AL34+AL35 -> 0 | ... BV33: =BV34+BV35 -> 0 | BZ33: P_TOTAL_BOIL | CA33: {=CA32} -> 0 | CB33: 266.0.1. | CC33: 297.0.3. | CJ33: ЧСЛ | CK33: M10498 | CL33: Выработка, Гкал
E34: 17 | F34: {=OFFSET(G34,-1,-1)} -> 0 | T34: {=T33} -> false | AB34: =AB33&".1" -> 1.2.1 | AC34: теплоноситель - вода | AD34: Гкал | BZ34: P_TOTAL_BOIL_WATER | CA34: {=CA33} -> 0 | CB34: 266.0.1. | CC34: 297.0.3. | CD34: 148.0.1. | CJ34: ЧСЛ | CK34: M10498 | CL34: Выработка, Гкал
E35: 17 | F35: {=OFFSET(G35,-1,-1)} -> 0 | T35: {=T34} -> false | AB35: =AB33&".2" -> 1.2.2 | AC35: теплоноситель - пар | AD35: Гкал | BZ35: P_TOTAL_BOIL_STEAM | CA35: {=CA34} -> 0 | CB35: 266.0.1. | CC35: 297.0.3. | CD35: 148.0.8. | CJ35: ЧСЛ | CK35: M10498 | CL35: Выработка, Гкал
E36: 17 | F36: {=OFFSET(G36,-1,-1)} -> 0 | T36: {=T35} -> false | AB36: =AB29&".3" -> 1.3 | AC36: электробойлерные | AD36: Гкал | BZ36: P_TOTAL_EL_BOIL | CA36: {=CA35} -> 0 | CB36: 266.0.1. | CC36: 297.0.6. | CJ36: ЧСЛ | CK36: M10498 | CL36: Выработка, Гкал
E37: 17 | F37: {=OFFSET(G37,-1,-1)} -> 0 | T37: {=T36} -> false | AB37: 2 | AC37: Собственные нужды источника тепловой энергии | AD37: Гкал | AE37: =AE38+AE41+AE44 -> 0 | AF37: =AF38+AF41+AF44 -> 0 | AG37: =AG38+AG41+AG44 -> 0 | AH37: =AH38+AH41+AH44 -> 0 | AI37: =AI38+AI41+AI44 -> 0 | AJ37: =AJ38+AJ41+AJ44 -> 0 | AK37: =AK38+AK41+AK44 -> 0 | AL37: =AL38+AL41+AL44 -> 0 | ... BV37: =BV38+BV41+BV44 -> 0 | BZ37: P_SELF | CA37: {=CA36} -> 0 | CI37: 360.0.1. | CJ37: ЧСЛ | CK37: M10499 | CL37: Собственные нужды источника тепла, Гкал
E38: 17 | F38: {=OFFSET(G38,-1,-1)} -> 0 | T38: {=T37} -> false | AB38: =AB37&".1" -> 2.1 | AC38: ТЭЦ | AD38: Гкал | AE38: =AE39+AE40 -> 0 | AF38: =AF39+AF40 -> 0 | AG38: =AG39+AG40 -> 0 | AH38: =AH39+AH40 -> 0 | AI38: =AI39+AI40 -> 0 | AJ38: =AJ39+AJ40 -> 0 | AK38: =AK39+AK40 -> 0 | AL38: =AL39+AL40 -> 0 | ... BV38: =BV39+BV40 -> 0 | BZ38: P_SELF_TEC | CA38: {=CA37} -> 0 | CC38: 297.0.5. | CJ38: ЧСЛ | CK38: M10499 | CL38: Собственные нужды источника тепла, Гкал
E39: 17 | F39: {=OFFSET(G39,-1,-1)} -> 0 | T39: {=T38} -> false | AB39: =AB38&".1" -> 2.1.1 | AC39: теплоноситель - вода | AD39: Гкал | BZ39: P_SELF_TEC_WATER | CA39: {=CA38} -> 0 | CC39: 297.0.5. | CD39: 148.0.1. | CJ39: ЧСЛ | CK39: M10499 | CL39: Собственные нужды источника тепла, Гкал
E40: 17 | F40: {=OFFSET(G40,-1,-1)} -> 0 | T40: {=T39} -> false | AB40: =AB38&".2" -> 2.1.2 | AC40: теплоноситель - пар | AD40: Гкал | BZ40: P_SELF_TEC_STEAM | CA40: {=CA39} -> 0 | CC40: 297.0.5. | CD40: 148.0.8. | CJ40: ЧСЛ | CK40: M10499 | CL40: Собственные нужды источника тепла, Гкал
E41: 17 | F41: {=OFFSET(G41,-1,-1)} -> 0 | T41: {=T40} -> false | AB41: 2.2 | AC41: котельные | AD41: Гкал | AE41: =AE42+AE43 -> 0 | AF41: =AF42+AF43 -> 0 | AG41: =AG42+AG43 -> 0 | AH41: =AH42+AH43 -> 0 | AI41: =AI42+AI43 -> 0 | AJ41: =AJ42+AJ43 -> 0 | AK41: =AK42+AK43 -> 0 | AL41: =AL42+AL43 -> 0 | ... BV41: =BV42+BV43 -> 0 | BZ41: P_SELF_BOIL | CA41: {=CA40} -> 0 | CC41: 297.0.3. | CJ41: ЧСЛ | CK41: M10499 | CL41: Собственные нужды источника тепла, Гкал
E42: 17 | F42: {=OFFSET(G42,-1,-1)} -> 0 | T42: {=T41} -> false | AB42: 2.2.1 | AC42: теплоноситель - вода | AD42: Гкал | BZ42: P_SELF_BOIL_WATER | CA42: {=CA41} -> 0 | CC42: 297.0.3. | CD42: 148.0.1. | CJ42: ЧСЛ | CK42: M10499 | CL42: Собственные нужды источника тепла, Гкал
E43: 17 | F43: {=OFFSET(G43,-1,-1)} -> 0 | T43: {=T42} -> false | AB43: 2.2.2 | AC43: теплоноситель - пар | AD43: Гкал | BZ43: P_SELF_BOIL_STEAM | CA43: {=CA42} -> 0 | CC43: 297.0.3. | CD43: 148.0.8. | CJ43: ЧСЛ | CK43: M10499 | CL43: Собственные нужды источника тепла, Гкал
E44: 17 | F44: {=OFFSET(G44,-1,-1)} -> 0 | T44: {=T43} -> false | AB44: =AB37&".3" -> 2.3 | AC44: электробойлерные | AD44: Гкал | BZ44: P_SELF_EL_BOIL | CA44: {=CA43} -> 0 | CC44: 297.0.6. | CJ44: ЧСЛ | CK44: M10499 | CL44: Собственные нужды источника тепла, Гкал
E45: 30 | F45: {=OFFSET(G45,-1,-1)} -> 0 | T45: {=T44} -> false | AB45: 3 | AC45: Отпуск тепловой энергии, поставляемой с коллекторов источника тепловой энергии, всего | AD45: Гкал | AE45: =AE29-AE37 -> 0 | AF45: =AF29-AF37 -> 0 | AG45: =AG29-AG37 -> 0 | AH45: =AH29-AH37 -> 0 | AI45: =AI29-AI37 -> 0 | AJ45: =AJ29-AJ37 -> 0 | AK45: =AK29-AK37 -> 0 | AL45: =AL29-AL37 -> 0 | ... BV45: =BV29-BV37 -> 0 | BZ45: P_RELEASE_COLLECT | CA45: {=CA44} -> 0 | CH45: 90.0.9. | CJ45: ЧСЛ | CK45: M10505 | CL45: Отпуск тепловой энергии, Гкал
E46: 17 | F46: {=OFFSET(G46,-1,-1)} -> 0 | T46: {=T45} -> false | AB46: =AB45&".1" -> 3.1 | AC46: ТЭЦ | AD46: Гкал | AE46: =AE30-AE38 -> 0 | AF46: =AF30-AF38 -> 0 | AG46: =AG30-AG38 -> 0 | AH46: =AH30-AH38 -> 0 | AI46: =AI30-AI38 -> 0 | AJ46: =AJ30-AJ38 -> 0 | AK46: =AK30-AK38 -> 0 | AL46: =AL30-AL38 -> 0 | ... BV46: =BV30-BV38 -> 0 | BZ46: P_RELEASE_COLLECT_TEC | CA46: {=CA45} -> 0 | CC46: 297.0.5. | CH46: 90.0.9. | CJ46: ЧСЛ | CK46: M10505 | CL46: Отпуск тепловой энергии, Гкал
E47: 17 | F47: {=OFFSET(G47,-1,-1)} -> 0 | T47: {=T46} -> false | AB47: =AB46&".1" -> 3.1.1 | AC47: теплоноситель - вода | AD47: Гкал | AE47: =AE31-AE39 -> 0 | AF47: =AF31-AF39 -> 0 | AG47: =AG31-AG39 -> 0 | AH47: =AH31-AH39 -> 0 | AI47: =AI31-AI39 -> 0 | AJ47: =AJ31-AJ39 -> 0 | AK47: =AK31-AK39 -> 0 | AL47: =AL31-AL39 -> 0 | ... BV47: =BV31-BV39 -> 0 | BZ47: P_RELEASE_COLLECT_TEC_WATER | CA47: {=CA46} -> 0 | CC47: 297.0.5. | CD47: 148.0.1. | CH47: 90.0.9. | CJ47: ЧСЛ | CK47: M10505 | CL47: Отпуск тепловой энергии, Гкал
E48: 17 | F48: {=OFFSET(G48,-1,-1)} -> 0 | T48: {=T47} -> false | AB48: =AB46&".2" -> 3.1.2 | AC48: теплоноситель - пар | AD48: Гкал | AE48: =AE32-AE40 -> 0 | AF48: =AF32-AF40 -> 0 | AG48: =AG32-AG40 -> 0 | AH48: =AH32-AH40 -> 0 | AI48: =AI32-AI40 -> 0 | AJ48: =AJ32-AJ40 -> 0 | AK48: =AK32-AK40 -> 0 | AL48: =AL32-AL40 -> 0 | ... BV48: =BV32-BV40 -> 0 | BZ48: P_RELEASE_COLLECT_TEC_STEAM | CA48: {=CA47} -> 0 | CC48: 297.0.5. | CD48: 148.0.8. | CH48: 90.0.9. | CJ48: ЧСЛ | CK48: M10505 | CL48: Отпуск тепловой энергии, Гкал
E49: 17 | F49: {=OFFSET(G49,-1,-1)} -> 0 | T49: {=T48} -> false | AB49: =AB45&".2" -> 3.2 | AC49: котельные | AD49: Гкал | AE49: =AE33-AE41 -> 0 | AF49: =AF33-AF41 -> 0 | AG49: =AG33-AG41 -> 0 | AH49: =AH33-AH41 -> 0 | AI49: =AI33-AI41 -> 0 | AJ49: =AJ33-AJ41 -> 0 | AK49: =AK33-AK41 -> 0 | AL49: =AL33-AL41 -> 0 | ... BV49: =BV33-BV41 -> 0 | BZ49: P_RELEASE_COLLECT_BOIL | CA49: {=CA48} -> 0 | CC49: 297.0.3. | CH49: 90.0.9. | CJ49: ЧСЛ | CK49: M10505 | CL49: Отпуск тепловой энергии, Гкал
E50: 17 | F50: {=OFFSET(G50,-1,-1)} -> 0 | T50: {=T49} -> false | AB50: =AB49&".1" -> 3.2.1 | AC50: теплоноситель - вода | AD50: Гкал | AE50: =AE34-AE42 -> 0 | AF50: =AF34-AF42 -> 0 | AG50: =AG34-AG42 -> 0 | AH50: =AH34-AH42 -> 0 | AI50: =AI34-AI42 -> 0 | AJ50: =AJ34-AJ42 -> 0 | AK50: =AK34-AK42 -> 0 | AL50: =AL34-AL42 -> 0 | ... BV50: =BV34-BV42 -> 0 | BZ50: P_RELEASE_COLLECT_BOIL_WATER | CA50: {=CA49} -> 0 | CC50: 297.0.3. | CD50: 148.0.1. | CH50: 90.0.9. | CJ50: ЧСЛ | CK50: M10505 | CL50: Отпуск тепловой энергии, Гкал
E51: 17 | F51: {=OFFSET(G51,-1,-1)} -> 0 | T51: {=T50} -> false | AB51: =AB49&".2" -> 3.2.2 | AC51: теплоноситель - пар | AD51: Гкал | AE51: =AE35-AE43 -> 0 | AF51: =AF35-AF43 -> 0 | AG51: =AG35-AG43 -> 0 | AH51: =AH35-AH43 -> 0 | AI51: =AI35-AI43 -> 0 | AJ51: =AJ35-AJ43 -> 0 | AK51: =AK35-AK43 -> 0 | AL51: =AL35-AL43 -> 0 | ... BV51: =BV35-BV43 -> 0 | BZ51: P_RELEASE_COLLECT_BOIL_STEAM | CA51: {=CA50} -> 0 | CC51: 297.0.3. | CD51: 148.0.8. | CH51: 90.0.9. | CJ51: ЧСЛ | CK51: M10505 | CL51: Отпуск тепловой энергии, Гкал
E52: 17 | F52: {=OFFSET(G52,-1,-1)} -> 0 | T52: {=T51} -> false | AB52: =AB45&".3" -> 3.3 | AC52: электробойлерные | AD52: Гкал | AE52: =AE36-AE44 -> 0 | AF52: =AF36-AF44 -> 0 | AG52: =AG36-AG44 -> 0 | AH52: =AH36-AH44 -> 0 | AI52: =AI36-AI44 -> 0 | AJ52: =AJ36-AJ44 -> 0 | AK52: =AK36-AK44 -> 0 | AL52: =AL36-AL44 -> 0 | ... BV52: =BV36-BV44 -> 0 | BZ52: P_RELEASE_COLLECT_EL_BOIL | CA52: {=CA51} -> 0 | CC52: 297.0.6. | CH52: 90.0.9. | CJ52: ЧСЛ | CK52: M10505 | CL52: Отпуск тепловой энергии, Гкал
E53: 17 | F53: {=OFFSET(G53,-1,-1)} -> 0 | T53: {=T52} -> false | AB53: 4 | AC53: Объем покупной тепловой энергии | AD53: Гкал | AE53: =AE54+AE55 -> 0 | AF53: =AF54+AF55 -> 0 | AG53: =AG54+AG55 -> 0 | AH53: =AH54+AH55 -> 0 | AI53: =AI54+AI55 -> 0 | AJ53: =AJ54+AJ55 -> 0 | AK53: =AK54+AK55 -> 0 | AL53: =AL54+AL55 -> 0 | ... BV53: =BV54+BV55 -> 0 | BZ53: P_PURCHASED | CA53: {=CA52} -> 0 | CH53: 90.0.10. | CJ53: ЧСЛ | CK53: M10588 | CL53: Объём энергии, Гкал
E54: 17 | F54: {=OFFSET(G54,-1,-1)} -> 0 | T54: {=T53} -> false | AB54: =AB53&".1" -> 4.1 | AC54: теплоноситель - вода | AD54: Гкал | BZ54: P_PURCHASED_WATER | CA54: {=CA53} -> 0 | CD54: 148.0.1. | CH54: 90.0.10. | CJ54: ЧСЛ | CK54: M10588 | CL54: Объём энергии, Гкал
E55: 17 | F55: {=OFFSET(G55,-1,-1)} -> 0 | T55: {=T54} -> false | AB55: =AB53&".2" -> 4.2 | AC55: теплоноситель - пар | AD55: Гкал | BZ55: P_PURCHASED_STEAM | CA55: {=CA54} -> 0 | CD55: 148.0.8. | CH55: 90.0.10. | CJ55: ЧСЛ | CK55: M10588 | CL55: Объём энергии, Гкал
E56: 17 | F56: {=OFFSET(G56,-1,-1)} -> 0 | T56: {=T55} -> false | AB56: 5 | AC56: Расход тепловой энергии на хозяйственные нужды | AD56: Гкал | BZ56: P_HOZ | CA56: {=CA55} -> 0 | CF56: 33.0.10. | CJ56: ЧСЛ | CK56: M10588 | CL56: Объём энергии, Гкал
E57: 17 | F57: {=OFFSET(G57,-1,-1)} -> 0 | T57: {=T56} -> false | AB57: 6 | AC57: Отпуск тепловой энергии с коллекторов | AD57: Гкал | AE57: =AE45+AE53-AE56 -> 0 | AF57: =AF45+AF53-AF56 -> 0 | AG57: =AG45+AG53-AG56 -> 0 | AH57: =AH45+AH53-AH56 -> 0 | AI57: =AI45+AI53-AI56 -> 0 | AJ57: =AJ45+AJ53-AJ56 -> 0 | AK57: =AK45+AK53-AK56 -> 0 | AL57: =AL45+AL53-AL56 -> 0 | ... BV57: =BV45+BV53-BV56 -> 0 | BZ57: P_COLLECT | CA57: {=CA56} -> 0 | CE57: 149.0.1. | CJ57: ЧСЛ | CK57: M10505 | CL57: Отпуск тепловой энергии, Гкал
E58: 17 | F58: {=OFFSET(G58,-1,-1)} -> 0 | T58: {=T57} -> false | AB58: =AB57&".1" -> 6.1 | AC58: теплоноситель - вода | AD58: Гкал | AE58: =AE59+AE60+AE65 -> 0 | AF58: =AF59+AF60+AF65 -> 0 | AG58: =AG59+AG60+AG65 -> 0 | AH58: =AH59+AH60+AH65 -> 0 | AI58: =AI59+AI60+AI65 -> 0 | AJ58: =AJ59+AJ60+AJ65 -> 0 | AK58: =AK59+AK60+AK65 -> 0 | AL58: =AL59+AL60+AL65 -> 0 | ... BV58: =BV59+BV60+BV65 -> 0 | BZ58: P_COLLECT_WATER | CA58: {=CA57} -> 0 | CD58: 148.0.1. | CE58: 149.0.1. | CJ58: ЧСЛ | CK58: M10505 | CL58: Отпуск тепловой энергии, Гкал
E59: 17 | F59: {=OFFSET(G59,-1,-1)} -> 0 | T59: {=T58} -> false | AB59: =AB58&".1" -> 6.1.1 | AC59: На нужды предприятия | AD59: Гкал | BZ59: P_COLLECT_WATER_SELF | CA59: {=CA58} -> 0 | CD59: 148.0.1. | CE59: 149.0.1. | CH59: 90.0.11. | CJ59: ЧСЛ | CK59: M10505 | CL59: Отпуск тепловой энергии, Гкал
E60: 17 | F60: {=OFFSET(G60,-1,-1)} -> 0 | T60: {=T59} -> false | AB60: =AB58&".2" -> 6.1.2 | AC60: Полезный отпуск по группам потребителей, всего, в т.ч.: | AD60: Гкал | AE60: =SUM(AE61:AE64) -> 0 | AF60: =SUM(AF61:AF64) -> 0 | AG60: =SUM(AG61:AG64) -> 0 | AH60: =SUM(AH61:AH64) -> 0 | AI60: =SUM(AI61:AI64) -> 0 | AJ60: =SUM(AJ61:AJ64) -> 0 | AK60: =SUM(AK61:AK64) -> 0 | AL60: =SUM(AL61:AL64) -> 0 | ... BV60: =SUM(BV61:BV64) -> 0 | BZ60: P_COLLECT_RELEASE_TOTAL | CA60: {=CA59} -> 0 | CD60: 148.0.1. | CE60: 149.0.1. | CH60: 90.0.12. | CJ60: ЧСЛ | CK60: M10505 | CL60: Отпуск тепловой энергии, Гкал
E61: 17 | F61: {=OFFSET(G61,-1,-1)} -> 0 | T61: {=T60} -> false | AB61: =AB60&".1" -> 6.1.2.1 | AC61: Другие теплоснабжающие организации | AD61: Гкал | BZ61: P_COLLECT_RELEASE_HEAT | CA61: {=CA60} -> 0 | CD61: 148.0.1. | CE61: 149.0.1. | CG61: 205.0.4. | CJ61: ЧСЛ | CK61: M10505 | CL61: Отпуск тепловой энергии, Гкал
E62: 17 | F62: {=OFFSET(G62,-1,-1)} -> 0 | T62: {=T61} -> false | AB62: =AB60&".2" -> 6.1.2.2 | AC62: Финансируемые из бюджетов всех уровней | AD62: Гкал | BZ62: P_COLLECT_RELEASE_BUDJET | CA62: {=CA61} -> 0 | CD62: 148.0.1. | CE62: 149.0.1. | CF62: 33.0.5. | CJ62: ЧСЛ | CK62: M10505 | CL62: Отпуск тепловой энергии, Гкал
E63: 17 | F63: {=OFFSET(G63,-1,-1)} -> 0 | T63: {=T62} -> false | AB63: =AB60&".3" -> 6.1.2.3 | AC63: Население | AD63: Гкал | BZ63: P_COLLECT_RELEASE_PEOPLE | CA63: {=CA62} -> 0 | CD63: 148.0.1. | CE63: 149.0.1. | CF63: 33.0.1. | CJ63: ЧСЛ | CK63: M10505 | CL63: Отпуск тепловой энергии, Гкал
E64: 17 | F64: {=OFFSET(G64,-1,-1)} -> 0 | T64: {=T63} -> false | AB64: =AB60&".4" -> 6.1.2.4 | AC64: Прочие потребители | AD64: Гкал | BZ64: P_COLLECT_RELEASE_OTHER | CA64: {=CA63} -> 0 | CD64: 148.0.1. | CE64: 149.0.1. | CF64: 33.0.6. | CJ64: ЧСЛ | CK64: M10505 | CL64: Отпуск тепловой энергии, Гкал
E65: 17 | F65: {=OFFSET(G65,-1,-1)} -> 0 | T65: {=T64} -> false | AB65: =AB58&".3" -> 6.1.3 | AC65: В собственную сеть | AD65: Гкал | BZ65: P_COLLECT_RELEASE_SELF | CA65: {=CA64} -> 0 | CD65: 148.0.1. | CE65: 149.0.1. | CF65: 33.0.8. | CJ65: ЧСЛ | CK65: M10505 | CL65: Отпуск тепловой энергии, Гкал
E66: 17 | F66: {=OFFSET(G66,-1,-1)} -> 0 | T66: {=T65} -> false | AB66: =AB57&".2" -> 6.2 | AC66: теплоноситель - пар | AD66: Гкал | BZ66: P_COLLECT_STEAM | CA66: {=CA65} -> 0 | CD66: 148.0.8. | CE66: 149.0.1. | CJ66: ЧСЛ | CK66: M10505 | CL66: Отпуск тепловой энергии, Гкал
E67: 17 | F67: {=OFFSET(G67,-1,-1)} -> 0 | T67: {=T66} -> false | AB67: 7 | AC67: Отпуск тепловой энергии в сеть | AD67: Гкал | AE67: =AE57-AE59 -> 0 | AF67: =AF57-AF59 -> 0 | AG67: =AG57-AG59 -> 0 | AH67: =AH57-AH59 -> 0 | AI67: =AI57-AI59 -> 0 | AJ67: =AJ57-AJ59 -> 0 | AK67: =AK57-AK59 -> 0 | AL67: =AL57-AL59 -> 0 | ... BV67: =BV57-BV59 -> 0 | BZ67: P_RELEASE_HEAT_TOTAL | CA67: {=CA66} -> 0 | CE67: 149.0.2. | CJ67: ЧСЛ | CK67: M10505 | CL67: Отпуск тепловой энергии, Гкал
E68: 17 | F68: {=OFFSET(G68,-1,-1)} -> 0 | T68: {=T67} -> false | AB68: =AB67&".1" -> 7.1 | AC68: теплоноситель - вода | AD68: Гкал | AE68: =AE58-AE59 -> 0 | AF68: =AF58-AF59 -> 0 | AG68: =AG58-AG59 -> 0 | AH68: =AH58-AH59 -> 0 | AI68: =AI58-AI59 -> 0 | AJ68: =AJ58-AJ59 -> 0 | AK68: =AK58-AK59 -> 0 | AL68: =AL58-AL59 -> 0 | ... BV68: =BV58-BV59 -> 0 | BZ68: P_RELEASE_HEAT_WATER | CA68: {=CA67} -> 0 | CD68: 148.0.1. | CE68: 149.0.2. | CJ68: ЧСЛ | CK68: M10505 | CL68: Отпуск тепловой энергии, Гкал
E69: 17 | F69: {=OFFSET(G69,-1,-1)} -> 0 | T69: {=T68} -> false | AB69: =AB67&".2" -> 7.2 | AC69: теплоноситель - пар | AD69: Гкал | AE69: {=AE66} -> 0 | AF69: {=AF66} -> 0 | AG69: {=AG66} -> 0 | AH69: {=AH66} -> 0 | AI69: {=AI66} -> 0 | AJ69: {=AJ66} -> 0 | AK69: {=AK66} -> 0 | AL69: {=AL66} -> 0 | ... BV69: {=BV66} -> 0 | BZ69: P_RELEASE_HEAT_STEAM | CA69: {=CA68} -> 0 | CD69: 148.0.8. | CE69: 149.0.2. | CJ69: ЧСЛ | CK69: M10505 | CL69: Отпуск тепловой энергии, Гкал
E70: 34 | F70: {=OFFSET(G70,-1,-1)} -> 0 | T70: {=T69} -> false | AB70: 8 | AC70: Потери тепловой энергии в сети теплоснабжающей организации | AD70: Гкал | AE70: =AE67-AE75 -> 0 | AF70: =AF67-AF75 -> 0 | AG70: =AG67-AG75 -> 0 | AH70: =AH67-AH75 -> 0 | AI70: =AI67-AI75 -> 0 | AJ70: =AJ67-AJ75 -> 0 | AK70: =AK67-AK75 -> 0 | AL70: =AL67-AL75 -> 0 | ... BV70: =BV67-BV75 -> 0 | BZ70: P_LOSS_TOTAL | CA70: {=CA69} -> 0 | CG70: 205.0.4. | CI70: 360.0.1. | CJ70: ЧСЛ | CK70: M10501 | CL70: Потери в сетях, Гкал
E71: 17 | F71: {=OFFSET(G71,-1,-1)} -> 0 | T71: {=T70} -> false | AB71: =AB70&".1" -> 8.1 | AC71: теплоноситель - вода | AD71: Гкал | BZ71: P_LOSS_WATER | CA71: {=CA70} -> 0 | CD71: 148.0.1. | CG71: 205.0.4. | CI71: 360.0.1. | CJ71: ЧСЛ | CK71: M10501 | CL71: Потери в сетях, Гкал
E72: 17 | F72: {=OFFSET(G72,-1,-1)} -> 0 | T72: {=T71} -> false | AB72: =AB71&".1" -> 8.1.1 | AC72: то же в % к отпуску в сеть | AD72: % | AE72: =_xlfn.IFERROR(AE71/AE68,0) -> 0 | AF72: =_xlfn.IFERROR(AF71/AF68,0) -> 0 | AG72: =_xlfn.IFERROR(AG71/AG68,0) -> 0 | AH72: =_xlfn.IFERROR(AH71/AH68,0) -> 0 | AI72: =_xlfn.IFERROR(AI71/AI68,0) -> 0 | AJ72: =_xlfn.IFERROR(AJ71/AJ68,0) -> 0 | AK72: =_xlfn.IFERROR(AK71/AK68,0) -> 0 | AL72: =_xlfn.IFERROR(AL71/AL68,0) -> 0 | ... BV72: =_xlfn.IFERROR(BV71/BV68,0) -> 0 | BZ72: P_LOSS_WATER_PERCENT | CA72: {=CA71} -> 0 | CD72: 148.0.1. | CG72: 205.0.4. | CI72: 360.0.2. | CJ72: ЧСЛ | CK72: M11817 | CL72: Потери в % к отпуску в сеть
E73: 17 | F73: {=OFFSET(G73,-1,-1)} -> 0 | T73: {=T72} -> false | AB73: =AB70&".2" -> 8.2 | AC73: теплоноситель - пар | AD73: Гкал | BZ73: P_LOSS_STEAM | CA73: {=CA72} -> 0 | CD73: 148.0.8. | CG73: 205.0.4. | CI73: 360.0.1. | CJ73: ЧСЛ | CK73: M10501 | CL73: Потери в сетях, Гкал
E74: 17 | F74: {=OFFSET(G74,-1,-1)} -> 0 | T74: {=T73} -> false | AB74: =AB73&".1" -> 8.2.1 | AC74: то же в % к отпуску в сеть | AD74: % | AE74: =_xlfn.IFERROR(AE73/AE69,0) -> 0 | AF74: =_xlfn.IFERROR(AF73/AF69,0) -> 0 | AG74: =_xlfn.IFERROR(AG73/AG69,0) -> 0 | AH74: =_xlfn.IFERROR(AH73/AH69,0) -> 0 | AI74: =_xlfn.IFERROR(AI73/AI69,0) -> 0 | AJ74: =_xlfn.IFERROR(AJ73/AJ69,0) -> 0 | AK74: =_xlfn.IFERROR(AK73/AK69,0) -> 0 | AL74: =_xlfn.IFERROR(AL73/AL69,0) -> 0 | ... BV74: =_xlfn.IFERROR(BV73/BV69,0) -> 0 | BZ74: P_LOSS_STEAM_PERCENT | CA74: {=CA73} -> 0 | CD74: 148.0.8. | CG74: 205.0.4. | CI74: 360.0.2. | CJ74: ЧСЛ | CK74: M11817 | CL74: Потери в % к отпуску в сеть
E75: 17 | F75: {=OFFSET(G75,-1,-1)} -> 0 | T75: {=T74} -> false | AB75: 9 | AC75: Отпуск тепловой энергии, всего | AD75: Гкал | AE75: =AE76+AE83 -> 0 | AF75: =AF76+AF83 -> 0 | AG75: =AG76+AG83 -> 0 | AH75: =AH76+AH83 -> 0 | AI75: =AI76+AI83 -> 0 | AJ75: =AJ76+AJ83 -> 0 | AK75: =AK76+AK83 -> 0 | AL75: =AL76+AL83 -> 0 | ... BV75: =BV76+BV83 -> 0 | BZ75: P_HEAT_TOTAL | CA75: {=CA74} -> 0 | CI75: 360.0.2. | CJ75: ЧСЛ | CK75: M10505 | CL75: Отпуск тепловой энергии, Гкал
E76: 17 | F76: {=OFFSET(G76,-1,-1)} -> 0 | T76: {=T75} -> false | AB76: =AB75&".1" -> 9.1 | AC76: теплоноситель - вода | AD76: Гкал | AE76: =AE77+AE78 -> 0 | AF76: =AF77+AF78 -> 0 | AG76: =AG77+AG78 -> 0 | AH76: =AH77+AH78 -> 0 | AI76: =AI77+AI78 -> 0 | AJ76: =AJ77+AJ78 -> 0 | AK76: =AK77+AK78 -> 0 | AL76: =AL77+AL78 -> 0 | ... BV76: =BV77+BV78 -> 0 | BZ76: P_HEAT_WATER | CA76: {=CA75} -> 0 | CD76: 148.0.1. | CJ76: ЧСЛ | CK76: M10505 | CL76: Отпуск тепловой энергии, Гкал
E77: 17 | F77: {=OFFSET(G77,-1,-1)} -> 0 | T77: {=T76} -> false | AB77: =AB76&".1" -> 9.1.1 | AC77: На нужды предприятия | AD77: Гкал | BZ77: P_HEAT_WATER_SELF | CA77: {=CA76} -> 0 | CD77: 148.0.1. | CH77: 90.0.11. | CJ77: ЧСЛ | CK77: M10505 | CL77: Отпуск тепловой энергии, Гкал
E78: 17 | F78: {=OFFSET(G78,-1,-1)} -> 0 | T78: {=T77} -> false | AB78: =AB76&".2" -> 9.1.2 | AC78: Полезный отпуск по группам потребителей, всего, в т.ч.: | AD78: Гкал | AE78: =AE79+AE80+AE81+AE82 -> 0 | AF78: =AF79+AF80+AF81+AF82 -> 0 | AG78: =AG79+AG80+AG81+AG82 -> 0 | AH78: =AH79+AH80+AH81+AH82 -> 0 | AI78: =AI79+AI80+AI81+AI82 -> 0 | AJ78: =AJ79+AJ80+AJ81+AJ82 -> 0 | AK78: =AK79+AK80+AK81+AK82 -> 0 | AL78: =AL79+AL80+AL81+AL82 -> 0 | ... BV78: =BV79+BV80+BV81+BV82 -> 0 | BZ78: P_HEAT_WATER_RELEASE_TOTAL | CA78: {=CA77} -> 0 | CD78: 148.0.1. | CH78: 90.0.12. | CJ78: ЧСЛ | CK78: M10505 | CL78: Отпуск тепловой энергии, Гкал
E79: 17 | F79: {=OFFSET(G79,-1,-1)} -> 0 | T79: {=T78} -> false | AB79: =AB78&".1" -> 9.1.2.1 | AC79: Другие теплоснабжающие организации | AD79: Гкал | BZ79: P_HEAT_WATER_RELEASE_HEAT | CA79: {=CA78} -> 0 | CD79: 148.0.1. | CG79: 205.0.4. | CI79: 360.0.3. | CJ79: ЧСЛ | CK79: M10505 | CL79: Отпуск тепловой энергии, Гкал
E80: 17 | F80: {=OFFSET(G80,-1,-1)} -> 0 | T80: {=T79} -> false | AB80: =AB78&".2" -> 9.1.2.2 | AC80: Финансируемые из бюджетов всех уровней | AD80: Гкал | BZ80: P_HEAT_WATER_RELEASE_BUDJET | CA80: {=CA79} -> 0 | CD80: 148.0.1. | CF80: 33.0.5. | CJ80: ЧСЛ | CK80: M10505 | CL80: Отпуск тепловой энергии, Гкал
E81: 17 | F81: {=OFFSET(G81,-1,-1)} -> 0 | T81: {=T80} -> false | AB81: =AB78&".3" -> 9.1.2.3 | AC81: Население | AD81: Гкал | BZ81: P_HEAT_WATER_RELEASE_PEOPLE | CA81: {=CA80} -> 0 | CD81: 148.0.1. | CF81: 33.0.1. | CJ81: ЧСЛ | CK81: M10505 | CL81: Отпуск тепловой энергии, Гкал
E82: 17 | F82: {=OFFSET(G82,-1,-1)} -> 0 | T82: {=T81} -> false | AB82: =AB78&".4" -> 9.1.2.4 | AC82: Прочие потребители | AD82: Гкал | BZ82: P_HEAT_WATER_RELEASE_OTHER | CA82: {=CA81} -> 0 | CD82: 148.0.1. | CF82: 33.0.6. | CJ82: ЧСЛ | CK82: M10505 | CL82: Отпуск тепловой энергии, Гкал
E83: 17 | F83: {=OFFSET(G83,-1,-1)} -> 0 | T83: {=T82} -> false | AB83: =AB75&".2" -> 9.2 | AC83: теплоноситель - пар | AD83: Гкал | AE83: =AE84+AE85 -> 0 | AF83: =AF84+AF85 -> 0 | AG83: =AG84+AG85 -> 0 | AH83: =AH84+AH85 -> 0 | AI83: =AI84+AI85 -> 0 | AJ83: =AJ84+AJ85 -> 0 | AK83: =AK84+AK85 -> 0 | AL83: =AL84+AL85 -> 0 | ... BV83: =BV84+BV85 -> 0 | BZ83: P_HEAT_STEAM | CA83: {=CA82} -> 0 | CD83: 148.0.8. | CJ83: ЧСЛ | CK83: M10505 | CL83: Отпуск тепловой энергии, Гкал
E84: 17 | F84: {=OFFSET(G84,-1,-1)} -> 0 | T84: {=T83} -> false | AB84: 9.2.1 | AC84: На нужды предприятия | AD84: Гкал | BZ84: P_HEAT_STEAM_SELF | CA84: {=CA83} -> 0 | CD84: 148.0.8. | CH84: 90.0.11. | CJ84: ЧСЛ | CK84: M10505 | CL84: Отпуск тепловой энергии, Гкал
E85: 17 | F85: {=OFFSET(G85,-1,-1)} -> 0 | T85: {=T84} -> false | AB85: 9.2.2 | AC85: Полезный отпуск по группам потребителей, всего, в т.ч.: | AD85: Гкал | AE85: =SUM(AE86:AE89) -> 0 | AF85: =SUM(AF86:AF89) -> 0 | AG85: =SUM(AG86:AG89) -> 0 | AH85: =SUM(AH86:AH89) -> 0 | AI85: =SUM(AI86:AI89) -> 0 | AJ85: =SUM(AJ86:AJ89) -> 0 | AK85: =SUM(AK86:AK89) -> 0 | AL85: =SUM(AL86:AL89) -> 0 | ... BV85: =SUM(BV86:BV89) -> 0 | BZ85: P_HEAT_STEAM_RELEASE_TOTAL | CA85: {=CA84} -> 0 | CD85: 148.0.8. | CH85: 90.0.12. | CJ85: ЧСЛ | CK85: M10505 | CL85: Отпуск тепловой энергии, Гкал
E86: 17 | F86: {=OFFSET(G86,-1,-1)} -> 0 | T86: {=T85} -> false | AB86: 9.2.2.1 | AC86: Другие теплоснабжающие организации | AD86: Гкал | BZ86: P_HEAT_STEAM_RELEASE_HEAT | CA86: {=CA85} -> 0 | CD86: 148.0.8. | CG86: 205.0.4. | CJ86: ЧСЛ | CK86: M10505 | CL86: Отпуск тепловой энергии, Гкал
E87: 17 | F87: {=OFFSET(G87,-1,-1)} -> 0 | T87: {=T86} -> false | AB87: 9.2.2.2 | AC87: Финансируемые из бюджетов всех уровней | AD87: Гкал | BZ87: P_HEAT_STEAM_RELEASE_BUDJET | CA87: {=CA86} -> 0 | CD87: 148.0.8. | CF87: 33.0.5. | CJ87: ЧСЛ | CK87: M10505 | CL87: Отпуск тепловой энергии, Гкал
E88: 17 | F88: {=OFFSET(G88,-1,-1)} -> 0 | T88: {=T87} -> false | AB88: 9.2.2.3 | AC88: Население | AD88: Гкал | BZ88: P_HEAT_STEAM_RELEASE_PEOPLE | CA88: {=CA87} -> 0 | CD88: 148.0.8. | CF88: 33.0.1. | CJ88: ЧСЛ | CK88: M10505 | CL88: Отпуск тепловой энергии, Гкал
E89: 17 | F89: {=OFFSET(G89,-1,-1)} -> 0 | T89: {=T88} -> false | AB89: 9.2.2.4 | AC89: Прочие потребители | AD89: Гкал | BZ89: P_HEAT_STEAM_RELEASE_OTHER | CA89: {=CA88} -> 0 | CD89: 148.0.8. | CF89: 33.0.6. | CJ89: ЧСЛ | CK89: M10505 | CL89: Отпуск тепловой энергии, Гкал
E90: 26 | F90: {=OFFSET(G90,-1,-1)} -> 0 | O90: для 2х ставочного | T90: =AND(T89,H28="двухставочный") -> 0 | AB90: 10 | AC90: Суммарная договорная (заявленная) тепловая нагрузка потребителей тепловой энергии | AD90: Гкал/ч | AE90: =SUM(AE91:AE94) -> 0 | AF90: =SUM(AF91:AF94) -> 0 | AG90: =SUM(AG91:AG94) -> 0 | AH90: =SUM(AH91:AH94) -> 0 | AI90: =SUM(AI91:AI94) -> 0 | AJ90: =SUM(AJ91:AJ94) -> 0 | AK90: =SUM(AK91:AK94) -> 0 | AL90: =SUM(AL91:AL94) -> 0 | ... BV90: =SUM(BV91:BV94) -> 0 | BZ90: P_LOAD_TOTAL | CA90: {=CA89} -> 0 | CI90: 360.0.3. | CJ90: ЧСЛ | CK90: M11341 | CL90: Тепловая нагрузка, Гкал/час
E91: 17 | F91: {=OFFSET(G91,-1,-1)} -> 0 | O91: для 2х ставочного | T91: {=T90} -> false | AB91: =AB90&".1" -> 10.1 | AC91: Другие теплоснабжающие организации | AD91: Гкал/ч | BZ91: P_LOAD_HEAT | CA91: {=CA90} -> 0 | CG91: 205.0.4. | CI91: 360.0.2. | CJ91: ЧСЛ | CK91: M11341 | CL91: Тепловая нагрузка, Гкал/час
E92: 17 | F92: {=OFFSET(G92,-1,-1)} -> 0 | O92: для 2х ставочного | T92: {=T91} -> false | AB92: =AB90&".2" -> 10.2 | AC92: Финансируемые из бюджетов всех уровней | AD92: Гкал/ч | BZ92: P_LOAD_BUDJET | CA92: {=CA91} -> 0 | CF92: 33.0.5. | CJ92: ЧСЛ | CK92: M11341 | CL92: Тепловая нагрузка, Гкал/час
E93: 17 | F93: {=OFFSET(G93,-1,-1)} -> 0 | O93: для 2х ставочного | T93: {=T92} -> false | AB93: =AB90&".3" -> 10.3 | AC93: Население | AD93: Гкал/ч | BZ93: P_LOAD_PEOPLE | CA93: {=CA92} -> 0 | CF93: 33.0.1. | CJ93: ЧСЛ | CK93: M11341 | CL93: Тепловая нагрузка, Гкал/час
E94: 17 | F94: {=OFFSET(G94,-1,-1)} -> 0 | O94: для 2х ставочного | T94: {=T93} -> false | AB94: =AB90&".4" -> 10.4 | AC94: Прочие потребители | AD94: Гкал/ч | BZ94: P_LOAD_OTHER | CA94: {=CA93} -> 0 | CF94: 33.0.6. | CJ94: ЧСЛ | CK94: M11341 | CL94: Тепловая нагрузка, Гкал/час
E95: 54 | F95: {=OFFSET(G95,-1,-1)} -> 0 | O95: для 2х ставочного | T95: {=T94} -> false | AB95: 11 | AC95: Коэффициент соотношения установленной тепловой мощности источника (источников) тепловой энергии регулируемой организации и суммарной договорной (заявленной) тепловой нагрузки потребителей тепловой энергии | BZ95: P_KOEF_HEAT | CA95: {=CA94} -> 0 | CJ95: ЧСЛ | CK95: M11818 | CL95: Коэффициент соотношения установленной мощности и заявленной нагрузки
E96: 11 | F96: {=X96} -> 1 | G96: {=INDEX('Общие сведения'!$AL$169:$AL$202,MATCH($F96,'Общие сведения'!$Y$169:$Y$202,0))} -> производство тепловой энергии (мощности) не в режиме комбинированной выработки электрической и тепловой энергии источниками тепловой энергии | H96: {=INDEX('Общие сведения'!$AK$169:$AK$202,MATCH($F96,'Общие сведения'!$Y$169:$Y$202,0))} -> одноставочный | T96: =AND(X96>0,G96<>"передача тепловой энергии") -> 1 | V96: {='Сценарии (МСА)'!$AB$35} -> Тариф 1 (Теплоснабжение) - Тариф на тепловую энергию (мощность), поставляемую потребителям (Доп. признак не требуется) | X96: 1 | AB96: {=IF(ISBLANK('Сценарии (МСА)'!$AB$35),"",'Сценарии (МСА)'!$AB$35)} -> Тариф 1 (Теплоснабжение) - Тариф на тепловую энергию (мощность), поставляемую потребителям (Доп. признак не требуется)
E97: 17 | F97: {=OFFSET(G97,-1,-1)} -> 1 | T97: {=T96} -> true | AB97: 1 | AC97: Выработка тепловой энергии на источниках (Qвыр), всего | AD97: Гкал | AE97: =AE98+AE101+AE104 -> 4383 | AF97: =AF98+AF101+AF104 -> 4637 | AG97: =AG98+AG101+AG104 -> 4637 | AH97: =AH98+AH101+AH104 -> 4671 | AI97: =AI98+AI101+AI104 -> 4637 | AJ97: =AJ98+AJ101+AJ104 -> 0 | AK97: =AK98+AK101+AK104 -> 0 | AL97: =AL98+AL101+AL104 -> 0 | ... BV97: =BV98+BV101+BV104 -> 0 | BZ97: P_TOTAL | CA97: {=INDEX('Общие сведения'!$N$170:$N$202,MATCH($F97,'Общие сведения'!$Y$170:$Y$202,0)+1)} -> ТЭ.42.31656254.0001 | CB97: 266.0.1. | CJ97: ЧСЛ | CK97: M10498 | CL97: Выработка, Гкал
E98: 17 | F98: {=OFFSET(G98,-1,-1)} -> 1 | T98: {=T97} -> true | AB98: =AB97&".1" -> 1.1 | AC98: ТЭЦ | AD98: Гкал | AE98: =AE99+AE100 -> 0 | AF98: =AF99+AF100 -> 0 | AG98: =AG99+AG100 -> 0 | AH98: =AH99+AH100 -> 0 | AI98: =AI99+AI100 -> 0 | AJ98: =AJ99+AJ100 -> 0 | AK98: =AK99+AK100 -> 0 | AL98: =AL99+AL100 -> 0 | ... BV98: =BV99+BV100 -> 0 | BZ98: P_TOTAL_TEC | CA98: {=CA97} -> ТЭ.42.31656254.0001 | CB98: 266.0.1. | CC98: 297.0.5. | CJ98: ЧСЛ | CK98: M10498 | CL98: Выработка, Гкал
E99: 17 | F99: {=OFFSET(G99,-1,-1)} -> 1 | T99: {=T98} -> true | AB99: =AB98&".1" -> 1.1.1 | AC99: теплоноситель - вода | AD99: Гкал | BZ99: P_TOTAL_TEC_WATER | CA99: {=CA98} -> ТЭ.42.31656254.0001 | CB99: 266.0.1. | CC99: 297.0.5. | CD99: 148.0.1. | CJ99: ЧСЛ | CK99: M10498 | CL99: Выработка, Гкал
E100: 17 | F100: {=OFFSET(G100,-1,-1)} -> 1 | T100: {=T99} -> true | AB100: =AB98&".2" -> 1.1.2 | AC100: теплоноситель - пар | AD100: Гкал | BZ100: P_TOTAL_TEC_STEAM | CA100: {=CA99} -> ТЭ.42.31656254.0001 | CB100: 266.0.1. | CC100: 297.0.5. | CD100: 148.0.8. | CJ100: ЧСЛ | CK100: M10498 | CL100: Выработка, Гкал
E101: 17 | F101: {=OFFSET(G101,-1,-1)} -> 1 | T101: {=T100} -> true | AB101: =AB97&".2" -> 1.2 | AC101: котельные | AD101: Гкал | AE101: =AE102+AE103 -> 4383 | AF101: =AF102+AF103 -> 4637 | AG101: =AG102+AG103 -> 4637 | AH101: =AH102+AH103 -> 4671 | AI101: =AI102+AI103 -> 4637 | AJ101: =AJ102+AJ103 -> 0 | AK101: =AK102+AK103 -> 0 | AL101: =AL102+AL103 -> 0 | ... BV101: =BV102+BV103 -> 0 | BZ101: P_TOTAL_BOIL | CA101: {=CA100} -> ТЭ.42.31656254.0001 | CB101: 266.0.1. | CC101: 297.0.3. | CJ101: ЧСЛ | CK101: M10498 | CL101: Выработка, Гкал
E102: 17 | F102: {=OFFSET(G102,-1,-1)} -> 1 | T102: {=T101} -> true | AB102: =AB101&".1" -> 1.2.1 | AC102: теплоноситель - вода | AD102: Гкал | AE102: 4383 | AF102: 4637 | AG102: 4637 | AH102: 4671 | AI102: 4637 | BC102: 4637 | BZ102: P_TOTAL_BOIL_WATER | CA102: {=CA101} -> ТЭ.42.31656254.0001 | CB102: 266.0.1. | CC102: 297.0.3. | CD102: 148.0.1. | CJ102: ЧСЛ | CK102: M10498 | CL102: Выработка, Гкал
E103: 17 | F103: {=OFFSET(G103,-1,-1)} -> 1 | T103: {=T102} -> true | AB103: =AB101&".2" -> 1.2.2 | AC103: теплоноситель - пар | AD103: Гкал | BZ103: P_TOTAL_BOIL_STEAM | CA103: {=CA102} -> ТЭ.42.31656254.0001 | CB103: 266.0.1. | CC103: 297.0.3. | CD103: 148.0.8. | CJ103: ЧСЛ | CK103: M10498 | CL103: Выработка, Гкал
E104: 17 | F104: {=OFFSET(G104,-1,-1)} -> 1 | T104: {=T103} -> true | AB104: =AB97&".3" -> 1.3 | AC104: электробойлерные | AD104: Гкал | BZ104: P_TOTAL_EL_BOIL | CA104: {=CA103} -> ТЭ.42.31656254.0001 | CB104: 266.0.1. | CC104: 297.0.6. | CJ104: ЧСЛ | CK104: M10498 | CL104: Выработка, Гкал
E105: 17 | F105: {=OFFSET(G105,-1,-1)} -> 1 | T105: {=T104} -> true | AB105: 2 | AC105: Собственные нужды источника тепловой энергии | AD105: Гкал | AE105: =AE106+AE109+AE112 -> 0 | AF105: =AF106+AF109+AF112 -> 0 | AG105: =AG106+AG109+AG112 -> 0 | AH105: =AH106+AH109+AH112 -> 0 | AI105: =AI106+AI109+AI112 -> 0 | AJ105: =AJ106+AJ109+AJ112 -> 0 | AK105: =AK106+AK109+AK112 -> 0 | AL105: =AL106+AL109+AL112 -> 0 | ... BV105: =BV106+BV109+BV112 -> 0 | BZ105: P_SELF | CA105: {=CA104} -> ТЭ.42.31656254.0001 | CI105: 360.0.1. | CJ105: ЧСЛ | CK105: M10499 | CL105: Собственные нужды источника тепла, Гкал
E106: 17 | F106: {=OFFSET(G106,-1,-1)} -> 1 | T106: {=T105} -> true | AB106: =AB105&".1" -> 2.1 | AC106: ТЭЦ | AD106: Гкал | AE106: =AE107+AE108 -> 0 | AF106: =AF107+AF108 -> 0 | AG106: =AG107+AG108 -> 0 | AH106: =AH107+AH108 -> 0 | AI106: =AI107+AI108 -> 0 | AJ106: =AJ107+AJ108 -> 0 | AK106: =AK107+AK108 -> 0 | AL106: =AL107+AL108 -> 0 | ... BV106: =BV107+BV108 -> 0 | BZ106: P_SELF_TEC | CA106: {=CA105} -> ТЭ.42.31656254.0001 | CC106: 297.0.5. | CJ106: ЧСЛ | CK106: M10499 | CL106: Собственные нужды источника тепла, Гкал
E107: 17 | F107: {=OFFSET(G107,-1,-1)} -> 1 | T107: {=T106} -> true | AB107: =AB106&".1" -> 2.1.1 | AC107: теплоноситель - вода | AD107: Гкал | BZ107: P_SELF_TEC_WATER | CA107: {=CA106} -> ТЭ.42.31656254.0001 | CC107: 297.0.5. | CD107: 148.0.1. | CJ107: ЧСЛ | CK107: M10499 | CL107: Собственные нужды источника тепла, Гкал
E108: 17 | F108: {=OFFSET(G108,-1,-1)} -> 1 | T108: {=T107} -> true | AB108: =AB106&".2" -> 2.1.2 | AC108: теплоноситель - пар | AD108: Гкал | BZ108: P_SELF_TEC_STEAM | CA108: {=CA107} -> ТЭ.42.31656254.0001 | CC108: 297.0.5. | CD108: 148.0.8. | CJ108: ЧСЛ | CK108: M10499 | CL108: Собственные нужды источника тепла, Гкал
...

Sheet Баланс Тр
A1: =OR(T27:T42) -> 0 | F1: tariffId | T1: vis_1 | U1: dyn_1 | V1: blok_1 | W1: blok_2 | X1: ren_1 | Y1: ren_2 | Z1: del_1 | AA1: del_2 | AB1: dyn_2 | BZ1: pok_js | CA1: ИД.ТАРИФ_NAME | CB1: uni_heat_transport_type_NAME | CC1: uni_consumer_type_NAME | CD1: uni_user_destination_heat_energy_NAME | CE1: uni_inform_section_NAME | CF1: G_UNIT | CG1: G_POK | CH1: G_COMMENT
B2: vis | AF2: {=isOrgDeclare} -> true | AI2: =AND(AI9<=last_year_vis,isOrgDeclare) -> 1 | AJ2: =AND(AJ9<=last_year_vis,isOrgDeclare) -> 0 | AK2: =AND(AK9<=last_year_vis,isOrgDeclare) -> 0 | AL2: =AND(AL9<=last_year_vis,isOrgDeclare) -> 0 | AM2: =AND(AM9<=last_year_vis,isOrgDeclare) -> 0 | AN2: =AND(AN9<=last_year_vis,isOrgDeclare) -> 0 | AO2: =AND(AO9<=last_year_vis,isOrgDeclare) -> 0 | AP2: =AND(AP9<=last_year_vis,isOrgDeclare) -> 0 | ... BB2: =AND(BB9<=last_year_vis,isOrgDeclare) -> 0 | BC2: =BC9<=last_year_vis -> 1 | BD2: =BD9<=last_year_vis -> 0 | BE2: =BE9<=last_year_vis -> 0 | BF2: =BF9<=last_year_vis -> 0 | BG2: =BG9<=last_year_vis -> 0 | BH2: =BH9<=last_year_vis -> 0 | BI2: =BI9<=last_year_vis -> 0 | BJ2: =BJ9<=last_year_vis -> 0 | ... BV2: =BV9<=last_year_vis -> 0
E5: size | AA5: 3 | AB5: 9 | AC5: 60 | AD5: 10 | AE5: 13 | AF5: 13 | AG5: 13 | AH5: 13 | AI5: 13 | AJ5: 13 | AK5: 13 | AL5: 13 | AM5: 13 | AN5: 13 | AO5: 13 | AP5: 13 | AQ5: 13 | AR5: 13 | AS5: 13 | AT5: 13 | AU5: 13 | AV5: 13 | AW5: 13 | AX5: 13 | AY5: 13 | AZ5: 13 | BA5: 13 | BB5: 13 | BC5: 13 | BD5: 13 | BE5: 13 | BF5: 13 | BG5: 13 | BH5: 13 | BI5: 13 | BJ5: 13 | BK5: 13 | BL5: 13 | BM5: 13 | BN5: 13 | BO5: 13 | BP5: 13 | BQ5: 13 | BR5: 13 | BS5: 13 | BT5: 13 | BU5: 13 | BV5: 13 | BW5: 20 | BX5: 3
A9: PJ_YEAR | AE9: =god-2 -> 2025 | AF9: =god-2 -> 2025 | AG9: =god-2 -> 2025 | AH9: =god-1 -> 2026 | AI9: {=god} -> 2027 | AJ9: =god+1 -> 2028 | AK9: =god+2 -> 2029 | AL9: =god+3 -> 2030 | AM9: =god+4 -> 2031 | AN9: =god+5 -> 2032 | AO9: =god+6 -> 2033 | AP9: =god+7 -> 2034 | AQ9: =god+8 -> 2035 | AR9: =god+9 -> 2036 | AS9: =god+10 -> 2037 | AT9: =god+11 -> 2038 | AU9: =god+12 -> 2039 | AV9: =god+13 -> 2040 | AW9: =god+14 -> 2041 | AX9: =god+15 -> 2042 | AY9: =god+16 -> 2043 | AZ9: =god+17 -> 2044 | BA9: =god+18 -> 2045 | BB9: =god+19 -> 2046 | BC9: {=god} -> 2027 | BD9: =god+1 -> 2028 | BE9: =god+2 -> 2029 | BF9: =god+3 -> 2030 | BG9: =god+4 -> 2031 | BH9: =god+5 -> 2032 | BI9: =god+6 -> 2033 | BJ9: =god+7 -> 2034 | BK9: =god+8 -> 2035 | BL9: =god+9 -> 2036 | BM9: =god+10 -> 2037 | BN9: =god+11 -> 2038 | BO9: =god+12 -> 2039 | BP9: =god+13 -> 2040 | BQ9: =god+14 -> 2041 | BR9: =god+15 -> 2042 | BS9: =god+16 -> 2043 | BT9: =god+17 -> 2044 | BU9: =god+18 -> 2045 | BV9: =god+19 -> 2046
A10: PJ_PF | AE10: {=AE26} -> Принято органом регулирования | AF10: {=AF26} -> Факт по данным организации | AG10: {=AG26} -> Факт, принятый органом регулирования | AH10: {=AH26} -> Принято органом регулирования | AI10: {=AI26} -> Предложение организации | AJ10: {=AJ26} -> Предложение организации | AK10: {=AK26} -> Предложение организации | AL10: {=AL26} -> Предложение организации | ... BV10: {=BV26} -> Принято органом регулирования
A11: PJ_DOP | BW11: {=BW25} -> Ссылка на правовую норму (основание для принятия показателя в расчет тарифа)
A14: uni_org_reg_NAME | AE14: 328.0.2. | AF14: 328.0.1. | AG14: 328.0.2. | AH14: 328.0.2. | AI14: 328.0.1. | AJ14: 328.0.1. | AK14: 328.0.1. | AL14: 328.0.1. | AM14: 328.0.1. | AN14: 328.0.1. | AO14: 328.0.1. | AP14: 328.0.1. | AQ14: 328.0.1. | AR14: 328.0.1. | AS14: 328.0.1. | AT14: 328.0.1. | AU14: 328.0.1. | AV14: 328.0.1. | AW14: 328.0.1. | AX14: 328.0.1. | AY14: 328.0.1. | AZ14: 328.0.1. | BA14: 328.0.1. | BB14: 328.0.1. | BC14: 328.0.2. | BD14: 328.0.2. | BE14: 328.0.2. | BF14: 328.0.2. | BG14: 328.0.2. | BH14: 328.0.2. | BI14: 328.0.2. | BJ14: 328.0.2. | BK14: 328.0.2. | BL14: 328.0.2. | BM14: 328.0.2. | BN14: 328.0.2. | BO14: 328.0.2. | BP14: 328.0.2. | BQ14: 328.0.2. | BR14: 328.0.2. | BS14: 328.0.2. | BT14: 328.0.2. | BU14: 328.0.2. | BV14: 328.0.2.
A15: uni_pf_NAME | AE15: 36.0.7. | AF15: 36.0.1. | AG15: 36.0.1. | AH15: 36.0.7. | AI15: 36.0.3. | AJ15: 36.0.3. | AK15: 36.0.3. | AL15: 36.0.3. | AM15: 36.0.3. | AN15: 36.0.3. | AO15: 36.0.3. | AP15: 36.0.3. | AQ15: 36.0.3. | AR15: 36.0.3. | AS15: 36.0.3. | AT15: 36.0.3. | AU15: 36.0.3. | AV15: 36.0.3. | AW15: 36.0.3. | AX15: 36.0.3. | AY15: 36.0.3. | AZ15: 36.0.3. | BA15: 36.0.3. | BB15: 36.0.3. | BC15: 36.0.7. | BD15: 36.0.7. | BE15: 36.0.7. | BF15: 36.0.7. | BG15: 36.0.7. | BH15: 36.0.7. | BI15: 36.0.7. | BJ15: 36.0.7. | BK15: 36.0.7. | BL15: 36.0.7. | BM15: 36.0.7. | BN15: 36.0.7. | BO15: 36.0.7. | BP15: 36.0.7. | BQ15: 36.0.7. | BR15: 36.0.7. | BS15: 36.0.7. | BT15: 36.0.7. | BU15: 36.0.7. | BV15: 36.0.7.
A16: uni_year_NAME | AE16: ="389.0."&AE9-2010&"." -> 389.0.15. | AF16: ="389.0."&AF9-2010&"." -> 389.0.15. | AG16: ="389.0."&AG9-2010&"." -> 389.0.15. | AH16: ="389.0."&AH9-2010&"." -> 389.0.16. | AI16: ="389.0."&AI9-2010&"." -> 389.0.17. | AJ16: ="389.0."&AJ9-2010&"." -> 389.0.18. | AK16: ="389.0."&AK9-2010&"." -> 389.0.19. | AL16: ="389.0."&AL9-2010&"." -> 389.0.20. | ... BV16: ="389.0."&BV9-2010&"." -> 389.0.36.
A17: V_UNIT | BW17: СТР
A18: V_POK | BW18: M11578
A19: V_COMMENT | BW19: URL-ссылка на обосновывающие материалы
E21: 15 | AC21: {=tpl_title} -> Кемеровская область / 2027 / ООО "КК-ИНВЕСТ" (ИНН:1901133713, КПП:190101001) / ДПР: 2025-2027
E22: 20 | AB22: Баланс теплоснабжения (транспортировка)
E23: 11
E24: 15 | AB24: Баланс теплоснабжения (транспортировка)
E25: 15 | AB25: № п/п | AC25: Наименование показателя | AD25: Единица измерения | AE25: =god-2&" год" -> 2025 год | AF25: =god-2&" год" -> 2025 год | AG25: =god-2&" год" -> 2025 год | AH25: =god-1&" год" -> 2026 год | AI25: =god&" год" -> 2027 год | AJ25: =god+1&" год" -> 2028 год | AK25: =god+2&" год" -> 2029 год | AL25: =god+3&" год" -> 2030 год | AM25: =god+4&" год" -> 2031 год | AN25: =god+5&" год" -> 2032 год | AO25: =god+6&" год" -> 2033 год | AP25: =god+7&" год" -> 2034 год | AQ25: =god+8&" год" -> 2035 год | AR25: =god+9&" год" -> 2036 год | AS25: =god+10&" год" -> 2037 год | AT25: =god+11&" год" -> 2038 год | AU25: =god+12&" год" -> 2039 год | AV25: =god+13&" год" -> 2040 год | AW25: =god+14&" год" -> 2041 год | AX25: =god+15&" год" -> 2042 год | AY25: =god+16&" год" -> 2043 год | AZ25: =god+17&" год" -> 2044 год | BA25: =god+18&" год" -> 2045 год | BB25: =god+19&" год" -> 2046 год | BC25: =god&" год" -> 2027 год | BD25: =god+1&" год" -> 2028 год | BE25: =god+2&" год" -> 2029 год | BF25: =god+3&" год" -> 2030 год | BG25: =god+4&" год" -> 2031 год | BH25: =god+5&" год" -> 2032 год | BI25: =god+6&" год" -> 2033 год | BJ25: =god+7&" год" -> 2034 год | BK25: =god+8&" год" -> 2035 год | BL25: =god+9&" год" -> 2036 год | BM25: =god+10&" год" -> 2037 год | BN25: =god+11&" год" -> 2038 год | BO25: =god+12&" год" -> 2039 год | BP25: =god+13&" год" -> 2040 год | BQ25: =god+14&" год" -> 2041 год | BR25: =god+15&" год" -> 2042 год | BS25: =god+16&" год" -> 2043 год | BT25: =god+17&" год" -> 2044 год | BU25: =god+18&" год" -> 2045 год | BV25: =god+19&" год" -> 2046 год | BW25: Ссылка на правовую норму (основание для принятия показателя в расчет тарифа)
E26: 70 | AE26: Принято органом регулирования | AF26: Факт по данным организации | AG26: Факт, принятый органом регулирования | AH26: Принято органом регулирования | AI26: Предложение организации | AJ26: Предложение организации | AK26: Предложение организации | AL26: Предложение организации | AM26: Предложение организации | AN26: Предложение организации | AO26: Предложение организации | AP26: Предложение организации | AQ26: Предложение организации | AR26: Предложение организации | AS26: Предложение организации | AT26: Предложение организации | AU26: Предложение организации | AV26: Предложение организации | AW26: Предложение организации | AX26: Предложение организации | AY26: Предложение организации | AZ26: Предложение организации | BA26: Предложение организации | BB26: Предложение организации | BC26: Принято органом регулирования | BD26: Принято органом регулирования | BE26: Принято органом регулирования | BF26: Принято органом регулирования | BG26: Принято органом регулирования | BH26: Принято органом регулирования | BI26: Принято органом регулирования | BJ26: Принято органом регулирования | BK26: Принято органом регулирования | BL26: Принято органом регулирования | BM26: Принято органом регулирования | BN26: Принято органом регулирования | BO26: Принято органом регулирования | BP26: Принято органом регулирования | BQ26: Принято органом регулирования | BR26: Принято органом регулирования | BS26: Принято органом регулирования | BT26: Принято органом регулирования | BU26: Принято органом регулирования | BV26: Принято органом регулирования
E27: 0
E28: 11 | F28: {=X28} -> 0 | G28: {=INDEX('Общие сведения'!$AL$169:$AL$202,MATCH($F28,'Общие сведения'!$Y$169:$Y$202,0))} -> 0 | T28: =AND(X28>0,G28="передача тепловой энергии") -> 0 | V28: et_1 | X28: 0 | AB28: {=INDEX('Общие сведения'!$AG$169:$AG$202,MATCH($F28,'Общие сведения'!$Y$169:$Y$202,0))} -> Тариф 0 (Теплоснабжение) -
E29: 17 | F29: {=OFFSET(G29,-1,-1)} -> 0 | T29: {=T28} -> false | AB29: 1 | AC29: Принято тепловой энергии для передачи (транспортировки) | AD29: Гкал | BZ29: P_RECIEVED_TOTAL | CA29: {=INDEX('Общие сведения'!$N$170:$N$202,MATCH($F29,'Общие сведения'!$Y$170:$Y$202,0)+1)} -> 0 | CF29: ЧСЛ | CG29: M10503 | CH29: Принято тепловой энергии для передачи (транспортировки), Гкал
E30: 17 | F30: {=OFFSET(G30,-1,-1)} -> 0 | T30: {=T29} -> false | AB30: 2 | AC30: Потери тепловой энергии в сети теплосетевой организации | AD30: Гкал | BZ30: P_HEAT_LOSS | CA30: {=CA29} -> 0 | CB30: 277.0.1. | CE30: 360.0.1. | CF30: ЧСЛ | CG30: M10504 | CH30: Потери, Гкал
E31: 17 | F31: {=OFFSET(G31,-1,-1)} -> 0 | T31: {=T30} -> false | AB31: 2.1 | AC31: то же в % | AD31: % | AE31: =IF(AE29=0,0,AE30/AE29) -> 0 | AF31: =IF(AF29=0,0,AF30/AF29) -> 0 | AG31: =IF(AG29=0,0,AG30/AG29) -> 0 | AH31: =IF(AH29=0,0,AH30/AH29) -> 0 | AI31: =IF(AI29=0,0,AI30/AI29) -> 0 | AJ31: =IF(AJ29=0,0,AJ30/AJ29) -> 0 | AK31: =IF(AK29=0,0,AK30/AK29) -> 0 | AL31: =IF(AL29=0,0,AL30/AL29) -> 0 | ... BV31: =IF(BV29=0,0,BV30/BV29) -> 0 | BZ31: P_HEAT_LOSS_PERCENT | CA31: {=CA30} -> 0 | CB31: 277.0.1. | CE31: 360.0.2. | CF31: ЧСЛ | CG31: M11817 | CH31: Потери в % к отпуску в сеть
E32: 17 | F32: {=OFFSET(G32,-1,-1)} -> 0 | T32: {=T31} -> false | AB32: 3 | AC32: Передано тепловой энергии, всего | AD32: Гкал | AE32: =AE29-AE30 -> 0 | AF32: =AF29-AF30 -> 0 | AG32: =AG29-AG30 -> 0 | AH32: =AH29-AH30 -> 0 | AI32: =AI29-AI30 -> 0 | AJ32: =AJ29-AJ30 -> 0 | AK32: =AK29-AK30 -> 0 | AL32: =AL29-AL30 -> 0 | ... BV32: =BV29-BV30 -> 0 | BZ32: P_RELEASE_TOTAL | CA32: {=CA31} -> 0 | CB32: 277.0.1. | CE32: 360.0.3. | CF32: ЧСЛ | CG32: M10588 | CH32: Объём энергии, Гкал
E33: 17 | F33: {=OFFSET(G33,-1,-1)} -> 0 | T33: {=T32} -> false | AB33: 3.1 | AC33: Передано на нужды организации | AD33: Гкал | BZ33: P_RELEASE_SELF | CA33: {=CA32} -> 0 | CB33: 277.0.1. | CC33: 33.0.12. | CF33: ЧСЛ | CG33: M10588 | CH33: Объём энергии, Гкал
E34: 17 | F34: {=OFFSET(G34,-1,-1)} -> 0 | T34: {=T33} -> false | AB34: 3.2 | AC34: Другие теплоснабжающие организации | AD34: Гкал | AE34: =AE32-AE33 -> 0 | AF34: =AF32-AF33 -> 0 | AG34: =AG32-AG33 -> 0 | AH34: =AH32-AH33 -> 0 | AI34: =AI32-AI33 -> 0 | AJ34: =AJ32-AJ33 -> 0 | AK34: =AK32-AK33 -> 0 | AL34: =AL32-AL33 -> 0 | ... BV34: =BV32-BV33 -> 0 | BZ34: P_RELEASE_HEAT | CA34: {=CA33} -> 0 | CB34: 277.0.1. | CD34: 205.0.4. | CF34: ЧСЛ | CG34: M10588 | CH34: Объём энергии, Гкал
E35: 11 | F35: {=X35} -> 1 | G35: {=INDEX('Общие сведения'!$AL$169:$AL$202,MATCH($F35,'Общие сведения'!$Y$169:$Y$202,0))} -> производство тепловой энергии (мощности) не в режиме комбинированной выработки электрической и тепловой энергии источниками тепловой энергии | T35: =AND(X35>0,G35="передача тепловой энергии") -> 0 | V35: {='Баланс Пр'!$AB$96} -> Тариф 1 (Теплоснабжение) - Тариф на тепловую энергию (мощность), поставляемую потребителям (Доп. признак не требуется) | X35: 1 | AB35: {=IF(ISBLANK('Баланс Пр'!$AB$96),"",'Баланс Пр'!$AB$96)} -> Тариф 1 (Теплоснабжение) - Тариф на тепловую энергию (мощность), поставляемую потребителям (Доп. признак не требуется)
E36: 17 | F36: {=OFFSET(G36,-1,-1)} -> 1 | T36: {=T35} -> false | AB36: 1 | AC36: Принято тепловой энергии для передачи (транспортировки) | AD36: Гкал | BZ36: P_RECIEVED_TOTAL | CA36: {=INDEX('Общие сведения'!$N$170:$N$202,MATCH($F36,'Общие сведения'!$Y$170:$Y$202,0)+1)} -> ТЭ.42.31656254.0001 | CF36: ЧСЛ | CG36: M10503 | CH36: Принято тепловой энергии для передачи (транспортировки), Гкал
E37: 17 | F37: {=OFFSET(G37,-1,-1)} -> 1 | T37: {=T36} -> false | AB37: 2 | AC37: Потери тепловой энергии в сети теплосетевой организации | AD37: Гкал | BZ37: P_HEAT_LOSS | CA37: {=CA36} -> ТЭ.42.31656254.0001 | CB37: 277.0.1. | CE37: 360.0.1. | CF37: ЧСЛ | CG37: M10504 | CH37: Потери, Гкал
E38: 17 | F38: {=OFFSET(G38,-1,-1)} -> 1 | T38: {=T37} -> false | AB38: 2.1 | AC38: то же в % | AD38: % | AE38: =IF(AE36=0,0,AE37/AE36) -> 0 | AF38: =IF(AF36=0,0,AF37/AF36) -> 0 | AG38: =IF(AG36=0,0,AG37/AG36) -> 0 | AH38: =IF(AH36=0,0,AH37/AH36) -> 0 | AI38: =IF(AI36=0,0,AI37/AI36) -> 0 | AJ38: =IF(AJ36=0,0,AJ37/AJ36) -> 0 | AK38: =IF(AK36=0,0,AK37/AK36) -> 0 | AL38: =IF(AL36=0,0,AL37/AL36) -> 0 | ... BV38: =IF(BV36=0,0,BV37/BV36) -> 0 | BZ38: P_HEAT_LOSS_PERCENT | CA38: {=CA37} -> ТЭ.42.31656254.0001 | CB38: 277.0.1. | CE38: 360.0.2. | CF38: ЧСЛ | CG38: M11817 | CH38: Потери в % к отпуску в сеть
E39: 17 | F39: {=OFFSET(G39,-1,-1)} -> 1 | T39: {=T38} -> false | AB39: 3 | AC39: Передано тепловой энергии, всего | AD39: Гкал | AE39: =AE36-AE37 -> 0 | AF39: =AF36-AF37 -> 0 | AG39: =AG36-AG37 -> 0 | AH39: =AH36-AH37 -> 0 | AI39: =AI36-AI37 -> 0 | AJ39: =AJ36-AJ37 -> 0 | AK39: =AK36-AK37 -> 0 | AL39: =AL36-AL37 -> 0 | ... BV39: =BV36-BV37 -> 0 | BZ39: P_RELEASE_TOTAL | CA39: {=CA38} -> ТЭ.42.31656254.0001 | CB39: 277.0.1. | CE39: 360.0.3. | CF39: ЧСЛ | CG39: M10588 | CH39: Объём энергии, Гкал
E40: 17 | F40: {=OFFSET(G40,-1,-1)} -> 1 | T40: {=T39} -> false | AB40: 3.1 | AC40: Передано на нужды организации | AD40: Гкал | BZ40: P_RELEASE_SELF | CA40: {=CA39} -> ТЭ.42.31656254.0001 | CB40: 277.0.1. | CC40: 33.0.12. | CF40: ЧСЛ | CG40: M10588 | CH40: Объём энергии, Гкал
E41: 17 | F41: {=OFFSET(G41,-1,-1)} -> 1 | T41: {=T40} -> false | AB41: 3.2 | AC41: Другие теплоснабжающие организации | AD41: Гкал | AE41: =AE39-AE40 -> 0 | AF41: =AF39-AF40 -> 0 | AG41: =AG39-AG40 -> 0 | AH41: =AH39-AH40 -> 0 | AI41: =AI39-AI40 -> 0 | AJ41: =AJ39-AJ40 -> 0 | AK41: =AK39-AK40 -> 0 | AL41: =AL39-AL40 -> 0 | ... BV41: =BV39-BV40 -> 0 | BZ41: P_RELEASE_HEAT | CA41: {=CA40} -> ТЭ.42.31656254.0001 | CB41: 277.0.1. | CD41: 205.0.4. | CF41: ЧСЛ | CG41: M10588 | CH41: Объём энергии, Гкал
E42: 11 | U42: Добавить | V42: { _x000D_ funcDyn: 'msg1',_x000D_ blok: 'blok_1',_x000D_ wsCross: 'Топливо 4.4',_x000D_ linkFormula: 'AB-AB',_x000D_ levelDyn: ''_x000D_ }
E43: 0
E44: 15 | AB44: Комментарии и обоснования к разделу
E45: 15
E46: 15 | T46: =ROW(W46)>ROW(W$46) -> 0 | W46: et_2 | AA46: ×
E47: 15 | W47: { _x000D_ funcDyn: 'msgone',_x000D_ blok: '',_x000D_ wsCross: '',_x000D_ linkFormula: '',_x000D_ levelDyn: ''_x000D_ } | AB47: Добавить комментарий

Sheet Топливо 4.4
F1: tariffId | S1: vis_a | T1: vis_b | U1: vis_1 | V1: dyn_1 | W1: blok_1 | X1: blok_2 | Y1: ren_1 | Z1: del_1 | AC1: del_2 | AD1: ren_2 | AE1: dyn_2 | FE1: pok_js | FF1: PJ_DYN | FG1: PJ_NAME | FH1: PJ_NAME_DOP | FI1: dyn_add | FJ1: dyn_fill | FK1: ИД.ТАРИФ_NAME | FL1: uni_energy_source_water_NAME | FM1: uni_expense_type_NAME | FN1: uni_enterprise_techno_need_NAME | FO1: uni_user_destination_heat_energy_NAME | FP1: uni_heat_energy_NAME | FQ1: uni_heat_object_NAME | FR1: uni_fuel_type_NAME | FS1: uni_fuel_transportation_account_NAME | FT1: uni_transportation_type_NAME | FU1: uni_heat_carrier_NAME | FV1: uni_inform_section_NAME | FW1: user_dyn_block_NAME | FX1: G_UNIT | FY1: G_POK | FZ1: G_COMMENT
B2: vis | AI2: {=isOrgDeclare} -> true | AL2: {=isOrgDeclare} -> true | AM2: {=isOrgDeclare} -> true | AN2: {=isOrgDeclare} -> true | AO2: =AND(AO9<=last_year_vis,isOrgDeclare) -> 0 | AP2: =AND(AP9<=last_year_vis,isOrgDeclare) -> 0 | AQ2: =AND(AQ9<=last_year_vis,isOrgDeclare) -> 0 | AR2: =AND(AR9<=last_year_vis,isOrgDeclare) -> 0 | AS2: =AND(AS9<=last_year_vis,isOrgDeclare) -> 0 | AT2: =AND(AT9<=last_year_vis,isOrgDeclare) -> 0 | AU2: =AND(AU9<=last_year_vis,isOrgDeclare) -> 0 | AV2: =AND(AV9<=last_year_vis,isOrgDeclare) -> 0 | ... CS2: =AND(CS9<=last_year_vis,isOrgDeclare) -> 0 | CT2: =CT9<=last_year_vis -> 1 | CU2: =CU9<=last_year_vis -> 1 | CV2: =CV9<=last_year_vis -> 1 | CW2: =CW9<=last_year_vis -> 0 | CX2: =CX9<=last_year_vis -> 0 | CY2: =CY9<=last_year_vis -> 0 | CZ2: =CZ9<=last_year_vis -> 0 | DA2: =DA9<=last_year_vis -> 0 | ... FA2: =FA9<=last_year_vis -> 0
E5: size | AA5: 3 | AB5: 3 | AD5: 10 | AE5: 45 | AF5: 30 | AG5: 20 | AH5: 16 | AI5: 16 | AJ5: 16 | AK5: 16 | AL5: 16 | AM5: 16 | AN5: 16 | AO5: 16 | AP5: 16 | AQ5: 16 | AR5: 16 | AS5: 16 | AT5: 16 | AU5: 16 | AV5: 16 | AW5: 16 | AX5: 16 | AY5: 16 | AZ5: 16 | BA5: 16 | BB5: 16 | BC5: 16 | BD5: 16 | BE5: 16 | BF5: 16 | BG5: 16 | BH5: 16 | BI5: 16 | BJ5: 16 | BK5: 16 | BL5: 16 | BM5: 16 | BN5: 16 | BO5: 16 | BP5: 16 | BQ5: 16 | BR5: 16 | BS5: 16 | BT5: 16 | BU5: 16 | BV5: 16 | BW5: 16 | BX5: 16 | BY5: 16 | BZ5: 16 | CA5: 16 | CB5: 16 | CC5: 16 | CD5: 16 | CE5: 16 | CF5: 16 | CG5: 16 | CH5: 16 | CI5: 16 | CJ5: 16 | CK5: 16 | CL5: 16 | CM5: 16 | CN5: 16 | CO5: 16 | CP5: 16 | CQ5: 16 | CR5: 16 | CS5: 16 | CT5: 16 | CU5: 16 | CV5: 16 | CW5: 16 | CX5: 16 | CY5: 16 | CZ5: 16 | DA5: 16 | DB5: 16 | DC5: 16 | DD5: 16 | DE5: 16 | DF5: 16 | DG5: 16 | DH5: 16 | DI5: 16 | DJ5: 16 | DK5: 16 | DL5: 16 | DM5: 16 | DN5: 16 | DO5: 16 | DP5: 16 | DQ5: 16 | DR5: 16 | DS5: 16 | DT5: 16 | DU5: 16 | DV5: 16 | DW5: 16 | DX5: 16 | DY5: 16 | DZ5: 16 | EA5: 16 | EB5: 16 | EC5: 16 | ED5: 16 | EE5: 16 | EF5: 16 | EG5: 16 | EH5: 16 | EI5: 16 | EJ5: 16 | EK5: 16 | EL5: 16 | EM5: 16 | EN5: 16 | EO5: 16 | EP5: 16 | EQ5: 16 | ER5: 16 | ES5: 16 | ET5: 16 | EU5: 16 | EV5: 16 | EW5: 16 | EX5: 16 | EY5: 16 | EZ5: 16 | FA5: 16 | FB5: 26 | FC5: 3
A8: checkUnique | AE8: Показатель | AF8: Описание показателя
A9: PJ_YEAR | AH9: =god-2 -> 2025 | AI9: =god-2 -> 2025 | AJ9: =god-2 -> 2025 | AK9: =god-1 -> 2026 | AL9: {=god} -> 2027 | AM9: {=god} -> 2027 | AN9: {=god} -> 2027 | AO9: =god+1 -> 2028 | AP9: =god+1 -> 2028 | AQ9: =god+1 -> 2028 | AR9: =god+2 -> 2029 | AS9: =god+2 -> 2029 | AT9: =god+2 -> 2029 | AU9: =god+3 -> 2030 | AV9: =god+3 -> 2030 | AW9: =god+3 -> 2030 | AX9: =god+4 -> 2031 | AY9: =god+4 -> 2031 | AZ9: =god+4 -> 2031 | BA9: =god+5 -> 2032 | BB9: =god+5 -> 2032 | BC9: =god+5 -> 2032 | BD9: =god+6 -> 2033 | BE9: =god+6 -> 2033 | BF9: =god+6 -> 2033 | BG9: =god+7 -> 2034 | BH9: =god+7 -> 2034 | BI9: =god+7 -> 2034 | BJ9: =god+8 -> 2035 | BK9: =god+8 -> 2035 | BL9: =god+8 -> 2035 | BM9: =god+9 -> 2036 | BN9: =god+9 -> 2036 | BO9: =god+9 -> 2036 | BP9: =god+10 -> 2037 | BQ9: =god+10 -> 2037 | BR9: =god+10 -> 2037 | BS9: =god+11 -> 2038 | BT9: =god+11 -> 2038 | BU9: =god+11 -> 2038 | BV9: =god+12 -> 2039 | BW9: =god+12 -> 2039 | BX9: =god+12 -> 2039 | BY9: =god+13 -> 2040 | BZ9: =god+13 -> 2040 | CA9: =god+13 -> 2040 | CB9: =god+14 -> 2041 | CC9: =god+14 -> 2041 | CD9: =god+14 -> 2041 | CE9: =god+15 -> 2042 | CF9: =god+15 -> 2042 | CG9: =god+15 -> 2042 | CH9: =god+16 -> 2043 | CI9: =god+16 -> 2043 | CJ9: =god+16 -> 2043 | CK9: =god+17 -> 2044 | CL9: =god+17 -> 2044 | CM9: =god+17 -> 2044 | CN9: =god+18 -> 2045 | CO9: =god+18 -> 2045 | CP9: =god+18 -> 2045 | CQ9: =god+19 -> 2046 | CR9: =god+19 -> 2046 | CS9: =god+19 -> 2046 | CT9: {=god} -> 2027 | CU9: {=god} -> 2027 | CV9: {=god} -> 2027 | CW9: =god+1 -> 2028 | CX9: =god+1 -> 2028 | CY9: =god+1 -> 2028 | CZ9: =god+2 -> 2029 | DA9: =god+2 -> 2029 | DB9: =god+2 -> 2029 | DC9: =god+3 -> 2030 | DD9: =god+3 -> 2030 | DE9: =god+3 -> 2030 | DF9: =god+4 -> 2031 | DG9: =god+4 -> 2031 | DH9: =god+4 -> 2031 | DI9: =god+5 -> 2032 | DJ9: =god+5 -> 2032 | DK9: =god+5 -> 2032 | DL9: =god+6 -> 2033 | DM9: =god+6 -> 2033 | DN9: =god+6 -> 2033 | DO9: =god+7 -> 2034 | DP9: =god+7 -> 2034 | DQ9: =god+7 -> 2034 | DR9: =god+8 -> 2035 | DS9: =god+8 -> 2035 | DT9: =god+8 -> 2035 | DU9: =god+9 -> 2036 | DV9: =god+9 -> 2036 | DW9: =god+9 -> 2036 | DX9: =god+10 -> 2037 | DY9: =god+10 -> 2037 | DZ9: =god+10 -> 2037 | EA9: =god+11 -> 2038 | EB9: =god+11 -> 2038 | EC9: =god+11 -> 2038 | ED9: =god+12 -> 2039 | EE9: =god+12 -> 2039 | EF9: =god+12 -> 2039 | EG9: =god+13 -> 2040 | EH9: =god+13 -> 2040 | EI9: =god+13 -> 2040 | EJ9: =god+14 -> 2041 | EK9: =god+14 -> 2041 | EL9: =god+14 -> 2041 | EM9: =god+15 -> 2042 | EN9: =god+15 -> 2042 | EO9: =god+15 -> 2042 | EP9: =god+16 -> 2043 | EQ9: =god+16 -> 2043 | ER9: =god+16 -> 2043 | ES9: =god+17 -> 2044 | ET9: =god+17 -> 2044 | EU9: =god+17 -> 2044 | EV9: =god+18 -> 2045 | EW9: =god+18 -> 2045 | EX9: =god+18 -> 2045 | EY9: =god+19 -> 2046 | EZ9: =god+19 -> 2046 | FA9: =god+19 -> 2046
A10: PJ_PF | AH10: {=AH26} -> Принято органом регулирования | AI10: {=AI26} -> Факт по данным организации | AJ10: {=AJ26} -> Факт, принятый органом регулирования | AK10: {=AK26} -> Принято органом регулирования | AL10: {=AL26} -> Предложение организации | AM10: {=AM26} -> Предложение организации | AN10: {=AN26} -> Предложение организации | AO10: {=AO26} -> Предложение организации | ... FA10: {=FA26} -> Принято органом регулирования
A11: PJ_DOP | AH11: {=AH25} -> Год | AI11: {=AI25} -> Год | AJ11: {=AJ25} -> Год | AK11: {=AK25} -> Год | AL11: {=AL25} -> Год | AM11: {=AM25} -> 1 полугодие | AN11: {=AN25} -> 2 полугодие | AO11: {=AO25} -> Год | ... FA11: {=FA25} -> 2 полугодие | FB11: {=FB24} -> Ссылка на правовую норму (основание для принятия показателя в расчет тарифа)
A12: dyn_names | AE12: PJ_NAME | AF12: PJ_NAME_DOP
A13: uni_period_grow_NAME | AM13: =IF(AM9=2026,"35.0.2.","") | AP13: =IF(AP9=2026,"35.0.2.","") | CU13: =IF(CU9=2026,"35.0.2.","") | CX13: =IF(CX9=2026,"35.0.2.","")
A14: uni_period_NAME | AH14: 8.0.1. | AI14: 8.0.1. | AJ14: 8.0.1. | AK14: 8.0.1. | AL14: 8.0.1. | AM14: =IF(god=2026,"","8.0.3.") -> 8.0.3. | AN14: =IF(god=2026,"8.0.7.","8.0.5.") -> 8.0.5. | AO14: 8.0.1. | AP14: =IF(god=2025,"","8.0.3.") -> 8.0.3. | AQ14: =IF(god=2025,"8.0.7.","8.0.5.") -> 8.0.5. | AR14: 8.0.1. | AS14: 8.0.3. | AT14: 8.0.5. | AU14: 8.0.1. | AV14: 8.0.3. | AW14: 8.0.5. | AX14: 8.0.1. | AY14: 8.0.3. | AZ14: 8.0.5. | BA14: 8.0.1. | BB14: 8.0.3. | BC14: 8.0.5. | BD14: 8.0.1. | BE14: 8.0.3. | BF14: 8.0.5. | BG14: 8.0.1. | BH14: 8.0.3. | BI14: 8.0.5. | BJ14: 8.0.1. | BK14: 8.0.3. | BL14: 8.0.5. | BM14: 8.0.1. | BN14: 8.0.3. | BO14: 8.0.5. | BP14: 8.0.1. | BQ14: 8.0.3. | BR14: 8.0.5. | BS14: 8.0.1. | BT14: 8.0.3. | BU14: 8.0.5. | BV14: 8.0.1. | BW14: 8.0.3. | BX14: 8.0.5. | BY14: 8.0.1. | BZ14: 8.0.3. | CA14: 8.0.5. | CB14: 8.0.1. | CC14: 8.0.3. | CD14: 8.0.5. | CE14: 8.0.1. | CF14: 8.0.3. | CG14: 8.0.5. | CH14: 8.0.1. | CI14: 8.0.3. | CJ14: 8.0.5. | CK14: 8.0.1. | CL14: 8.0.3. | CM14: 8.0.5. | CN14: 8.0.1. | CO14: 8.0.3. | CP14: 8.0.5. | CQ14: 8.0.1. | CR14: 8.0.3. | CS14: 8.0.5. | CT14: 8.0.1. | CU14: =IF(god=2026,"","8.0.3.") -> 8.0.3. | CV14: =IF(god=2026,"8.0.7.","8.0.5.") -> 8.0.5. | CW14: 8.0.1. | CX14: =IF(god=2025,"","8.0.3.") -> 8.0.3. | CY14: =IF(god=2025,"8.0.7.","8.0.5.") -> 8.0.5. | CZ14: 8.0.1. | DA14: 8.0.3. | DB14: 8.0.5. | DC14: 8.0.1. | DD14: 8.0.3. | DE14: 8.0.5. | DF14: 8.0.1. | DG14: 8.0.3. | DH14: 8.0.5. | DI14: 8.0.1. | DJ14: 8.0.3. | DK14: 8.0.5. | DL14: 8.0.1. | DM14: 8.0.3. | DN14: 8.0.5. | DO14: 8.0.1. | DP14: 8.0.3. | DQ14: 8.0.5. | DR14: 8.0.1. | DS14: 8.0.3. | DT14: 8.0.5. | DU14: 8.0.1. | DV14: 8.0.3. | DW14: 8.0.5. | DX14: 8.0.1. | DY14: 8.0.3. | DZ14: 8.0.5. | EA14: 8.0.1. | EB14: 8.0.3. | EC14: 8.0.5. | ED14: 8.0.1. | EE14: 8.0.3. | EF14: 8.0.5. | EG14: 8.0.1. | EH14: 8.0.3. | EI14: 8.0.5. | EJ14: 8.0.1. | EK14: 8.0.3. | EL14: 8.0.5. | EM14: 8.0.1. | EN14: 8.0.3. | EO14: 8.0.5. | EP14: 8.0.1. | EQ14: 8.0.3. | ER14: 8.0.5. | ES14: 8.0.1. | ET14: 8.0.3. | EU14: 8.0.5. | EV14: 8.0.1. | EW14: 8.0.3. | EX14: 8.0.5. | EY14: 8.0.1. | EZ14: 8.0.3. | FA14: 8.0.5.
A15: uni_year_NAME | AH15: ="389.0."&AH9-2010&"." -> 389.0.15. | AI15: ="389.0."&AI9-2010&"." -> 389.0.15. | AJ15: ="389.0."&AJ9-2010&"." -> 389.0.15. | AK15: ="389.0."&AK9-2010&"." -> 389.0.16. | AL15: ="389.0."&AL9-2010&"." -> 389.0.17. | AM15: ="389.0."&AM9-2010&"." -> 389.0.17. | AN15: ="389.0."&AN9-2010&"." -> 389.0.17. | AO15: ="389.0."&AO9-2010&"." -> 389.0.18. | ... FA15: ="389.0."&FA9-2010&"." -> 389.0.36.
A16: uni_org_reg_NAME | AH16: 328.0.2. | AI16: 328.0.1. | AJ16: 328.0.2. | AK16: 328.0.2. | AL16: 328.0.1. | AM16: 328.0.1. | AN16: 328.0.1. | AO16: 328.0.1. | AP16: 328.0.1. | AQ16: 328.0.1. | AR16: 328.0.1. | AS16: 328.0.1. | AT16: 328.0.1. | AU16: 328.0.1. | AV16: 328.0.1. | AW16: 328.0.1. | AX16: 328.0.1. | AY16: 328.0.1. | AZ16: 328.0.1. | BA16: 328.0.1. | BB16: 328.0.1. | BC16: 328.0.1. | BD16: 328.0.1. | BE16: 328.0.1. | BF16: 328.0.1. | BG16: 328.0.1. | BH16: 328.0.1. | BI16: 328.0.1. | BJ16: 328.0.1. | BK16: 328.0.1. | BL16: 328.0.1. | BM16: 328.0.1. | BN16: 328.0.1. | BO16: 328.0.1. | BP16: 328.0.1. | BQ16: 328.0.1. | BR16: 328.0.1. | BS16: 328.0.1. | BT16: 328.0.1. | BU16: 328.0.1. | BV16: 328.0.1. | BW16: 328.0.1. | BX16: 328.0.1. | BY16: 328.0.1. | BZ16: 328.0.1. | CA16: 328.0.1. | CB16: 328.0.1. | CC16: 328.0.1. | CD16: 328.0.1. | CE16: 328.0.1. | CF16: 328.0.1. | CG16: 328.0.1. | CH16: 328.0.1. | CI16: 328.0.1. | CJ16: 328.0.1. | CK16: 328.0.1. | CL16: 328.0.1. | CM16: 328.0.1. | CN16: 328.0.1. | CO16: 328.0.1. | CP16: 328.0.1. | CQ16: 328.0.1. | CR16: 328.0.1. | CS16: 328.0.1. | CT16: 328.0.2. | CU16: 328.0.2. | CV16: 328.0.2. | CW16: 328.0.2. | CX16: 328.0.2. | CY16: 328.0.2. | CZ16: 328.0.2. | DA16: 328.0.2. | DB16: 328.0.2. | DC16: 328.0.2. | DD16: 328.0.2. | DE16: 328.0.2. | DF16: 328.0.2. | DG16: 328.0.2. | DH16: 328.0.2. | DI16: 328.0.2. | DJ16: 328.0.2. | DK16: 328.0.2. | DL16: 328.0.2. | DM16: 328.0.2. | DN16: 328.0.2. | DO16: 328.0.2. | DP16: 328.0.2. | DQ16: 328.0.2. | DR16: 328.0.2. | DS16: 328.0.2. | DT16: 328.0.2. | DU16: 328.0.2. | DV16: 328.0.2. | DW16: 328.0.2. | DX16: 328.0.2. | DY16: 328.0.2. | DZ16: 328.0.2. | EA16: 328.0.2. | EB16: 328.0.2. | EC16: 328.0.2. | ED16: 328.0.2. | EE16: 328.0.2. | EF16: 328.0.2. | EG16: 328.0.2. | EH16: 328.0.2. | EI16: 328.0.2. | EJ16: 328.0.2. | EK16: 328.0.2. | EL16: 328.0.2. | EM16: 328.0.2. | EN16: 328.0.2. | EO16: 328.0.2. | EP16: 328.0.2. | EQ16: 328.0.2. | ER16: 328.0.2. | ES16: 328.0.2. | ET16: 328.0.2. | EU16: 328.0.2. | EV16: 328.0.2. | EW16: 328.0.2. | EX16: 328.0.2. | EY16: 328.0.2. | EZ16: 328.0.2. | FA16: 328.0.2.
A17: uni_pf_NAME | AH17: 36.0.7. | AI17: 36.0.1. | AJ17: 36.0.1. | AK17: 36.0.7. | AL17: 36.0.3. | AM17: 36.0.3. | AN17: 36.0.3. | AO17: 36.0.3. | AP17: 36.0.3. | AQ17: 36.0.3. | AR17: 36.0.3. | AS17: 36.0.3. | AT17: 36.0.3. | AU17: 36.0.3. | AV17: 36.0.3. | AW17: 36.0.3. | AX17: 36.0.3. | AY17: 36.0.3. | AZ17: 36.0.3. | BA17: 36.0.3. | BB17: 36.0.3. | BC17: 36.0.3. | BD17: 36.0.3. | BE17: 36.0.3. | BF17: 36.0.3. | BG17: 36.0.3. | BH17: 36.0.3. | BI17: 36.0.3. | BJ17: 36.0.3. | BK17: 36.0.3. | BL17: 36.0.3. | BM17: 36.0.3. | BN17: 36.0.3. | BO17: 36.0.3. | BP17: 36.0.3. | BQ17: 36.0.3. | BR17: 36.0.3. | BS17: 36.0.3. | BT17: 36.0.3. | BU17: 36.0.3. | BV17: 36.0.3. | BW17: 36.0.3. | BX17: 36.0.3. | BY17: 36.0.3. | BZ17: 36.0.3. | CA17: 36.0.3. | CB17: 36.0.3. | CC17: 36.0.3. | CD17: 36.0.3. | CE17: 36.0.3. | CF17: 36.0.3. | CG17: 36.0.3. | CH17: 36.0.3. | CI17: 36.0.3. | CJ17: 36.0.3. | CK17: 36.0.3. | CL17: 36.0.3. | CM17: 36.0.3. | CN17: 36.0.3. | CO17: 36.0.3. | CP17: 36.0.3. | CQ17: 36.0.3. | CR17: 36.0.3. | CS17: 36.0.3. | CT17: 36.0.7. | CU17: 36.0.7. | CV17: 36.0.7. | CW17: 36.0.7. | CX17: 36.0.7. | CY17: 36.0.7. | CZ17: 36.0.7. | DA17: 36.0.7. | DB17: 36.0.7. | DC17: 36.0.7. | DD17: 36.0.7. | DE17: 36.0.7. | DF17: 36.0.7. | DG17: 36.0.7. | DH17: 36.0.7. | DI17: 36.0.7. | DJ17: 36.0.7. | DK17: 36.0.7. | DL17: 36.0.7. | DM17: 36.0.7. | DN17: 36.0.7. | DO17: 36.0.7. | DP17: 36.0.7. | DQ17: 36.0.7. | DR17: 36.0.7. | DS17: 36.0.7. | DT17: 36.0.7. | DU17: 36.0.7. | DV17: 36.0.7. | DW17: 36.0.7. | DX17: 36.0.7. | DY17: 36.0.7. | DZ17: 36.0.7. | EA17: 36.0.7. | EB17: 36.0.7. | EC17: 36.0.7. | ED17: 36.0.7. | EE17: 36.0.7. | EF17: 36.0.7. | EG17: 36.0.7. | EH17: 36.0.7. | EI17: 36.0.7. | EJ17: 36.0.7. | EK17: 36.0.7. | EL17: 36.0.7. | EM17: 36.0.7. | EN17: 36.0.7. | EO17: 36.0.7. | EP17: 36.0.7. | EQ17: 36.0.7. | ER17: 36.0.7. | ES17: 36.0.7. | ET17: 36.0.7. | EU17: 36.0.7. | EV17: 36.0.7. | EW17: 36.0.7. | EX17: 36.0.7. | EY17: 36.0.7. | EZ17: 36.0.7. | FA17: 36.0.7.
A18: V_UNIT | FB18: СТР
A19: V_POK | FB19: M11496
A20: V_COMMENT | FB20: URL- ссылка на отчёт и подтверждающие материалы
E21: 11 | AE21: {=tpl_title} -> Кемеровская область / 2027 / ООО "КК-ИНВЕСТ" (ИНН:1901133713, КПП:190101001) / ДПР: 2025-2027
E22: 20 | AD22: Расчет расхода топлива
E23: 11
E24: 16 | AB24: N п/п | AE24: Показатели | AG24: Единица измерения | AH24: =god-2&" год" -> 2025 год | AI24: =god-2&" год" -> 2025 год | AJ24: =god-2&" год" -> 2025 год | AK24: =god-1&" год" -> 2026 год | AL24: =god&" год" -> 2027 год | AM24: {=AL24} -> 2027 год | AN24: {=AM24} -> 2027 год | AO24: =god+1&" год" -> 2028 год | AP24: {=AO24} -> 2028 год | AQ24: {=AP24} -> 2028 год | AR24: =god+2&" год" -> 2029 год | AS24: {=AR24} -> 2029 год | AT24: {=AS24} -> 2029 год | AU24: =god+3&" год" -> 2030 год | AV24: {=AU24} -> 2030 год | AW24: {=AV24} -> 2030 год | AX24: =god+4&" год" -> 2031 год | AY24: {=AX24} -> 2031 год | AZ24: {=AY24} -> 2031 год | BA24: =god+5&" год" -> 2032 год | BB24: {=BA24} -> 2032 год | BC24: {=BB24} -> 2032 год | BD24: =god+6&" год" -> 2033 год | BE24: {=BD24} -> 2033 год | BF24: {=BE24} -> 2033 год | BG24: =god+7&" год" -> 2034 год | BH24: {=BG24} -> 2034 год | BI24: {=BH24} -> 2034 год | BJ24: =god+8&" год" -> 2035 год | BK24: {=BJ24} -> 2035 год | BL24: {=BK24} -> 2035 год | BM24: =god+9&" год" -> 2036 год | BN24: {=BM24} -> 2036 год | BO24: {=BN24} -> 2036 год | BP24: =god+10&" год" -> 2037 год | BQ24: {=BP24} -> 2037 год | BR24: {=BQ24} -> 2037 год | BS24: =god+11&" год" -> 2038 год | BT24: {=BS24} -> 2038 год | BU24: {=BT24} -> 2038 год | BV24: =god+12&" год" -> 2039 год | BW24: {=BV24} -> 2039 год | BX24: {=BW24} -> 2039 год | BY24: =god+13&" год" -> 2040 год | BZ24: {=BY24} -> 2040 год | CA24: {=BZ24} -> 2040 год | CB24: =god+14&" год" -> 2041 год | CC24: {=CB24} -> 2041 год | CD24: {=CC24} -> 2041 год | CE24: =god+15&" год" -> 2042 год | CF24: {=CE24} -> 2042 год | CG24: {=CF24} -> 2042 год | CH24: =god+16&" год" -> 2043 год | CI24: {=CH24} -> 2043 год | CJ24: {=CI24} -> 2043 год | CK24: =god+17&" год" -> 2044 год | CL24: {=CK24} -> 2044 год | CM24: {=CL24} -> 2044 год | CN24: =god+18&" год" -> 2045 год | CO24: {=CN24} -> 2045 год | CP24: {=CO24} -> 2045 год | CQ24: =god+19&" год" -> 2046 год | CR24: {=CQ24} -> 2046 год | CS24: {=CR24} -> 2046 год | CT24: =god&" год" -> 2027 год | CU24: {=CT24} -> 2027 год | CV24: {=CU24} -> 2027 год | CW24: =god+1&" год" -> 2028 год | CX24: {=CW24} -> 2028 год | CY24: {=CX24} -> 2028 год | CZ24: =god+2&" год" -> 2029 год | DA24: {=CZ24} -> 2029 год | DB24: {=DA24} -> 2029 год | DC24: =god+3&" год" -> 2030 год | DD24: {=DC24} -> 2030 год | DE24: {=DD24} -> 2030 год | DF24: =god+4&" год" -> 2031 год | DG24: {=DF24} -> 2031 год | DH24: {=DG24} -> 2031 год | DI24: =god+5&" год" -> 2032 год | DJ24: {=DI24} -> 2032 год | DK24: {=DJ24} -> 2032 год | DL24: =god+6&" год" -> 2033 год | DM24: {=DL24} -> 2033 год | DN24: {=DM24} -> 2033 год | DO24: =god+7&" год" -> 2034 год | DP24: {=DO24} -> 2034 год | DQ24: {=DP24} -> 2034 год | DR24: =god+8&" год" -> 2035 год | DS24: {=DR24} -> 2035 год | DT24: {=DS24} -> 2035 год | DU24: =god+9&" год" -> 2036 год | DV24: {=DU24} -> 2036 год | DW24: {=DV24} -> 2036 год | DX24: =god+10&" год" -> 2037 год | DY24: {=DX24} -> 2037 год | DZ24: {=DY24} -> 2037 год | EA24: =god+11&" год" -> 2038 год | EB24: {=EA24} -> 2038 год | EC24: {=EB24} -> 2038 год | ED24: =god+12&" год" -> 2039 год | EE24: {=ED24} -> 2039 год | EF24: {=EE24} -> 2039 год | EG24: =god+13&" год" -> 2040 год | EH24: {=EG24} -> 2040 год | EI24: {=EH24} -> 2040 год | EJ24: =god+14&" год" -> 2041 год | EK24: {=EJ24} -> 2041 год | EL24: {=EK24} -> 2041 год | EM24: =god+15&" год" -> 2042 год | EN24: {=EM24} -> 2042 год | EO24: {=EN24} -> 2042 год | EP24: =god+16&" год" -> 2043 год | EQ24: {=EP24} -> 2043 год | ER24: {=EQ24} -> 2043 год | ES24: =god+17&" год" -> 2044 год | ET24: {=ES24} -> 2044 год | EU24: {=ET24} -> 2044 год | EV24: =god+18&" год" -> 2045 год | EW24: {=EV24} -> 2045 год | EX24: {=EW24} -> 2045 год | EY24: =god+19&" год" -> 2046 год | EZ24: {=EY24} -> 2046 год | FA24: {=EZ24} -> 2046 год | FB24: Ссылка на правовую норму (основание для принятия показателя в расчет тарифа)
E25: 16 | AH25: Год | AI25: Год | AJ25: Год | AK25: Год | AL25: Год | AM25: =IF(god=2026,"01.01-30.09","1 полугодие") -> 1 полугодие | AN25: =IF(god=2026,"01.10-31.12","2 полугодие") -> 2 полугодие | AO25: Год | AP25: =IF(god=2025,"01.01-30.09","1 полугодие") -> 1 полугодие | AQ25: =IF(god=2025,"01.10-31.12","2 полугодие") -> 2 полугодие | AR25: Год | AS25: 1 полугодие | AT25: 2 полугодие | AU25: Год | AV25: 1 полугодие | AW25: 2 полугодие | AX25: Год | AY25: 1 полугодие | AZ25: 2 полугодие | BA25: Год | BB25: 1 полугодие | BC25: 2 полугодие | BD25: Год | BE25: 1 полугодие | BF25: 2 полугодие | BG25: Год | BH25: 1 полугодие | BI25: 2 полугодие | BJ25: Год | BK25: 1 полугодие | BL25: 2 полугодие | BM25: Год | BN25: 1 полугодие | BO25: 2 полугодие | BP25: Год | BQ25: 1 полугодие | BR25: 2 полугодие | BS25: Год | BT25: 1 полугодие | BU25: 2 полугодие | BV25: Год | BW25: 1 полугодие | BX25: 2 полугодие | BY25: Год | BZ25: 1 полугодие | CA25: 2 полугодие | CB25: Год | CC25: 1 полугодие | CD25: 2 полугодие | CE25: Год | CF25: 1 полугодие | CG25: 2 полугодие | CH25: Год | CI25: 1 полугодие | CJ25: 2 полугодие | CK25: Год | CL25: 1 полугодие | CM25: 2 полугодие | CN25: Год | CO25: 1 полугодие | CP25: 2 полугодие | CQ25: Год | CR25: 1 полугодие | CS25: 2 полугодие | CT25: Год | CU25: =IF(god=2026,"01.01-30.09","1 полугодие") -> 1 полугодие | CV25: =IF(god=2026,"01.10-31.12","2 полугодие") -> 2 полугодие | CW25: Год | CX25: =IF(god=2025,"01.01-30.09","1 полугодие") -> 1 полугодие | CY25: =IF(god=2025,"01.10-31.12","2 полугодие") -> 2 полугодие | CZ25: Год | DA25: 1 полугодие | DB25: 2 полугодие | DC25: Год | DD25: 1 полугодие | DE25: 2 полугодие | DF25: Год | DG25: 1 полугодие | DH25: 2 полугодие | DI25: Год | DJ25: 1 полугодие | DK25: 2 полугодие | DL25: Год | DM25: 1 полугодие | DN25: 2 полугодие | DO25: Год | DP25: 1 полугодие | DQ25: 2 полугодие | DR25: Год | DS25: 1 полугодие | DT25: 2 полугодие | DU25: Год | DV25: 1 полугодие | DW25: 2 полугодие | DX25: Год | DY25: 1 полугодие | DZ25: 2 полугодие | EA25: Год | EB25: 1 полугодие | EC25: 2 полугодие | ED25: Год | EE25: 1 полугодие | EF25: 2 полугодие | EG25: Год | EH25: 1 полугодие | EI25: 2 полугодие | EJ25: Год | EK25: 1 полугодие | EL25: 2 полугодие | EM25: Год | EN25: 1 полугодие | EO25: 2 полугодие | EP25: Год | EQ25: 1 полугодие | ER25: 2 полугодие | ES25: Год | ET25: 1 полугодие | EU25: 2 полугодие | EV25: Год | EW25: 1 полугодие | EX25: 2 полугодие | EY25: Год | EZ25: 1 полугодие | FA25: 2 полугодие
E26: 54 | AH26: Принято органом регулирования | AI26: Факт по данным организации | AJ26: Факт, принятый органом регулирования | AK26: Принято органом регулирования | AL26: Предложение организации | AM26: Предложение организации | AN26: Предложение организации | AO26: Предложение организации | AP26: Предложение организации | AQ26: Предложение организации | AR26: Предложение организации | AS26: Предложение организации | AT26: Предложение организации | AU26: Предложение организации | AV26: Предложение организации | AW26: Предложение организации | AX26: Предложение организации | AY26: Предложение организации | AZ26: Предложение организации | BA26: Предложение организации | BB26: Предложение организации | BC26: Предложение организации | BD26: Предложение организации | BE26: Предложение организации | BF26: Предложение организации | BG26: Предложение организации | BH26: Предложение организации | BI26: Предложение организации | BJ26: Предложение организации | BK26: Предложение организации | BL26: Предложение организации | BM26: Предложение организации | BN26: Предложение организации | BO26: Предложение организации | BP26: Предложение организации | BQ26: Предложение организации | BR26: Предложение организации | BS26: Предложение организации | BT26: Предложение организации | BU26: Предложение организации | BV26: Предложение организации | BW26: Предложение организации | BX26: Предложение организации | BY26: Предложение организации | BZ26: Предложение организации | CA26: Предложение организации | CB26: Предложение организации | CC26: Предложение организации | CD26: Предложение организации | CE26: Предложение организации | CF26: Предложение организации | CG26: Предложение организации | CH26: Предложение организации | CI26: Предложение организации | CJ26: Предложение организации | CK26: Предложение организации | CL26: Предложение организации | CM26: Предложение организации | CN26: Предложение организации | CO26: Предложение организации | CP26: Предложение организации | CQ26: Предложение организации | CR26: Предложение организации | CS26: Предложение организации | CT26: Принято органом регулирования | CU26: Принято органом регулирования | CV26: Принято органом регулирования | CW26: Принято органом регулирования | CX26: Принято органом регулирования | CY26: Принято органом регулирования | CZ26: Принято органом регулирования | DA26: Принято органом регулирования | DB26: Принято органом регулирования | DC26: Принято органом регулирования | DD26: Принято органом регулирования | DE26: Принято органом регулирования | DF26: Принято органом регулирования | DG26: Принято органом регулирования | DH26: Принято органом регулирования | DI26: Принято органом регулирования | DJ26: Принято органом регулирования | DK26: Принято органом регулирования | DL26: Принято органом регулирования | DM26: Принято органом регулирования | DN26: Принято органом регулирования | DO26: Принято органом регулирования | DP26: Принято органом регулирования | DQ26: Принято органом регулирования | DR26: Принято органом регулирования | DS26: Принято органом регулирования | DT26: Принято органом регулирования | DU26: Принято органом регулирования | DV26: Принято органом регулирования | DW26: Принято органом регулирования | DX26: Принято органом регулирования | DY26: Принято органом регулирования | DZ26: Принято органом регулирования | EA26: Принято органом регулирования | EB26: Принято органом регулирования | EC26: Принято органом регулирования | ED26: Принято органом регулирования | EE26: Принято органом регулирования | EF26: Принято органом регулирования | EG26: Принято органом регулирования | EH26: Принято органом регулирования | EI26: Принято органом регулирования | EJ26: Принято органом регулирования | EK26: Принято органом регулирования | EL26: Принято органом регулирования | EM26: Принято органом регулирования | EN26: Принято органом регулирования | EO26: Принято органом регулирования | EP26: Принято органом регулирования | EQ26: Принято органом регулирования | ER26: Принято органом регулирования | ES26: Принято органом регулирования | ET26: Принято органом регулирования | EU26: Принято органом регулирования | EV26: Принято органом регулирования | EW26: Принято органом регулирования | EX26: Принято органом регулирования | EY26: Принято органом регулирования | EZ26: Принято органом регулирования | FA26: Принято органом регулирования
E27: 0
E28: 17 | F28: {=Y28} -> 0 | G28: {=INDEX('Общие сведения'!$AE$169:$AE$202,MATCH($F28,'Общие сведения'!$Y$169:$Y$202,0))} -> Теплоснабжение | H28: {=INDEX('Общие сведения'!$AK$169:$AK$202,MATCH($F28,'Общие сведения'!$Y$169:$Y$202,0))} -> 0 | I28: {=INDEX('Общие сведения'!$AH$169:$AH$202,MATCH($F28,'Общие сведения'!$Y$169:$Y$202,0))} -> 0 | J28: {=INDEX('Общие сведения'!$AI$169:$AI$202,MATCH($F28,'Общие сведения'!$Y$169:$Y$202,0))} -> 0 | K28: {=INDEX('Общие сведения'!$AJ$169:$AJ$202,MATCH($F28,'Общие сведения'!$Y$169:$Y$202,0))} -> 0 | L28: {=INDEX('Общие сведения'!$AN$169:$AN$202,MATCH($F28,'Общие сведения'!$Y$169:$Y$202,0))} -> false | S28: =Y28>0 -> 0 | U28: =AND(S28,IF(ISBLANK(T28),TRUE,T28)) -> 0 | W28: et_1 | Y28: 0 | AB28: {=INDEX('Общие сведения'!$AG$169:$AG$202,MATCH(F28,'Общие сведения'!$Y$169:$Y$202,0))} -> Тариф 0 (Теплоснабжение) - | FE28: =IF(AND(ISNUMBER(VALUE(TRIM(SUBSTITUTE(AD28,".","")))),TRIM(SUBSTITUTE(AD28,".",""))<>""),"P"&SUBSTITUTE(AD28,".",""),"")
E29: 17 | F29: {=OFFSET(G29,-1,-1)} -> 0 | L29: {=OFFSET(M29,-1,-1)} -> false | R29: Комби | S29: {=OFFSET(T29,-1,-1)} -> false | T29: {=L29} -> false | U29: =AND(S29,IF(ISBLANK(T29),TRUE,T29)) -> 0 | AB29: отпуск ЭЭ или ТЭ | AD29: 1 | AE29: Выработка электроэнергии, всего | AG29: тыс.кВтч | AL29: =AM29+AN29 -> 0 | AO29: =AP29+AQ29 -> 0 | AR29: =AS29+AT29 -> 0 | AU29: =AV29+AW29 -> 0 | AX29: =AY29+AZ29 -> 0 | BA29: =BB29+BC29 -> 0 | BD29: =BE29+BF29 -> 0 | BG29: =BH29+BI29 -> 0 | BJ29: =BK29+BL29 -> 0 | BM29: =BN29+BO29 -> 0 | BP29: =BQ29+BR29 -> 0 | BS29: =BT29+BU29 -> 0 | BV29: =BW29+BX29 -> 0 | BY29: =BZ29+CA29 -> 0 | CB29: =CC29+CD29 -> 0 | CE29: =CF29+CG29 -> 0 | CH29: =CI29+CJ29 -> 0 | CK29: =CL29+CM29 -> 0 | CN29: =CO29+CP29 -> 0 | CQ29: =CR29+CS29 -> 0 | CT29: =CU29+CV29 -> 0 | CW29: =CX29+CY29 -> 0 | CZ29: =DA29+DB29 -> 0 | DC29: =DD29+DE29 -> 0 | DF29: =DG29+DH29 -> 0 | DI29: =DJ29+DK29 -> 0 | DL29: =DM29+DN29 -> 0 | DO29: =DP29+DQ29 -> 0 | DR29: =DS29+DT29 -> 0 | DU29: =DV29+DW29 -> 0 | DX29: =DY29+DZ29 -> 0 | EA29: =EB29+EC29 -> 0 | ED29: =EE29+EF29 -> 0 | EG29: =EH29+EI29 -> 0 | EJ29: =EK29+EL29 -> 0 | EM29: =EN29+EO29 -> 0 | EP29: =EQ29+ER29 -> 0 | ES29: =ET29+EU29 -> 0 | EV29: =EW29+EX29 -> 0 | EY29: =EZ29+FA29 -> 0 | FE29: P_EE_GEN | FK29: {=INDEX('Общие сведения'!$N$170:$N$202,MATCH($F29,'Общие сведения'!$Y$170:$Y$202,0)+1)} -> 0 | FV29: 360.0.1. | FX29: ЧСЛ | FY29: M11190 | FZ29: Объём электроэнергии, тыс.кВт*ч
E30: 17 | F30: {=OFFSET(G30,-1,-1)} -> 0 | L30: {=OFFSET(M30,-1,-1)} -> false | R30: Комби | S30: {=OFFSET(T30,-1,-1)} -> false | T30: {=T29} -> false | U30: =AND(S30,IF(ISBLANK(T30),TRUE,T30)) -> 0 | AD30: 2 | AE30: Расход электроэнергии на собственные нужды: | AG30: тыс.кВтч | AH30: =AH31+AH33 -> 0 | AI30: =AI31+AI33 -> 0 | AJ30: =AJ31+AJ33 -> 0 | AK30: =AK31+AK33 -> 0 | AL30: =AL31+AL33 -> 0 | AM30: =AM31+AM33 -> 0 | AN30: =AN31+AN33 -> 0 | AO30: =AO31+AO33 -> 0 | ... FA30: =FA31+FA33 -> 0 | FE30: P_EE_USE | FK30: {=OFFSET(FJ30,-1,1)} -> 0 | FL30: 129.0.1. | FV30: 360.0.1. | FX30: ЧСЛ | FY30: M10805 | FZ30: Расход. Энергия, тыс.кВт*ч
E31: 17 | F31: {=OFFSET(G31,-1,-1)} -> 0 | L31: {=OFFSET(M31,-1,-1)} -> false | R31: Комби | S31: {=OFFSET(T31,-1,-1)} -> false | T31: {=T30} -> false | U31: =AND(S31,IF(ISBLANK(T31),TRUE,T31)) -> 0 | AD31: 2.1 | AE31: на производство электроэнергии | AG31: тыс.кВтч | AL31: =AM31+AN31 -> 0 | AO31: =AP31+AQ31 -> 0 | AR31: =AS31+AT31 -> 0 | AU31: =AV31+AW31 -> 0 | AX31: =AY31+AZ31 -> 0 | BA31: =BB31+BC31 -> 0 | BD31: =BE31+BF31 -> 0 | BG31: =BH31+BI31 -> 0 | BJ31: =BK31+BL31 -> 0 | BM31: =BN31+BO31 -> 0 | BP31: =BQ31+BR31 -> 0 | BS31: =BT31+BU31 -> 0 | BV31: =BW31+BX31 -> 0 | BY31: =BZ31+CA31 -> 0 | CB31: =CC31+CD31 -> 0 | CE31: =CF31+CG31 -> 0 | CH31: =CI31+CJ31 -> 0 | CK31: =CL31+CM31 -> 0 | CN31: =CO31+CP31 -> 0 | CQ31: =CR31+CS31 -> 0 | CT31: =CU31+CV31 -> 0 | CW31: =CX31+CY31 -> 0 | CZ31: =DA31+DB31 -> 0 | DC31: =DD31+DE31 -> 0 | DF31: =DG31+DH31 -> 0 | DI31: =DJ31+DK31 -> 0 | DL31: =DM31+DN31 -> 0 | DO31: =DP31+DQ31 -> 0 | DR31: =DS31+DT31 -> 0 | DU31: =DV31+DW31 -> 0 | DX31: =DY31+DZ31 -> 0 | EA31: =EB31+EC31 -> 0 | ED31: =EE31+EF31 -> 0 | EG31: =EH31+EI31 -> 0 | EJ31: =EK31+EL31 -> 0 | EM31: =EN31+EO31 -> 0 | EP31: =EQ31+ER31 -> 0 | ES31: =ET31+EU31 -> 0 | EV31: =EW31+EX31 -> 0 | EY31: =EZ31+FA31 -> 0 | FE31: P_EE_USE_PROD | FK31: {=OFFSET(FJ31,-1,1)} -> 0 | FM31: 1.0.47. | FV31: 360.0.1. | FX31: ЧСЛ | FY31: M10805 | FZ31: Расход. Энергия, тыс.кВт*ч
E32: 17 | F32: {=OFFSET(G32,-1,-1)} -> 0 | L32: {=OFFSET(M32,-1,-1)} -> false | R32: Комби | S32: {=OFFSET(T32,-1,-1)} -> false | T32: {=T31} -> false | U32: =AND(S32,IF(ISBLANK(T32),TRUE,T32)) -> 0 | AD32: 2.1.1 | AE32: то же в % к выработке электроэнергии | AG32: % | AH32: =_xlfn.IFERROR(AH31/AH29,0) -> 0 | AI32: =_xlfn.IFERROR(AI31/AI29,0) -> 0 | AJ32: =_xlfn.IFERROR(AJ31/AJ29,0) -> 0 | AK32: =_xlfn.IFERROR(AK31/AK29,0) -> 0 | AL32: =_xlfn.IFERROR(AL31/AL29,0) -> 0 | AM32: =_xlfn.IFERROR(AM31/AM29,0) -> 0 | AN32: =_xlfn.IFERROR(AN31/AN29,0) -> 0 | AO32: =_xlfn.IFERROR(AO31/AO29,0) -> 0 | ... FA32: =_xlfn.IFERROR(FA31/FA29,0) -> 0 | FE32: P_EE_USE_PROD_PERCENT | FK32: {=OFFSET(FJ32,-1,1)} -> 0 | FM32: 1.0.47. | FV32: 360.0.2. | FX32: ЧСЛ | FY32: M10532 | FZ32: Доля, %
E33: 17 | F33: {=OFFSET(G33,-1,-1)} -> 0 | L33: {=OFFSET(M33,-1,-1)} -> false | R33: Комби | S33: {=OFFSET(T33,-1,-1)} -> false | T33: {=T32} -> false | U33: =AND(S33,IF(ISBLANK(T33),TRUE,T33)) -> 0 | AD33: 2.2 | AE33: на производство тепловой энергии | AG33: тыс.кВтч | AL33: =AM33+AN33 -> 0 | AO33: =AP33+AQ33 -> 0 | AR33: =AS33+AT33 -> 0 | AU33: =AV33+AW33 -> 0 | AX33: =AY33+AZ33 -> 0 | BA33: =BB33+BC33 -> 0 | BD33: =BE33+BF33 -> 0 | BG33: =BH33+BI33 -> 0 | BJ33: =BK33+BL33 -> 0 | BM33: =BN33+BO33 -> 0 | BP33: =BQ33+BR33 -> 0 | BS33: =BT33+BU33 -> 0 | BV33: =BW33+BX33 -> 0 | BY33: =BZ33+CA33 -> 0 | CB33: =CC33+CD33 -> 0 | CE33: =CF33+CG33 -> 0 | CH33: =CI33+CJ33 -> 0 | CK33: =CL33+CM33 -> 0 | CN33: =CO33+CP33 -> 0 | CQ33: =CR33+CS33 -> 0 | CT33: =CU33+CV33 -> 0 | CW33: =CX33+CY33 -> 0 | CZ33: =DA33+DB33 -> 0 | DC33: =DD33+DE33 -> 0 | DF33: =DG33+DH33 -> 0 | DI33: =DJ33+DK33 -> 0 | DL33: =DM33+DN33 -> 0 | DO33: =DP33+DQ33 -> 0 | DR33: =DS33+DT33 -> 0 | DU33: =DV33+DW33 -> 0 | DX33: =DY33+DZ33 -> 0 | EA33: =EB33+EC33 -> 0 | ED33: =EE33+EF33 -> 0 | EG33: =EH33+EI33 -> 0 | EJ33: =EK33+EL33 -> 0 | EM33: =EN33+EO33 -> 0 | EP33: =EQ33+ER33 -> 0 | ES33: =ET33+EU33 -> 0 | EV33: =EW33+EX33 -> 0 | EY33: =EZ33+FA33 -> 0 | FE33: P_EE_USE_HEAT | FK33: {=OFFSET(FJ33,-1,1)} -> 0 | FM33: 1.0.46. | FV33: 360.0.1. | FX33: ЧСЛ | FY33: M10805 | FZ33: Расход. Энергия, тыс.кВт*ч
E34: 17 | F34: {=OFFSET(G34,-1,-1)} -> 0 | L34: {=OFFSET(M34,-1,-1)} -> false | R34: Комби | S34: {=OFFSET(T34,-1,-1)} -> false | T34: {=T33} -> false | U34: =AND(S34,IF(ISBLANK(T34),TRUE,T34)) -> 0 | AD34: 2.2.1 | AE34: то же в кВтч/Гкал | AG34: кВтч/Гкал | FE34: P_EE_USE_KWT_GKAL | FK34: {=OFFSET(FJ34,-1,1)} -> 0 | FM34: 1.0.46. | FV34: 360.0.2. | FX34: ЧСЛ | FY34: M11213 | FZ34: Удельный расход электрической энергии на производство (передачу) тепловой энергии для потребителей, тыс. кВт.ч/Гкал
E35: 17 | F35: {=OFFSET(G35,-1,-1)} -> 0 | L35: {=OFFSET(M35,-1,-1)} -> false | R35: Комби | S35: {=OFFSET(T35,-1,-1)} -> false | T35: {=T34} -> false | U35: =AND(S35,IF(ISBLANK(T35),TRUE,T35)) -> 0 | AD35: 3 | AE35: Отпуск электроэнергии с шин | AG35: тыс.кВтч | AH35: =AH29-AH30 -> 0 | AI35: =AI29-AI30 -> 0 | AJ35: =AJ29-AJ30 -> 0 | AK35: =AK29-AK30 -> 0 | AL35: =AL29-AL30 -> 0 | AM35: =AM29-AM30 -> 0 | AN35: =AN29-AN30 -> 0 | AO35: =AO29-AO30 -> 0 | ... FA35: =FA29-FA30 -> 0 | FE35: P_EE_OUTPUT | FK35: {=OFFSET(FJ35,-1,1)} -> 0 | FL35: 129.0.1. | FV35: 360.0.2.
E36: 17 | F36: {=OFFSET(G36,-1,-1)} -> 0 | L36: {=OFFSET(M36,-1,-1)} -> false | R36: Комби | S36: {=OFFSET(T36,-1,-1)} -> false | T36: {=T35} -> false | U36: =AND(S36,IF(ISBLANK(T36),TRUE,T36)) -> 0 | AD36: 4 | AE36: Расход электроэнергии на производственные и хозяйственные нужды | AG36: тыс.кВтч | AL36: =AM36+AN36 -> 0 | AO36: =AP36+AQ36 -> 0 | AR36: =AS36+AT36 -> 0 | AU36: =AV36+AW36 -> 0 | AX36: =AY36+AZ36 -> 0 | BA36: =BB36+BC36 -> 0 | BD36: =BE36+BF36 -> 0 | BG36: =BH36+BI36 -> 0 | BJ36: =BK36+BL36 -> 0 | BM36: =BN36+BO36 -> 0 | BP36: =BQ36+BR36 -> 0 | BS36: =BT36+BU36 -> 0 | BV36: =BW36+BX36 -> 0 | BY36: =BZ36+CA36 -> 0 | CB36: =CC36+CD36 -> 0 | CE36: =CF36+CG36 -> 0 | CH36: =CI36+CJ36 -> 0 | CK36: =CL36+CM36 -> 0 | CN36: =CO36+CP36 -> 0 | CQ36: =CR36+CS36 -> 0 | CT36: =CU36+CV36 -> 0 | CW36: =CX36+CY36 -> 0 | CZ36: =DA36+DB36 -> 0 | DC36: =DD36+DE36 -> 0 | DF36: =DG36+DH36 -> 0 | DI36: =DJ36+DK36 -> 0 | DL36: =DM36+DN36 -> 0 | DO36: =DP36+DQ36 -> 0 | DR36: =DS36+DT36 -> 0 | DU36: =DV36+DW36 -> 0 | DX36: =DY36+DZ36 -> 0 | EA36: =EB36+EC36 -> 0 | ED36: =EE36+EF36 -> 0 | EG36: =EH36+EI36 -> 0 | EJ36: =EK36+EL36 -> 0 | EM36: =EN36+EO36 -> 0 | EP36: =EQ36+ER36 -> 0 | ES36: =ET36+EU36 -> 0 | EV36: =EW36+EX36 -> 0 | EY36: =EZ36+FA36 -> 0 | FE36: P_EE_USE_HOZ | FK36: {=OFFSET(FJ36,-1,1)} -> 0 | FL36: 129.0.1. | FN36: 159.0.2. | FV36: 360.0.1. | FX36: ЧСЛ | FY36: M10543 | FZ36: Расход, тыс.кВт*ч
E37: 17 | F37: {=OFFSET(G37,-1,-1)} -> 0 | L37: {=OFFSET(M37,-1,-1)} -> false | R37: Комби | S37: {=OFFSET(T37,-1,-1)} -> false | T37: {=T36} -> false | U37: =AND(S37,IF(ISBLANK(T37),TRUE,T37)) -> 0 | AD37: 4.1 | AE37: то же в % к отпуску с шин | AG37: % | AH37: =_xlfn.IFERROR(AH36/AH35,0) -> 0 | AI37: =_xlfn.IFERROR(AI36/AI35,0) -> 0 | AJ37: =_xlfn.IFERROR(AJ36/AJ35,0) -> 0 | AK37: =_xlfn.IFERROR(AK36/AK35,0) -> 0 | AL37: =_xlfn.IFERROR(AL36/AL35,0) -> 0 | AM37: =_xlfn.IFERROR(AM36/AM35,0) -> 0 | AN37: =_xlfn.IFERROR(AN36/AN35,0) -> 0 | AO37: =_xlfn.IFERROR(AO36/AO35,0) -> 0 | ... FA37: =_xlfn.IFERROR(FA36/FA35,0) -> 0 | FE37: P_EE_USE_HOZ_PERCENT | FK37: {=OFFSET(FJ37,-1,1)} -> 0 | FL37: 129.0.1. | FN37: 159.0.2. | FV37: 360.0.2. | FX37: ЧСЛ | FY37: M10532 | FZ37: Доля, %
E38: 17 | F38: {=OFFSET(G38,-1,-1)} -> 0 | L38: {=OFFSET(M38,-1,-1)} -> false | R38: Комби | S38: {=OFFSET(T38,-1,-1)} -> false | T38: {=T37} -> false | U38: =AND(S38,IF(ISBLANK(T38),TRUE,T38)) -> 0 | AD38: 5 | AE38: Расход электроэнергии на потери в трансформаторах | AG38: тыс.кВтч | AL38: =AM38+AN38 -> 0 | AO38: =AP38+AQ38 -> 0 | AR38: =AS38+AT38 -> 0 | AU38: =AV38+AW38 -> 0 | AX38: =AY38+AZ38 -> 0 | BA38: =BB38+BC38 -> 0 | BD38: =BE38+BF38 -> 0 | BG38: =BH38+BI38 -> 0 | BJ38: =BK38+BL38 -> 0 | BM38: =BN38+BO38 -> 0 | BP38: =BQ38+BR38 -> 0 | BS38: =BT38+BU38 -> 0 | BV38: =BW38+BX38 -> 0 | BY38: =BZ38+CA38 -> 0 | CB38: =CC38+CD38 -> 0 | CE38: =CF38+CG38 -> 0 | CH38: =CI38+CJ38 -> 0 | CK38: =CL38+CM38 -> 0 | CN38: =CO38+CP38 -> 0 | CQ38: =CR38+CS38 -> 0 | CT38: =CU38+CV38 -> 0 | CW38: =CX38+CY38 -> 0 | CZ38: =DA38+DB38 -> 0 | DC38: =DD38+DE38 -> 0 | DF38: =DG38+DH38 -> 0 | DI38: =DJ38+DK38 -> 0 | DL38: =DM38+DN38 -> 0 | DO38: =DP38+DQ38 -> 0 | DR38: =DS38+DT38 -> 0 | DU38: =DV38+DW38 -> 0 | DX38: =DY38+DZ38 -> 0 | EA38: =EB38+EC38 -> 0 | ED38: =EE38+EF38 -> 0 | EG38: =EH38+EI38 -> 0 | EJ38: =EK38+EL38 -> 0 | EM38: =EN38+EO38 -> 0 | EP38: =EQ38+ER38 -> 0 | ES38: =ET38+EU38 -> 0 | EV38: =EW38+EX38 -> 0 | EY38: =EZ38+FA38 -> 0 | FE38: P_EE_USE_LOSS | FK38: {=OFFSET(FJ38,-1,1)} -> 0 | FL38: 129.0.1. | FN38: 159.0.4. | FV38: 360.0.1. | FX38: ЧСЛ | FY38: M10543 | FZ38: Расход, тыс.кВт*ч
